 Dungeon Crawl Stone Soup version 0.29.1 (webtiles) character file.

Game seed: 18275960756450779206

776533 qw the Conqueror (level 27, -57/179 HPs)
             Began as a Gargoyle Fighter on Sept 13, 2022.
             Was the Champion of the Shining One.
             Killed from afar by Lom Lobon (82 damage)
             ... with a great icy blast
             ... in Pandemonium.
             The game lasted 00:38:34 (63462 turns).

qw the Conqueror (Gargoyle Fighter)                Turns: 63462, Time: 00:38:35

Health: -57/179    AC: 79    Str: 42    XL:     27
Magic:  7/36       EV: 15    Int:  6    God:    the Shining One [******]
Gold:   5412       SH: 30    Dex:  7    Spells: 26/26 levels left

rFire   + . .      SeeInvis .   m - +9 broad axe (holy)
rCold   . . .      Faith    +   f - +10 tower shield of Ignorance {rN+ Int-4}
rNeg    + + +      Spirit   .   u - +11 crystal plate armour
rPois   inf        Reflect  .   p - +2 hat "Yhyrouc" {Regen+}
rElec   +          Harm     .   E - +1 cloak of Gallantry {Rampage Str+2}
rCorr   +          Rampage  +   S - +1 pair of gloves {hurl}
Will    +++..      Rage     3%  U - +2 pair of boots {Fly}
Stlth   ..........              s - amulet "Uheqousk" {Faith Str+8 Int+3 Stlth-}
HPRegen 1.19/turn               P - ring of Taxosh {rCorr EV+4}
MPRegen 0.25/turn               C - ring of the Keeping Gods {+Blink Will+ Slay+3 Stlth-}

@: mighty, about to teleport, frozen, flying, hasted, glowing, unable to read,
unable to drink, quick
A: sickness immunity, AC +20, big wings, negative energy resistance 1,
electricity resistance, torment resistance 1, petrification resistance, claws 1,
iridescent scales 2, berserk 1, clumsy 1, dopey 1, fire resistance 1, frail 1,
low MP 1, weak 1, no potion heal 1, subdued magic 1, inability to drink after
injury 1, inability to read after injury 1
}: 6/15 runes: decaying, serpentine, silver, golden, demonic, dark
a: Renounce Religion, Evoke Blink, Divine Shield, Cleansing Flame, Summon Divine
Warrior


You were in Pandemonium.
You worshipped the Shining One.
The Shining One was exalted by your worship.
You visited 11 branches of the dungeon, and saw 51 of its levels.
You visited Pandemonium 1 time, and saw 9 of its levels.
You visited the Abyss 1 time.
You visited 1 bazaar.

You collected 12293 gold pieces.
You spent 6881 gold pieces at shops.


Innate Abilities, Weirdness & Mutations

You are immune to sickness and miasma.
Your stone body is resilient. (AC +20)
You are immune to poison.
Your large and strong wings let you fly.
You resist negative energy. (rN+)
You are resistant to electric shocks. (rElec)
You are resistant to unholy torment.
You are immune to petrification.
You have sharp fingernails.
You are mostly covered in iridescent scales. (AC +4)
You sometimes lose your temper in combat.
You are clumsy. (Dex -2)
You are dopey. (Int -2)
Your flesh is heat resistant. (rF+)
You are frail. (-10% HP)
Your magical capacity is low. (-10% MP)
You are weak. (Str -2)
Potions are less effective at restoring your health.
Your spells are a little easier to cast, but a little less powerful.
You occasionally lose the ability to drink potions when taking damage.
You occasionally lose the ability to read scrolls when taking damage.


   Skills:
 O Level 27 Fighting
 - Level 4.8 Short Blades
 - Level 18.9 Axes
 - Level 15.5 Throwing
 + Level 26.4 Armour
 - Level 12.0 Dodging
 - Level 22.0 Shields
 O Level 27 Invocations


You had 26 spell levels left.
You didn't know any spells.
Your spell library was empty.

Inventory:

Hand Weapons
 h - the +11 war axe "Puirutoa" {spect, rPois Str+7 Dex+4}
   (Okawaru gifted it to you on level 4 of the Vaults)

   When its wielder attacks, the weapon's spirit leaps out and strikes again.
   The spirit shares a part of any damage it takes with its wielder.
   Str:       It affects your strength (+7).
   Dex:       It affects your dexterity (+4).
   rPois:     It protects you from poison.
 k - the +9 war axe "Burody" {speed, Will+ Str+6}
   (You found it on level 2 of the Dungeon)

   Attacks with this weapon are significantly faster.
   Str:       It affects your strength (+6).
   Will:      It increases your willpower.
 m - a +9 broad axe of holy wrath (weapon)
 y - the +6 war axe of Fyranetaor {freeze, rC++ Str+3 Int+4}
   (You found it on level 9 of the Dungeon)

   It freezes those it strikes, dealing additional cold damage.
   It can also slow down cold-blooded creatures.
   Str:       It affects your strength (+3).
   Int:       It affects your intelligence (+4).
   rC:        It greatly protects you from cold.
Missiles
 v - 23 boomerangs
 w - 4 javelins
 B - 2 silver javelins (quivered)
Armour
 f - the +10 tower shield of Ignorance (worn) {rN+ Int-4}
   (You acquired it on level 2 of the Vaults)

   Int:       It affects your intelligence (-4).
   rN:        It protects you from negative energy.
 g - a scarf of resistance
 p - the +2 hat "Yhyrouc" (worn) {Regen+}
   (Okawaru gifted it to you on level 1 of the Orcish Mines)

   Regen:     It increases your rate of health regeneration.
 u - a +11 crystal plate armour (worn)
 A - the +0 ring mail "Dyeheska" {Will- Regen+ rCorr Str+6}
   (You took it off a tengu warrior on level 1 of the Depths)

   Str:       It affects your strength (+6).
   Regen:     It increases your rate of health regeneration.
   rCorr:     It protects you from acid and corrosion.
   Will:      It decreases your willpower.
 E - the +1 cloak of Gallantry (worn) {Rampage Str+2}
   (Okawaru gifted it to you on level 1 of the Depths)

   Str:       It affects your strength (+2).
   Rampage:   It bestows one free step when moving towards enemies.
 S - a +1 pair of gloves of hurling (worn)
 U - a +2 pair of boots of flying (worn)
Jewellery
 q - a ring of protection from fire
 s - the amulet "Uheqousk" (around neck) {Faith Str+8 Int+3 Stlth-}
   (You found it on level 3 of the Tomb of the Ancients)

   [amulet of faith]

   It allows you to gain divine favour quickly.
   Str:       It affects your strength (+8).
   Int:       It affects your intelligence (+3).
   Stlth:     It makes you less stealthy.
 C - the ring of the Keeping Gods (right hand) {+Blink Will+ Slay+3 Stlth-}
   (You took it off a vampire knight on level 4 of the Depths)

   [ring of willpower]

   Slay:      It affects your accuracy & damage with ranged weapons and melee
   (+3).
   +Blink:    It lets you blink.
   Will:      It increases your willpower.
   Stlth:     It makes you less stealthy.
 D - the amulet of Afollu Agoij {Harm rF- Regen+ Str+8 SInv}
   (You bought it in a shop on level 2 of the Orcish Mines)

   [amulet of regeneration]

   Str:       It affects your strength (+8).
   rF:        It makes you vulnerable to fire.
   SInv:      It lets you see invisible.
   Regen:     It increases your rate of health regeneration.
   Harm:      It increases damage dealt and taken.
 F - a ring of ice
 G - a ring of protection from fire
 H - a ring of protection from cold
 O - a ring of resist corrosion
 P - the ring of Taxosh (left hand) {rCorr EV+4}
   (You found it on level 3 of the Crypt)

   [ring of evasion]

   EV:        It affects your evasion (+4).
   rCorr:     It protects you from acid and corrosion.
 Y - a +4 ring of evasion
Wands
 I - a wand of digging (9)
Scrolls
 a - 6 scrolls of brand weapon
 e - 21 scrolls of identify
 i - 17 scrolls of blinking
 l - 4 scrolls of teleportation
 x - 9 scrolls of enchant weapon
 L - 6 scrolls of fog
Potions
 b - a potion of heal wounds
 d - 10 potions of might
 j - 13 potions of lignification
 o - 12 potions of attraction
 r - 43 potions of curing
 t - 8 potions of cancellation
 z - 8 potions of haste
 J - 4 potions of magic
Miscellaneous
 n - a figurine of a ziggurat

Dungeon Overview and Level Annotations

Branches:
Dungeon (15/15)            Temple (1/1) D:6            Lair (5/5) D:10
  Swamp (4/4) Lair:3        Snake (4/4) Lair:3        Slime (0/5) Lair:5
    Orc (2/2) D:12            Elf (0/3) Orc:2        Vaults (5/5) D:14
  Crypt (3/3) Vaults:3       Tomb (3/3) Crypt:3      Depths (4/4) D:15
    Zot (5/5) Depths:4

Altars:
Ashenzari
Cheibriados
Dithmenos
Elyvilon
Fedhas
Gozag
Hepliaklqana
Kikubaaqudgha
Makhleb
Nemelex Xobeh
Okawaru
Qazlal
Ru
Sif Muna
Trog
Uskayaw
Vehumet
Wu Jian
Xom
Yredelemnul
Zin
The Shining One
Jiyva

Shops:
D:10 !   Orc:1 *   Orc:2 :=![   Snake:1 !   Vaults:1 *   Vaults:5 [[?*?
Depths:2 =*([   Depths:4 (:!

Portals:
Hell: Depths:1 Depths:2 Depths:3 Depths:4
Abyss: Depths:1 Depths:3 Depths:4
Pandemonium: Depths:2 Depths:4
Ziggurat: Depths:3
Bailey: D:8

Annotations:
D:7 1 runed translucent door, qw's ghost, novice GrFi
D:8 2 runed translucent doors, qw's ghost, novice MiBe
D:12 3 runed translucent doors, Tinen's ghost, journeyman TrMo
D:13 1 runed translucent door, qw's ghost, journeyman MiBe
Lair:5 2 runed translucent doors
Orc:1 3 runed translucent doors, Qihugg's ghost, journeyman DsAK; Rygut's ghost, journeyman DrFi; Ullipcorian's ghost, adept MfGl; burt's ghost, journeyman DrCj
Crypt:1 3 runed translucent doors, yalue's ghost, adept MiFi
Depths:2 2 transporters
Zot:3 2 transporters
Pan Lom Lobon


Message History

The ball lightning explodes!
The blast of lightning engulfs your angel!
Your angel resists.
The blast of lightning engulfs you but does no damage.
The blast of lightning engulfs the blizzard demon.
The blizzard demon completely resists.
The blast of lightning engulfs Lom Lobon.
Lom Lobon completely resists.
63459 ||| DRINKING 5 potions of heal wounds.
Your system partially rejects the healing.
You feel much better.
You are engulfed in whirling frost.
The blizzard demon dies!
Lom Lobon gestures at your angel.
Lom Lobon conjures a mighty blast of ice!
The great icy blast engulfs you!
You are encased in ice.
The great icy blast engulfs your angel!!!
Your angel dies!
Your angel dissolves into sparkling lights!
63460 ||| DRINKING 4 potions of heal wounds.
Your system partially rejects the healing.
You feel much better.
You are engulfed in freezing vapours.
The winds around Lom Lobon start to calm down.
You block Lom Lobon's attack.
63461 ||| DRINKING 3 potions of heal wounds.
Your system partially rejects the healing.
You feel much better.
You are engulfed in freezing vapours.
63462 ||| DRINKING 2 potions of heal wounds.
Your system partially rejects the healing.
You feel much better.
You are engulfed in freezing vapours.
Lom Lobon gestures at you.
Lom Lobon conjures a mighty blast of ice!
The great icy blast engulfs you!!!!
You feel threatened and lose the ability to read scrolls!
You feel threatened and lose the ability to drink potions!
You die...

............#~~~~~~~~
### ...........##~~~~~.~
#.0##...........#~~....~
.¤¤#¤0¤[¤¤¤¤¤..#~~.....
.¤¤¤¤¤0¤0¤¤¤..#~...}..
#¤¤¤¤0¤¤¤¤..#~~....~
##0¤0¤00¤¤¤..#~~~.~..
###¤¤0¤0¤¤00¤.##~~~~~.~
#0¤¤¤0@&0¤0¤¤.#~~~~~~~~
##0¤¤0¤.¤¤¤¤¤##~~~~~~~~
##¤¤¤¤¤¤¤¤¤##~~~~~~~~~
~###0¤¤¤¤###~~~~~~~~~~
~~~##¤¤¤##~~~~~~~~~~~~
#~~~¤¤¤.¤~~~~~~~~~~~.~
##~~~~~...~~..~~~.~...
##~~~~....~....~.....
##~~~~..............


You could see Lom Lobon (gusty).

Vanquished Creatures
  Gloorx Vloq (Pan)
  2 pandemonium lords (Pan)
  A dread lich (Zot:5)
  7 ancient liches
  6 orbs of fire
  2 juggernauts (Depths:4)
  21 royal mummies
  Xtahua (Vaults:4)
  3 Killer Klowns (Zot:5)
  Bai Suzhen (Snake:4)
  9 golden dragons
  5 caustic shrikes (Depths:4)
  3 curse toes (Zot:5)
  A profane servitor (Crypt:3)
  A Brimstone Fiend (Pan)
  4 Tzitzimimeh (Pan)
  2 electric golems (Zot:5)
  A hellephant (Abyss:6)
  2 bone dragons
  A walking earthen tome (Depths:4)
  An Ice Fiend (Pan)
  22 titans
  25 Orb Guardians (Zot:5)
  27 tentacled monstrosities
  4 liches
  7 quicksilver dragons
  3 acid blobs (Depths:1)
  4 deep elf blademasters
  5 death cobs
  11 ancient champions
  Kirke (Snake:1)
  12 Executioners
  A walking divine tome (Depths:4)
  A tentacled starspawn (Abyss:6)
  8 deep elf master archers
  8 sphinxes
  Gastronok (Lair:3)
  2 eldritch tentacles (Tomb:1)
  2 thorn hunters (Swamp:4)
  6 revenants
  8 shadow dragons
  20 storm dragons
  Roxanne (Snake:4)
  4 tengu reavers
  2 azure jellies (Depths:1)
  10 draconian monks
  6 nagarajas (Snake:4)
  2 fenstrider witches
  26 frost giants
  21 fire giants
  A daeva (Pan)
  4 rockslimes (Depths:1)
  20 vault wardens
  7 demonspawn warmongers (Pan)
  Louise (Swamp:3)
  2 deep elf sorcerers (Vaults:5)
  8 draconian knights
  3 iron dragons
  2 balrugs (Pan)
  2 curse skulls (Pan)
  3 cacodemons (Pan)
  9 ghouls
  6 draconian scorchers
  5 draconian shifters
  5 ghost moths
  An orc warlord (Vaults:2)
  2 spriggan defenders (Depths:1)
  3 demonspawn corrupters (Pan)
  4 reapers (Pan)
  6 demonspawn blood saints (Pan)
  2 draconian stormcallers
  7 ironbound thunderhulks
  24 ironbound preservers
  2 quicksilver oozes (Depths:1)
  A caustic shrike skeleton (Tomb:3)
  5 war gargoyles
  9 draconian annihilators
  8 vampire knights
  38 very ugly things
  3 deep elf demonologists (Vaults:5)
  7 bennus
  33 stone giants
  7 demonspawn black suns
  2 entropy weavers
  17 green draconians
  3 deep elf annihilators
  3 eleionomae
  An entropy weaver (shapeshifter) (Vaults:5)
  A spark wasp (shapeshifter) (Vaults:5)
  9 lorocyprocas
  18 black draconians
  9 yellow draconians
  8 spark wasps
  7 bunyips
  3 dire elephants (Vaults:1)
  13 purple draconians
  16 white draconians
  15 red draconians
  An eidolon (Crypt:2)
  8 green deaths
  26 mummy priests
  21 ettins
  9 blizzard demons (Pan)
  An acid blob zombie (Crypt:2)
  8 fire dragons
  3 deep elf death magi
  3 deep elf high priests
  4 rakshasas
  15 jiangshi
  15 yaktaur captains
  7 ice dragons
  A quicksilver dragon skeleton (Tomb:2)
  2 hell beasts (Pan)
  4 salamander tyrants
  45 vault guards
  7 ogre magi
  A spriggan zombie (Tomb:3)
  4 peacekeepers
  27 hydras
  14 great orbs of eyes
  10 ironbound frosthearts
  A catoblepas (D:14)
  4 ghost crabs
  8 boulder beetles
  11 centaur warriors
  13 anacondas
  A spriggan air mage (Depths:3)
  5 alligators
  4 spriggan skeletons (Pan)
  5 death knights
  10 deep troll shamans
  19 naga warriors
  61 death scarabs
  A hell hog (Pan)
  16 death yaks
  8 tengu warriors
  14 two-headed ogres
  5 holy swine (Pan)
  4 vampire magi
  A titan zombie (Tomb:2)
  8 deep troll earth magi
  14 hell knights
  5 shock serpents
  25 large abominations
  8 deep elf knights
  18 naga sharpshooters
  24 thrashing horrors
  24 soul eaters
  5 spriggan berserkers
  36 skeletal warriors
  A wretched star (Abyss:6)
  11 iron trolls
  Nergalle (Orc:1)
  5 sixfirhies (Pan)
  6 shadow wraiths (Pan)
  19 sun demons (Pan)
  An entropy weaver zombie (Crypt:1)
  A quicksilver dragon simulacrum (Depths:1)
  A spriggan druid (Swamp:2)
  5 salamander mystics (Snake:4)
  A death drake (Depths:4)
  5 goliath frogs
  10 glowing orange brains
  A bunyip zombie (Crypt:3)
  6 flayed ghosts
  A sea snake (shapeshifter) (Vaults:5)
  13 wizards
  71 deep trolls
  A bunyip skeleton (Pan)
  15 swamp dragons
  3 shadow demons
  6 bog bodies (Swamp:1)
  6 deep elf zephyrmancers
  A sphinx zombie (Depths:2)
  6 naga ritualists
  12 phantasmal warriors
  9 deep elf archers
  9 mana vipers
  13 lindwurms
  A tengu zombie (Depths:1)
  14 necromancers
  23 ironbound convokers
  8 deep elf pyromancers
  A golden dragon skeleton (Depths:2)
  6 orc knights
  A wolf spider (shapeshifter) (Vaults:5)
  4 shining eyes
  3 harpies (Vaults:2)
  42 ugly things
  4 manticores
  4 oklob plants
  9 orc sorcerers
  A jorogumo zombie (Crypt:2)
  17 salamanders
  8 will-o-the-wisps
  8 cyclopes
  A fire giant skeleton (Depths:1)
  2 worldbinders (Abyss:6)
  23 vault sentinels
  25 moths of wrath
  A moth of wrath (shapeshifter) (D:15)
  A frost giant skeleton (Depths:1)
  7 guardian serpents (Snake:4)
  31 black mambas
  An eleionoma skeleton (Crypt:1)
  15 naga magi
  A rust devil (Pan)
  Joseph (D:7)
  An eye of devastation (Depths:3)
  A gargoyle (D:13)
  9 orange demons
  3 molten gargoyles (Lair:5)
  22 smoke demons
  2 apocalypse crabs (Abyss:6)
  6 cane toads
  7 spectral spriggans (Swamp:1)
  A minotaur zombie (Crypt:2)
  3 centaur skeletons
  A dire elephant skeleton (Tomb:1)
  42 yaktaurs
  An unseen horror (D:11)
  A naga skeleton (Pan)
  13 demonic crawlers (Pan)
  10 hellions
  Maggie (D:8)
  8 komodo dragons
  A human skeleton (Vaults:5)
  2 rime drakes (D:13)
  6 freezing wraiths
  10 tormentors
  10 hellwings
  A black draconian skeleton (Crypt:2)
  5 bloated husks
  An ancient zyme (Abyss:6)
  2 tengu conjurers
  42 guardian mummies
  4 polar bears
  8 trolls
  6 red devils
  A wolf spider simulacrum (D:15)
  9 tyrant leeches
  A tengu simulacrum (Depths:1)
  Prince Ribbit (D:7)
  A jumping spider zombie (Crypt:1)
  9 hornets
  12 blink frogs
  2 harpy skeletons
  16 slime creatures
  11 dream sheep
  4 raiju (Abyss:6)
  An ettin zombie (Tomb:2)
  3 ettin skeletons
  66 flying skulls
  A fire dragon skeleton (Tomb:1)
  2 guardian serpent skeletons
  6 shadows
  2 water elementals
  11 wraiths
  A centaur simulacrum (D:14)
  3 culicivoras
  8 spriggans
  17 ushabtiu
  20 yaks
  16 ynoxinuls
  A hog (Snake:1)
  5 wyverns
  7 basilisks
  Grum (D:10)
  2 golden eyes (Depths:1)
  4 humans
  24 chaos spawn
  A redback (shapeshifter) (Vaults:4)
  A spriggan simulacrum (Depths:2)
  A steam dragon (Lair:5)
  4 vampire mosquitoes (D:12)
  8 neqoxecs
  2 wargs
  A redback (Vaults:2)
  2 acid dragons
  46 nagas
  6 hell hounds
  A swamp worm (shapeshifter) (Vaults:5)
  16 swamp worms
  9 water moccasins
  A water nymph zombie (Crypt:1)
  6 swamp drakes
  2 floating eyes
  A demonspawn skeleton (Crypt:1)
  2 glowing shapeshifter skeletons
  A black bear (shapeshifter) (D:15)
  14 orc warriors
  An ice beast (D:6)
  A lindwurm zombie (Crypt:1)
  A black bear (Lair:4)
  A black mamba simulacrum (Crypt:3)
  16 ogres
  4 wolves (D:9)
  6 centaurs
  A phantom (D:6)
  A swamp dragon skeleton (Crypt:1)
  A kobold brigand (D:6)
  10 bullfrogs
  2 scorpions
  8 necrophages
  A naga simulacrum (Crypt:3)
  2 gnoll sergeants
  11 wights
  7 small abominations
  A shapeshifter zombie (Crypt:2)
  21 killer bees
  5 howler monkeys
  5 lava snakes
  A human zombie (Crypt:2)
  7 orc priests
  5 hounds
  4 iguanas (D:10)
  24 orc wizards
  A boggart simulacrum (D:15)
  42 mummies
  19 gnolls
  8 adders
  3 white imps
  3 dart slugs
  2 worms
  59 orcs
  5 endoplasms
  3 giant cockroaches
  10 goblins
  9 hobgoblins
  4 jackals (D:4)
  8 kobolds
  6 quokkas
  7 ball pythons
  5 bats
  4 frilled lizards
  A hobgoblin zombie (Crypt:1)
  4 rats
  A rat zombie (Crypt:1)
  3 ball lightnings (Pan)
  A block of ice (Pan)
  A starspawn tentacle (Abyss:6)
2766 creatures vanquished.

Vanquished Creatures (collateral kills)
  Khufu (Crypt:3)
  Mennas (Tomb:3)
  11 royal mummies
  3 pandemonium lords (Pan)
  A profane servitor (Pan)
  A Tzitzimitl (Pan)
  A titan (Tomb:1)
  An Executioner (Pan)
  2 frost giants
  2 balrugs (Pan)
  A demonspawn blood saint (Pan)
  2 reapers (Pan)
  A bennu (Tomb:1)
  A deep elf annihilator (Pan)
  2 blizzard demons (Pan)
  A mummy priest (Tomb:2)
  A death scarab (Tomb:3)
  2 deep elf knights (Tomb:1)
  A soul eater (Pan)
  7 sun demons (Pan)
  A holy swine (Pan)
  3 sixfirhies (Pan)
  A shadow demon (Pan)
  A deep elf zephyrmancer (Tomb:1)
  2 deep elf pyromancers (Tomb:1)
  3 smoke demons (Pan)
  An orange demon (Pan)
  2 demonic crawlers (Pan)
  A hellion (Pan)
  7 guardian mummies
  An efreet (Pan)
  2 hellwings (Pan)
  2 flying skulls
  A ynoxinul (Pan)
  8 chaos spawn (Pan)
  2 large abominations (Pan)
  4 mummies
85 creatures vanquished.

Vanquished Creatures (others)
  A storm dragon (Zot:3)
  A draconian knight (Depths:4)
  Aizul (Snake:4)
  A blizzard demon (Pan)
  An alligator (Swamp:2)
  A deep elf knight (Crypt:1)
  A glowing orange brain (Pan)
  4 wizards
  A deep elf pyromancer (Crypt:1)
  A will-o-the-wisp (Swamp:3)
  An unseen horror (D:13)
  2 bloated husks
  A hornet (Swamp:2)
  3 slime creatures (D:15)
  A naga (Snake:4)
  A swamp drake (Swamp:4)
  A lava snake (Lair:5)
  A mummy (Tomb:2)
  6 ball lightnings (Pan)
  2 briar patches (Swamp:4)
  22 foxfires
  19 fungi
  A lurking horror (Abyss:6)
  25 plants
  2 starspawn tentacles (Abyss:6)
101 creatures vanquished.

Grand Total: 2952 creatures vanquished

Notes
Turn   | Place    | Note
-------+----------+-------------------------------------------
     0 | D:1      | qw the Gargoyle Fighter began the quest for the Orb.
     0 | D:1      | Reached XP level 1. HP: 14/14 MP: 1/1
     0 | D:1      | 0 ||| qw: Version: 0.1-a-119-g272c26d
     0 | D:1      | 0 ||| qw: Game counter: 11172
     0 | D:1      | 0 ||| qw: Always use a shield: true
     0 | D:1      | 0 ||| qw: God list: Okawaru
     0 | D:1      | 0 ||| qw: Allow faded altars: false
     0 | D:1      | 0 ||| qw: Do Orc after D:15 true
     0 | D:1      | 0 ||| qw: Do second Lair branch before Depths: true
     0 | D:1      | 0 ||| qw: Lair rune preference: random
     0 | D:1      | 0 ||| qw: Plans: Normal, Zot, God:TSO, Crypt, Tomb, Pan,
                  | Slime, Hells, Zig, Abyss, Orb
     0 | D:1      | 0 ||| PLANNING D:1-11
   268 | D:1      | Reached XP level 2. HP: 19/19 MP: 2/2
   746 | D:1      | Found a faded altar of an unknown god.
  1052 | D:1      | 1052 ||| UPGRADING to +0 cloak.
  1057 | D:1      | 1057 ||| UPGRADING to amulet of guardian spirit.
  1062 | D:1      | 1062 ||| READING 2 scrolls labelled WOTSOILEGI.
  1063 | D:1      | 1063 ||| READING 2 scrolls labelled ABLUES SARUA.
  1064 | D:1      | 1064 ||| READING scroll of enchant weapon.
  1064 | D:1      | 1064 ||| ENCHANTING +1 war axe.
  1065 | D:1      | 1065 ||| READING scroll labelled HUSOOW UMMOEVO.
  1066 | D:1      | 1066 ||| READING 2 scrolls labelled RERCHA ATAITI.
  1067 | D:1      | 1067 ||| READING scroll labelled ROYNILLEUTO.
  1068 | D:1      | 1068 ||| READING scroll labelled GYLYWN QUDOA.
  1072 | D:1      | 1072 ||| READING scroll labelled LIOL LIVIX.
  1073 | D:1      | 1073 ||| READING scroll labelled DUURIAGHYO.
  1074 | D:1      | 1074 ||| READING scroll labelled OGEOFI NEROJ.
  1075 | D:1      | 1075 ||| DROPPING scroll of vulnerability.
  1102 | D:2      | 1102 ||| STAIRDANCE
  1113 | D:2      | Reached skill level 3 in Axes
  1119 | D:2      | Reached XP level 3. HP: 18/23 MP: 1/3
  1119 | D:2      | 1119 ||| STAIRDANCE
  1290 | D:2      | 1290 ||| READING scroll of brand weapon.
  1290 | D:2      | 1290 ||| BRANDING +2 war axe of protection.
  1521 | D:2      | 1521 ||| Stepping ~*~*~tactically~*~*~ (stealth).
  1522 | D:2      | 1522 ||| Stepping ~*~*~tactically~*~*~ (stealth).
  1523 | D:2      | 1523 ||| Stepping ~*~*~tactically~*~*~ (stealth).
  1530 | D:2      | Reached XP level 4. HP: 28/28 MP: 4/4
  1562 | D:2      | 1562 ||| DROPPING +0 whip.
  1695 | D:2      | Identified the +9 war axe "Burody" {speed, Will+ Str+6}
  1697 | D:2      | 1697 ||| SWAPPING to +9 war axe "Burody" {speed, Will+
                  | Str+6}.
  1698 | D:2      | 1698 ||| DROPPING +2 vampiric war axe.
  1982 | D:2      | 1982 ||| DRINKING 2 bubbling green potions.
  2017 | D:2      | 2017 ||| READING 2 scrolls of identify.
  2017 | D:2      | 2017 ||| IDENTIFYING lumpy black potion
  2018 | D:2      | 2018 ||| DROPPING potion of degeneration.
  2035 | D:3      | 2035 ||| PLANNING SEWER
  2105 | D:3      | 2105 ||| Stepping ~*~*~tactically~*~*~ (hiding).
  2107 | D:3      | 2107 ||| Stepping ~*~*~tactically~*~*~ (hiding).
  2110 | D:3      | 2110 ||| Stepping ~*~*~tactically~*~*~ (hiding).
  2111 | D:3      | 2111 ||| Stepping ~*~*~tactically~*~*~ (stealth).
  2114 | D:3      | Noticed a necrophage
  2121 | D:3      | Reached XP level 5. HP: 30/32 MP: 5/5
  2128 | D:3      | 2128 ||| FLEEEEING.
  2129 | D:3      | 2129 ||| FLEEEEING.
  2130 | D:3      | 2130 ||| FLEEEEING.
  2131 | D:3      | 2131 ||| FLEEEEING.
  2132 | D:3      | 2132 ||| FLEEEEING.
  2133 | D:3      | 2133 ||| FLEEEEING.
  2137 | D:3      | 2137 ||| FLEEEEING.
  2138 | D:3      | 2138 ||| FLEEEEING.
  2139 | D:3      | 2139 ||| STAIRDANCE
  2231 | D:3      | 2231 ||| STAIRDANCE
  2574 | D:3      | 2574 ||| Stepping ~*~*~tactically~*~*~ (stealth).
  2651 | D:3      | 2651 ||| RIP SEWER
  2669 | D:3      | 2669 ||| PLANNING D:1-11
  2671 | D:3      | Reached skill level 1 in Dodging
  2970 | D:3      | 2970 ||| UPGRADING to +4 ring of evasion.
  2971 | D:3      | 2971 ||| DRINKING 2 purple potions.
  2972 | D:3      | 2972 ||| DROPPING potion of brilliance.
  3004 | D:4      | Reached XP level 6. HP: 38/38 MP: 6/6
  3145 | D:4      | 3145 ||| Stepping ~*~*~tactically~*~*~ (hiding).
  3259 | D:4      | 3259 ||| Stepping ~*~*~tactically~*~*~ (hiding).
  3260 | D:4      | 3260 ||| Stepping ~*~*~tactically~*~*~ (hiding).
  3261 | D:4      | 3261 ||| Stepping ~*~*~tactically~*~*~ (hiding).
  3513 | D:4      | Reached skill level 6 in Axes
  3513 | D:4      | Reached XP level 7. HP: 26/43 MP: 2/7
  3529 | D:4      | 3529 ||| Stepping ~*~*~tactically~*~*~ (stealth).
  3530 | D:4      | 3530 ||| Stepping ~*~*~tactically~*~*~ (stealth).
  3823 | D:4      | 3823 ||| Stepping ~*~*~tactically~*~*~ (stealth).
  3824 | D:4      | 3824 ||| Stepping ~*~*~tactically~*~*~ (stealth).
  3831 | D:4      | 3831 ||| Stepping ~*~*~tactically~*~*~ (stealth).
  3833 | D:4      | 3833 ||| Stepping ~*~*~tactically~*~*~ (stealth).
  4037 | D:4      | 4037 ||| DROPPING +2 leather armour of fire resistance.
  4038 | D:4      | 4038 ||| UPGRADING to +0 plate armour.
  4048 | D:4      | 4048 ||| DROPPING +0 scale mail.
  4049 | D:4      | 4049 ||| DROPPING amulet of magic regeneration.
  4050 | D:4      | 4050 ||| UPGRADING to +4 ring of slaying {mikee}.
  4051 | D:4      | 4051 ||| READING scroll labelled DIUDIMUKUI.
  4108 | D:4      | 4108 ||| READING scroll labelled LIZANABALU.
  4109 | D:4      | 4109 ||| DRINKING 3 sapphire potions.
  4117 | D:5      | Entered Level 5 of the Dungeon
  4118 | D:5      | 4118 ||| STAIRDANCE
  4256 | D:5      | 4256 ||| Stepping ~*~*~tactically~*~*~ (stealth).
  4379 | D:5      | Reached XP level 8. HP: 48/49 MP: 8/8
  4404 | D:5      | 4404 ||| Stepping ~*~*~tactically~*~*~ (stealth).
  4408 | D:5      | 4408 ||| Stepping ~*~*~tactically~*~*~ (stealth).
  4606 | D:5      | 4606 ||| UPGRADING to +0 crystal plate armour.
  4616 | D:5      | 4616 ||| DROPPING +0 plate armour.
  4617 | D:5      | 4617 ||| DROPPING ring of willpower.
  4840 | D:6      | 4840 ||| Stepping ~*~*~tactically~*~*~ (stealth).
  4841 | D:6      | 4841 ||| Stepping ~*~*~tactically~*~*~ (stealth).
  4841 | D:6      | Found a staircase to the Ecumenical Temple.
  4842 | D:6      | 4842 ||| PLANNING TEMPLE
  4842 | D:6      | 4842 ||| FLEEEEING.
  4848 | D:6      | 4848 ||| FLEEEEING.
  4849 | D:6      | 4849 ||| FLEEEEING.
  4850 | D:6      | 4850 ||| FLEEEEING.
  4851 | D:6      | 4851 ||| FLEEEEING.
  4852 | D:6      | 4852 ||| FLEEEEING.
  4853 | D:6      | 4853 ||| FLEEEEING.
  4854 | D:6      | 4854 ||| FLEEEEING.
  4855 | D:6      | 4855 ||| FLEEEEING.
  4856 | D:6      | 4856 ||| FLEEEEING.
  4857 | D:6      | 4857 ||| FLEEEEING.
  4858 | D:6      | 4858 ||| FLEEEEING.
  4859 | D:6      | 4859 ||| STAIRDANCE
  4873 | D:6      | 4873 ||| STAIRDANCE
  4879 | D:6      | 4879 ||| STAIRDANCE
  4903 | Temple   | Entered the Ecumenical Temple
  4972 | Temple   | 4972 ||| PLANNING D:1-11
  4994 | Temple   | Became a worshipper of Warmaster Okawaru
  4995 | Temple   | 4995 ||| REMOVING amulet of guardian spirit.
  5000 | Temple   | 5000 ||| DROPPING amulet of guardian spirit.
  5001 | Temple   | 5001 ||| UPGRADING to amulet of regeneration.
  5259 | D:6      | Reached skill level 6 in Armour
  5565 | D:6      | 5565 ||| READING 2 scrolls of identify.
  5565 | D:6      | 5565 ||| IDENTIFYING amethyst potion
  5680 | D:7      | Reached skill level 6 in Fighting
  5680 | D:7      | Reached XP level 9. HP: 55/55 MP: 9/9
  5744 | D:7      | 5744 ||| Stepping ~*~*~tactically~*~*~ (stealth).
  5746 | D:7      | 5746 ||| Stepping ~*~*~tactically~*~*~ (hiding).
  5754 | D:7      | 5754 ||| FLEEEEING.
  5755 | D:7      | 5755 ||| FLEEEEING.
  5756 | D:7      | 5756 ||| FLEEEEING.
  5757 | D:7      | 5757 ||| FLEEEEING.
  5759 | D:7      | 5759 ||| FLEEEEING.
  5760 | D:7      | 5760 ||| FLEEEEING.
  5857 | D:7      | Reached * piety under Okawaru
  5858 | D:7      | 5858 ||| INVOKING Heroism.
  5866 | D:7      | Reached skill level 1 in Invocations
  5947 | D:7      | Noticed Joseph
  5948 | D:7      | 5948 ||| Stepping ~*~*~tactically~*~*~ (hiding).
  5962 | D:7      | Killed Joseph
  5963 | D:7      | Reached skill level 1 in Throwing
  5963 | D:7      | Reached skill level 3 in Invocations
  5964 | D:7      | 5964 ||| Stepping ~*~*~tactically~*~*~ (stealth).
  5975 | D:7      | 5975 ||| Stepping ~*~*~tactically~*~*~ (hiding).
  5977 | D:7      | 5977 ||| Stepping ~*~*~tactically~*~*~ (hiding).
  6040 | D:7      | Found a runed translucent door.
  6040 | D:7      | Found a shimmering altar of Xom.
  6040 | D:7      | Noticed qw's ghost (novice GrFi)
  6042 | D:7      | Noticed a +1 quarterstaff of chaos
  6139 | D:7      | Noticed Prince Ribbit
  6140 | D:7      | 6140 ||| INVOKING Heroism.
  6147 | D:7      | Killed Prince Ribbit
  6148 | D:7      | Reached skill level 9 in Axes
  6372 | D:7      | 6372 ||| READING scroll labelled CYERUGAHEE.
  6373 | D:7      | 6373 ||| READING scroll labelled YNIWEU SAET.
  6374 | D:7      | 6374 ||| READING 2 scrolls of identify.
  6374 | D:7      | 6374 ||| IDENTIFYING brown potion
  6375 | D:7      | 6375 ||| DROPPING potion of flight.
  6455 | D:8      | 6455 ||| DROPPING +0 flail.
  6518 | D:8      | Found a large runed translucent door.
  6518 | D:8      | Found a large runed translucent door.
  6520 | D:8      | Noticed qw's ghost (novice MiBe)
  6833 | D:8      | 6833 ||| Stepping ~*~*~tactically~*~*~ (stealth).
  6837 | D:8      | 6837 ||| Stepping ~*~*~tactically~*~*~ (stealth).
  6849 | D:8      | 6849 ||| Stepping ~*~*~tactically~*~*~ (stealth).
  6858 | D:8      | 6858 ||| INVOKING Heroism.
  6864 | D:8      | 6864 ||| Stepping ~*~*~tactically~*~*~ (stealth).
  6866 | D:8      | 6866 ||| Stepping ~*~*~tactically~*~*~ (stealth).
  6875 | D:8      | Noticed Maggie
  6876 | D:8      | 6876 ||| Stepping ~*~*~tactically~*~*~ (hiding).
  6888 | D:8      | Killed Maggie
  6888 | D:8      | Reached ** piety under Okawaru
  6889 | D:8      | Reached XP level 10. HP: 63/63 MP: 13/13
  6907 | D:8      | Found a flagged portal.
  7046 | D:8      | 7046 ||| DRINKING 2 ruby potions.
  7046 | D:8      | Gained mutation: You are strong-willed. (Will+) [potion of
                  | mutation]
  7046 | D:8      | Gained mutation: You are agile. (Dex +4, Str/Int -1)
                  | [potion of mutation]
  7046 | D:8      | Gained mutation: Your flesh is cold resistant. (rC+)
                  | [potion of mutation]
  7062 | D:9      | 7062 ||| STAIRDANCE
  7071 | D:8      | 7071 ||| DROPPING +5 morningstar.
  7087 | D:9      | 7087 ||| STAIRDANCE
  7175 | D:9      | 7175 ||| Stepping ~*~*~tactically~*~*~ (stealth).
  7176 | D:9      | 7176 ||| Stepping ~*~*~tactically~*~*~ (stealth).
  7176 | D:9      | Found a hazy altar of Hepliaklqana.
  7176 | D:9      | Found a stormy altar of Qazlal.
  7177 | D:9      | 7177 ||| Stepping ~*~*~tactically~*~*~ (stealth).
  7180 | D:9      | 7180 ||| Stepping ~*~*~tactically~*~*~ (stealth).
  7182 | D:9      | 7182 ||| INVOKING Heroism.
  7237 | D:9      | 7237 ||| Stepping ~*~*~tactically~*~*~ (stealth).
  7247 | D:9      | 7247 ||| Stepping ~*~*~tactically~*~*~ (stealth).
  7248 | D:9      | 7248 ||| Stepping ~*~*~tactically~*~*~ (stealth).
  7250 | D:9      | 7250 ||| Stepping ~*~*~tactically~*~*~ (hiding).
  7256 | D:9      | 7256 ||| INVOKING Heroism.
  7318 | D:9      | 7318 ||| Stepping ~*~*~tactically~*~*~ (stealth).
  7372 | D:9      | Noticed a vault sentinel
  7372 | D:9      | Noticed a vault sentinel
  7373 | D:9      | 7373 ||| Stepping ~*~*~tactically~*~*~ (hiding).
  7376 | D:9      | 7376 ||| FLEEEEING.
  7377 | D:9      | 7377 ||| FLEEEEING.
  7378 | D:9      | 7378 ||| FLEEEEING.
  7379 | D:9      | 7379 ||| FLEEEEING.
  7381 | D:9      | 7381 ||| FLEEEEING.
  7382 | D:9      | 7382 ||| FLEEEEING.
  7383 | D:9      | 7383 ||| FLEEEEING.
  7384 | D:9      | 7384 ||| FLEEEEING.
  7386 | D:9      | 7386 ||| FLEEEEING.
  7387 | D:9      | 7387 ||| FLEEEEING.
  7390 | D:9      | 7390 ||| FLEEEEING.
  7391 | D:9      | 7391 ||| FLEEEEING.
  7392 | D:9      | 7392 ||| FLEEEEING.
  7398 | D:9      | 7398 ||| FLEEEEING.
  7399 | D:9      | 7399 ||| FLEEEEING.
  7400 | D:9      | 7400 ||| FLEEEEING.
  7401 | D:9      | 7401 ||| FLEEEEING.
  7402 | D:9      | 7402 ||| FLEEEEING.
  7403 | D:9      | 7403 ||| FLEEEEING.
  7404 | D:9      | 7404 ||| FLEEEEING.
  7405 | D:9      | 7405 ||| FLEEEEING.
  7406 | D:9      | 7406 ||| FLEEEEING.
  7407 | D:9      | 7407 ||| FLEEEEING.
  7408 | D:9      | 7408 ||| FLEEEEING.
  7409 | D:9      | 7409 ||| FLEEEEING.
  7410 | D:9      | 7410 ||| FLEEEEING.
  7411 | D:9      | 7411 ||| FLEEEEING.
  7412 | D:9      | 7412 ||| FLEEEEING.
  7413 | D:9      | 7413 ||| FLEEEEING.
  7414 | D:9      | 7414 ||| FLEEEEING.
  7415 | D:9      | 7415 ||| FLEEEEING.
  7416 | D:9      | 7416 ||| FLEEEEING.
  7417 | D:9      | 7417 ||| FLEEEEING.
  7424 | D:9      | 7424 ||| FLEEEEING.
  7425 | D:9      | 7425 ||| FLEEEEING.
  7426 | D:9      | 7426 ||| FLEEEEING.
  7427 | D:9      | 7427 ||| FLEEEEING.
  7428 | D:9      | 7428 ||| FLEEEEING.
  7429 | D:9      | 7429 ||| FLEEEEING.
  7430 | D:9      | 7430 ||| FLEEEEING.
  7431 | D:9      | 7431 ||| FLEEEEING.
  7432 | D:9      | 7432 ||| FLEEEEING.
  7433 | D:9      | 7433 ||| FLEEEEING.
  7434 | D:9      | 7434 ||| FLEEEEING.
  7435 | D:9      | 7435 ||| FLEEEEING.
  7436 | D:9      | 7436 ||| FLEEEEING.
  7437 | D:9      | 7437 ||| FLEEEEING.
  7443 | D:9      | 7443 ||| FLEEEEING.
  7444 | D:9      | 7444 ||| FLEEEEING.
  7451 | D:9      | 7451 ||| INVOKING Heroism.
  7466 | D:9      | Killed a vault sentinel
  7470 | D:9      | Killed a vault sentinel
  7470 | D:9      | Reached *** piety under Okawaru
  7630 | D:9      | Found a glowing silver altar of Zin.
  7630 | D:9      | Found a white marble altar of Elyvilon.
  7634 | D:9      | Found a burning altar of Makhleb.
  7635 | D:9      | Found a glowing golden altar of the Shining One.
  7639 | D:9      | Found a broken altar of Ashenzari.
  7640 | D:9      | Found a snail-covered altar of Cheibriados.
  7807 | D:9      | Identified the +6 war axe of Fyranetaor {freeze, rC++ Str+3
                  | Int+4}
  7853 | D:9      | Found the +18 shield of the Gong {rElec rN+ Will+ EV-5}
  8252 | D:9      | 8252 ||| UPGRADING to +0 helmet.
  8257 | D:9      | 8257 ||| UPGRADING to +0 pair of boots.
  8262 | D:9      | 8262 ||| UPGRADING to +18 shield of the Gong {rElec rN+
                  | Will+ EV-5}.
  8272 | D:9      | 8272 ||| DROPPING +0 buckler.
  8273 | D:9      | 8273 ||| UPGRADING to +0 pair of gloves.
  8278 | D:9      | 8278 ||| DRINKING 2 bubbling orange potions.
  8311 | D:9      | 8311 ||| DRINKING 2 viscous cyan potions.
  8312 | D:9      | 8312 ||| DRINKING 2 white potions.
  8313 | D:9      | 8313 ||| READING 2 scrolls of identify.
  8313 | D:9      | 8313 ||| IDENTIFYING smoky purple potion
  8314 | D:9      | 8314 ||| DROPPING potion of berserk rage.
  8324 | D:10     | Entered Level 10 of the Dungeon
  8327 | D:10     | 8327 ||| INVOKING Heroism.
  8329 | D:10     | 8329 ||| STAIRDANCE
  8351 | D:10     | 8351 ||| STAIRDANCE
  8351 | D:10     | Noticed Grum
  8358 | D:10     | 8358 ||| STAIRDANCE
  8358 | D:10     | Noticed a wizard
  8396 | D:10     | 8396 ||| STAIRDANCE
  8399 | D:10     | Noticed a wizard
  8400 | D:10     | 8400 ||| STAIRDANCE
  8405 | D:10     | 8405 ||| INVOKING Heroism.
  8411 | D:10     | Killed Grum
  8411 | D:10     | Killed a wizard
  8412 | D:10     | Reached skill level 6 in Shields
  8416 | D:10     | 8416 ||| Stepping ~*~*~tactically~*~*~ (hiding).
  8421 | D:10     | Reached XP level 11. HP: 49/67 MP: 12/14
  8426 | D:10     | Killed a wizard
  8441 | D:10     | 8441 ||| FLEEEEING.
  8442 | D:10     | 8442 ||| FLEEEEING.
  8443 | D:10     | 8443 ||| FLEEEEING.
  8444 | D:10     | 8444 ||| FLEEEEING.
  8445 | D:10     | 8445 ||| STAIRDANCE
  8459 | D:10     | Reached **** piety under Okawaru
  8477 | D:10     | Noticed a death yak
  8478 | D:10     | 8478 ||| INVOKING Heroism.
  8481 | D:10     | Noticed a death yak
  8486 | D:10     | Noticed a death yak
  8487 | D:10     | Noticed a death yak
  8488 | D:10     | 8488 ||| Stepping ~*~*~tactically~*~*~ (stealth).
  8498 | D:10     | Noticed a death yak
  8499 | D:10     | 8499 ||| Stepping ~*~*~tactically~*~*~ (stealth).
  8501 | D:10     | Noticed a death yak
  8502 | D:10     | 8502 ||| Stepping ~*~*~tactically~*~*~ (hiding).
  8503 | D:10     | 8503 ||| Stepping ~*~*~tactically~*~*~ (hiding).
  8505 | D:10     | 8505 ||| Stepping ~*~*~tactically~*~*~ (hiding).
  8506 | D:10     | 8506 ||| Stepping ~*~*~tactically~*~*~ (hiding).
  8511 | D:10     | 8511 ||| INVOKING Heroism.
  8514 | D:10     | Killed a death yak
  8515 | D:10     | Reached skill level 9 in Armour
  8532 | D:10     | Killed a death yak
  8535 | D:10     | Killed a death yak
  8535 | D:10     | Reached ***** piety under Okawaru
  8535 | D:10     | Noticed a death yak
  8536 | D:10     | Reached skill level 6 in Invocations
  8536 | D:10     | 8536 ||| INVOKING Finesse.
  8543 | D:10     | Killed a death yak
  8543 | D:10     | Received a gift from Okawaru
  8553 | D:10     | Killed a death yak
  8554 | D:10     | Reached skill level 9 in Shields
  8561 | D:10     | 8561 ||| INVOKING Heroism.
  8571 | D:10     | Killed a death yak
  8590 | D:10     | Killed a death yak
  8621 | D:10     | 8621 ||| Stepping ~*~*~tactically~*~*~ (stealth).
  8627 | D:10     | 8627 ||| Stepping ~*~*~tactically~*~*~ (stealth).
  8630 | D:10     | 8630 ||| INVOKING Heroism.
  8642 | D:10     | Reached XP level 12. HP: 71/74 MP: 15/18
  8947 | D:10     | Found Doahit's Distillery.
  8956 | D:10     | 8956 ||| BUYING potion of attraction (36 gold).
  8956 | D:10     | Bought a potion of attraction for 36 gold pieces
  8956 | D:10     | 8956 ||| BUYING potion of resistance (120 gold).
  8956 | D:10     | Bought a potion of resistance for 120 gold pieces
  9130 | D:10     | Found a staircase to the Lair.
  9932 | D:10     | 9932 ||| PLANNING LAIR
  9932 | D:10     | 9932 ||| DROPPING +2 hat.
  9969 | Lair:1   | Entered Level 1 of the Lair of Beasts
  9986 | Lair:1   | Noticed a seven-headed hydra
  9987 | Lair:1   | 9987 ||| INVOKING Heroism.
  9988 | Lair:1   | 9988 ||| INVOKING Finesse.
  9989 | Lair:1   | 9989 ||| SWAPPING to +1 hand axe of flaming.
  9999 | Lair:1   | Killed a two-headed hydra
 10000 | Lair:1   | 10000 ||| SWAPPING to +9 war axe "Burody" {speed, Will+
                  | Str+6}.
 10054 | Lair:1   | Reached skill level 9 in Invocations
 10221 | Lair:1   | 10221 ||| INVOKING Heroism.
 10279 | Lair:1   | Identified the +4 double sword of Filigreed Integrity
                  | {venom, rF+ rC+ SInv}
 10369 | Lair:1   | You fall into a shaft and drop 1 floor!
 10824 | Lair:2   | Noticed a five-headed hydra
 10825 | Lair:2   | 10825 ||| INVOKING Heroism.
 10827 | Lair:2   | Reached skill level 3 in Throwing
 10828 | Lair:2   | 10828 ||| SWAPPING to +1 hand axe of flaming.
 10835 | Lair:2   | Killed a one-headed hydra
 10836 | Lair:2   | 10836 ||| SWAPPING to +9 war axe "Burody" {speed, Will+
                  | Str+6}.
 10847 | Lair:2   | Noticed a four-headed hydra
 10848 | Lair:2   | 10848 ||| INVOKING Finesse.
 10854 | Lair:2   | 10854 ||| SWAPPING to +1 hand axe of flaming.
 10855 | Lair:2   | Killed a four-headed hydra
 10856 | Lair:2   | 10856 ||| SWAPPING to +9 war axe "Burody" {speed, Will+
                  | Str+6}.
 10889 | Lair:2   | Noticed a six-headed hydra
 10890 | Lair:2   | 10890 ||| Stepping ~*~*~tactically~*~*~ (stealth).
 10892 | Lair:2   | 10892 ||| INVOKING Heroism.
 10895 | Lair:2   | 10895 ||| SWAPPING to +1 hand axe of flaming.
 10903 | Lair:2   | Killed a one-headed hydra
 10903 | Lair:2   | Identified the +1 dire flail of the Middle {freeze, rC++
                  | rN+ Str+2} (Okawaru gifted it to you on level 2 of the Lair
                  | of Beasts)
 10903 | Lair:2   | Received a gift from Okawaru
 10904 | Lair:2   | 10904 ||| SWAPPING to +9 war axe "Burody" {speed, Will+
                  | Str+6}.
 11045 | Lair:2   | 11045 ||| Stepping ~*~*~tactically~*~*~ (stealth).
 11078 | Lair:2   | 11078 ||| Stepping ~*~*~tactically~*~*~ (stealth).
 11080 | Lair:2   | 11080 ||| Stepping ~*~*~tactically~*~*~ (hiding).
 11381 | Lair:2   | 11381 ||| Stepping ~*~*~tactically~*~*~ (stealth).
 11694 | Lair:3   | 11694 ||| INVOKING Heroism.
 11696 | Lair:3   | 11696 ||| STAIRDANCE
 11919 | Lair:3   | 11919 ||| INVOKING Heroism.
 11920 | Lair:3   | 11920 ||| INVOKING Finesse.
 12018 | Lair:3   | 12018 ||| Stepping ~*~*~tactically~*~*~ (stealth).
 12020 | Lair:3   | 12020 ||| INVOKING Heroism.
 12042 | Lair:3   | Found a staircase to the Snake Pit.
 12050 | Lair:3   | Noticed Gastronok
 12059 | Lair:3   | Noticed a seven-headed hydra
 12060 | Lair:3   | 12060 ||| INVOKING Finesse.
 12063 | Lair:3   | Killed Gastronok
 12064 | Lair:3   | Reached skill level 9 in Fighting
 12069 | Lair:3   | 12069 ||| SWAPPING to +1 hand axe of flaming.
 12074 | Lair:3   | Killed a six-headed hydra
 12074 | Lair:3   | Identified the +8 executioner's axe of Okawaru, Brewing
                  | {freeze, Dex+4} (Okawaru gifted it to you on level 3 of the
                  | Lair of Beasts)
 12074 | Lair:3   | Received a gift from Okawaru
 12075 | Lair:3   | 12075 ||| SWAPPING to +9 war axe "Burody" {speed, Will+
                  | Str+6}.
 12080 | Lair:3   | Reached XP level 13. HP: 80/80 MP: 15/20
 12129 | Lair:3   | 12129 ||| Stepping ~*~*~tactically~*~*~ (stealth).
 12361 | Lair:3   | 12361 ||| INVOKING Heroism.
 12362 | Lair:3   | 12362 ||| INVOKING Finesse.
 12365 | Lair:3   | 12365 ||| SWAPPING to +1 hand axe of flaming.
 12374 | Lair:3   | 12374 ||| SWAPPING to +9 war axe "Burody" {speed, Will+
                  | Str+6}.
 12436 | Lair:3   | 12436 ||| INVOKING Heroism.
 12533 | Lair:3   | 12533 ||| Stepping ~*~*~tactically~*~*~ (stealth).
 12534 | Lair:3   | 12534 ||| Stepping ~*~*~tactically~*~*~ (stealth).
 12539 | Lair:3   | 12539 ||| INVOKING Heroism.
 12611 | Lair:3   | 12611 ||| INVOKING Heroism.
 12658 | Lair:3   | Found a staircase to the Swamp.
 12862 | Lair:3   | 12862 ||| DROPPING scarf of harm.
 12863 | Lair:3   | 12863 ||| DROPPING amulet of the acrobat.
 12864 | Lair:3   | 12864 ||| DROPPING ring of wizardry.
 12865 | Lair:3   | 12865 ||| READING scroll labelled ETA GIBAWIRIDISO.
 12889 | Lair:4   | 12889 ||| STAIRDANCE
 12897 | Lair:4   | 12897 ||| STAIRDANCE
 12899 | Lair:3   | 12899 ||| INVOKING Heroism.
 12915 | Lair:4   | 12915 ||| STAIRDANCE
 12925 | Lair:4   | 12925 ||| STAIRDANCE
 12928 | Lair:3   | Received a gift from Okawaru
 12930 | Lair:3   | 12930 ||| DROPPING +6 vorpal broad axe.
 12933 | Lair:4   | 12933 ||| STAIRDANCE
 12935 | Lair:3   | 12935 ||| INVOKING Finesse.
 12948 | Lair:3   | Reached skill level 12 in Axes
 12975 | Lair:4   | 12975 ||| INVOKING Heroism.
 12978 | Lair:4   | 12978 ||| STAIRDANCE
 12991 | Lair:4   | 12991 ||| INVOKING Finesse.
 12993 | Lair:4   | 12993 ||| STAIRDANCE
 13026 | Lair:4   | 13026 ||| STAIRDANCE
 13035 | Lair:4   | 13035 ||| STAIRDANCE
 13037 | Lair:3   | 13037 ||| INVOKING Heroism.
 13038 | Lair:3   | 13038 ||| INVOKING Finesse.
 13090 | Lair:4   | 13090 ||| INVOKING Heroism.
 13104 | Lair:4   | 13104 ||| Stepping ~*~*~tactically~*~*~ (stealth).
 13118 | Lair:4   | 13118 ||| Stepping ~*~*~tactically~*~*~ (stealth).
 13121 | Lair:4   | 13121 ||| Stepping ~*~*~tactically~*~*~ (stealth).
 13129 | Lair:4   | 13129 ||| Stepping ~*~*~tactically~*~*~ (stealth).
 13130 | Lair:4   | 13130 ||| SWAPPING to +1 hand axe of flaming.
 13142 | Lair:4   | 13142 ||| SWAPPING to +9 war axe "Burody" {speed, Will+
                  | Str+6}.
 13149 | Lair:4   | 13149 ||| INVOKING Finesse.
 13159 | Lair:4   | Reached skill level 12 in Armour
 13164 | Lair:4   | Received a gift from Okawaru
 13345 | Lair:4   | 13345 ||| Stepping ~*~*~tactically~*~*~ (stealth).
 13346 | Lair:4   | 13346 ||| Stepping ~*~*~tactically~*~*~ (stealth).
 13595 | Lair:4   | Found a shimmering altar of Xom.
 13887 | Lair:4   | 13887 ||| UPGRADING to +1 cloak.
 13897 | Lair:4   | 13897 ||| DROPPING +0 cloak.
 13945 | Lair:5   | Entered Level 5 of the Lair of Beasts
 13983 | Lair:5   | 13983 ||| Stepping ~*~*~tactically~*~*~ (stealth).
 13985 | Lair:5   | 13985 ||| Stepping ~*~*~tactically~*~*~ (stealth).
 13991 | Lair:5   | 13991 ||| INVOKING Heroism.
 14021 | Lair:5   | 14021 ||| INVOKING Heroism.
 14143 | Lair:5   | 14143 ||| INVOKING Heroism.
 14144 | Lair:5   | 14144 ||| Stepping ~*~*~tactically~*~*~ (stealth).
 14197 | Lair:5   | 14197 ||| Stepping ~*~*~tactically~*~*~ (stealth).
 14206 | Lair:5   | 14206 ||| INVOKING Heroism.
 14208 | Lair:5   | 14208 ||| Stepping ~*~*~tactically~*~*~ (stealth).
 14222 | Lair:5   | 14222 ||| Stepping ~*~*~tactically~*~*~ (stealth).
 14225 | Lair:5   | 14225 ||| Stepping ~*~*~tactically~*~*~ (stealth).
 14284 | Lair:5   | 14284 ||| INVOKING Heroism.
 14291 | Lair:5   | Gained mutation: Your large and strong wings let you fly.
                  | [Gargoyle growth]
 14291 | Lair:5   | Reached XP level 14. HP: 88/88 MP: 19/21
 14296 | Lair:5   | 14296 ||| INVOKING Finesse.
 14297 | Lair:5   | 14297 ||| SWAPPING to +1 hand axe of flaming.
 14304 | Lair:5   | Received a gift from Okawaru
 14305 | Lair:5   | 14305 ||| SWAPPING to +9 war axe "Burody" {speed, Will+
                  | Str+6}.
 14321 | Lair:5   | Reached skill level 3 in Dodging
 14464 | Lair:5   | 14464 ||| Stepping ~*~*~tactically~*~*~ (stealth).
 14520 | Lair:5   | 14520 ||| Stepping ~*~*~tactically~*~*~ (hiding).
 14525 | Lair:5   | 14525 ||| INVOKING Heroism.
 14526 | Lair:5   | 14526 ||| INVOKING Finesse.
 14532 | Lair:5   | 14532 ||| SWAPPING to +1 hand axe of flaming.
 14537 | Lair:5   | 14537 ||| SWAPPING to +9 war axe "Burody" {speed, Will+
                  | Str+6}.
 14582 | Lair:5   | 14582 ||| Stepping ~*~*~tactically~*~*~ (hiding).
 14582 | Lair:5   | Found a large runed translucent door.
 14585 | Lair:5   | 14585 ||| Stepping ~*~*~tactically~*~*~ (hiding).
 14593 | Lair:5   | Found a large runed translucent door.
 14619 | Lair:5   | 14619 ||| Stepping ~*~*~tactically~*~*~ (stealth).
 14620 | Lair:5   | 14620 ||| Stepping ~*~*~tactically~*~*~ (stealth).
 14637 | Lair:5   | 14637 ||| Stepping ~*~*~tactically~*~*~ (stealth).
 14659 | Lair:5   | 14659 ||| INVOKING Heroism.
 14698 | Lair:5   | 14698 ||| Stepping ~*~*~tactically~*~*~ (hiding).
 14939 | Lair:5   | 14939 ||| INVOKING Heroism.
 14940 | Lair:5   | 14940 ||| INVOKING Finesse.
 14942 | Lair:5   | Found a staircase to the Slime Pits.
 15374 | Lair:5   | 15374 ||| PLANNING D:1-11
 15583 | D:11     | 15583 ||| INVOKING Heroism.
 15584 | D:11     | 15584 ||| SWAPPING to +1 hand axe of flaming.
 15590 | D:11     | 15590 ||| SWAPPING to +9 war axe "Burody" {speed, Will+
                  | Str+6}.
 15681 | D:11     | 15681 ||| Stepping ~*~*~tactically~*~*~ (hiding).
 15731 | D:11     | 15731 ||| INVOKING Heroism.
 15732 | D:11     | 15732 ||| SWAPPING to +1 hand axe of flaming.
 15741 | D:11     | 15741 ||| SWAPPING to +9 war axe "Burody" {speed, Will+
                  | Str+6}.
 15926 | D:11     | 15926 ||| INVOKING Heroism.
 16094 | D:11     | 16094 ||| PLANNING D
 16094 | D:11     | 16094 ||| DRINKING 2 coppery potions.
 16095 | D:11     | 16095 ||| DROPPING potion of invisibility.
 16119 | D:12     | 16119 ||| INVOKING Heroism.
 16147 | D:12     | Found a staircase to the Orcish Mines.
 16309 | D:12     | 16309 ||| Stepping ~*~*~tactically~*~*~ (hiding).
 16356 | D:12     | 16356 ||| INVOKING Heroism.
 16357 | D:12     | 16357 ||| INVOKING Finesse.
 16372 | D:12     | 16372 ||| Stepping ~*~*~tactically~*~*~ (hiding).
 16374 | D:12     | 16374 ||| Stepping ~*~*~tactically~*~*~ (hiding).
 16401 | D:12     | 16401 ||| Stepping ~*~*~tactically~*~*~ (stealth).
 16559 | D:12     | Found a runed translucent gate.
 16561 | D:12     | Found a runed translucent gate.
 16562 | D:12     | Found a runed translucent gate.
 16566 | D:12     | Noticed Tinen's ghost (journeyman TrMo)
 16588 | D:13     | 16588 ||| STAIRDANCE
 16603 | D:13     | 16603 ||| STAIRDANCE
 16610 | D:13     | 16610 ||| INVOKING Heroism.
 16630 | D:13     | Received a gift from Okawaru
 16694 | D:13     | Found a runed translucent door.
 16698 | D:13     | Noticed qw's ghost (journeyman MiBe)
 16723 | D:13     | Found a frozen archway.
 16944 | D:14     | Found a burning altar of Makhleb.
 16945 | D:14     | 16945 ||| Stepping ~*~*~tactically~*~*~ (hiding).
 16983 | D:14     | 16983 ||| INVOKING Heroism.
 16998 | D:14     | Reached skill level 12 in Shields
 17012 | D:14     | Reached XP level 15. HP: 94/94 MP: 22/22
 17027 | D:14     | Received a gift from Okawaru
 17028 | D:14     | 17028 ||| Stepping ~*~*~tactically~*~*~ (stealth).
 17042 | D:14     | 17042 ||| INVOKING Heroism.
 17111 | D:14     | Reached skill level 15 in Axes
 17119 | D:14     | 17119 ||| INVOKING Heroism.
 17183 | D:14     | 17183 ||| Stepping ~*~*~tactically~*~*~ (stealth).
 17207 | D:14     | Found an ornate altar of the Wu Jian Council.
 17244 | D:14     | 17244 ||| INVOKING Heroism.
 17294 | D:14     | Found a gate to the Vaults.
 17487 | D:14     | 17487 ||| READING scroll labelled SODIUC MEMOFAP.
 17609 | D:15     | Entered Level 15 of the Dungeon
 17633 | D:15     | 17633 ||| FLEEEEING.
 17634 | D:15     | 17634 ||| INVOKING Heroism.
 17644 | D:15     | Received a gift from Okawaru
 17676 | D:15     | 17676 ||| READING 12 scrolls of teleportation.
 17697 | D:15     | 17697 ||| INVOKING Heroism.
 17702 | D:15     | Reached ****** piety under Okawaru
 17702 | D:15     | Received a gift from Okawaru
 17730 | D:15     | 17730 ||| Stepping ~*~*~tactically~*~*~ (hiding).
 17743 | D:15     | Reached skill level 12 in Fighting
 18006 | D:15     | Found a staircase to the Depths.
 18092 | D:15     | Found a stormy altar of Qazlal.
 18450 | D:15     | 18450 ||| PLANNING ORC
 18543 | Orc:1    | Entered Level 1 of the Orcish Mines
 18584 | Orc:1    | Noticed Nergalle
 18589 | Orc:1    | 18589 ||| INVOKING Heroism.
 18593 | Orc:1    | Killed Nergalle
 18599 | Orc:1    | 18599 ||| Stepping ~*~*~tactically~*~*~ (stealth).
 18600 | Orc:1    | 18600 ||| Stepping ~*~*~tactically~*~*~ (hiding).
 18605 | Orc:1    | 18605 ||| Stepping ~*~*~tactically~*~*~ (hiding).
 18882 | Orc:1    | 18882 ||| READING 12 scrolls of identify.
 18882 | Orc:1    | 18882 ||| IDENTIFYING pink potion
 18883 | Orc:1    | 18883 ||| DROPPING potion of ambrosia.
 18894 | Orc:2    | Entered Level 2 of the Orcish Mines
 18894 | Orc:2    | Found a staircase to the Elven Halls.
 18895 | Orc:2    | 18895 ||| INVOKING Heroism.
 19165 | Orc:2    | 19165 ||| INVOKING Heroism.
 19185 | Orc:2    | 19185 ||| Stepping ~*~*~tactically~*~*~ (hiding).
 19197 | Orc:2    | 19197 ||| Stepping ~*~*~tactically~*~*~ (hiding).
 19210 | Orc:2    | 19210 ||| Stepping ~*~*~tactically~*~*~ (stealth).
 19215 | Orc:2    | 19215 ||| Stepping ~*~*~tactically~*~*~ (hiding).
 19216 | Orc:2    | 19216 ||| Stepping ~*~*~tactically~*~*~ (stealth).
 19217 | Orc:2    | 19217 ||| INVOKING Heroism.
 19230 | Orc:2    | Found a radiant altar of Vehumet.
 19246 | Orc:2    | Found Ytaxt's Distillery.
 19253 | Orc:2    | Received a gift from Okawaru
 19257 | Orc:2    | 19257 ||| Stepping ~*~*~tactically~*~*~ (hiding).
 19260 | Orc:2    | 19260 ||| Stepping ~*~*~tactically~*~*~ (hiding).
 19264 | Orc:2    | 19264 ||| Stepping ~*~*~tactically~*~*~ (hiding).
 19268 | Orc:2    | 19268 ||| INVOKING Heroism.
 19311 | Orc:2    | 19311 ||| Stepping ~*~*~tactically~*~*~ (stealth).
 19314 | Orc:2    | 19314 ||| BUYING potion of heal wounds (55 gold).
 19314 | Orc:2    | Bought a potion of heal wounds for 55 gold pieces
 19314 | Orc:2    | 19314 ||| BUYING potion of heal wounds (55 gold).
 19314 | Orc:2    | Bought a potion of heal wounds for 55 gold pieces
 19314 | Orc:2    | 19314 ||| BUYING potion of might (44 gold).
 19314 | Orc:2    | Bought a potion of might for 44 gold pieces
 19318 | Orc:2    | Found an ancient bone altar of Kikubaaqudgha.
 19321 | Orc:2    | 19321 ||| Stepping ~*~*~tactically~*~*~ (hiding).
 19360 | Orc:2    | 19360 ||| Stepping ~*~*~tactically~*~*~ (stealth).
 19362 | Orc:2    | 19362 ||| Stepping ~*~*~tactically~*~*~ (hiding).
 19372 | Orc:2    | 19372 ||| Stepping ~*~*~tactically~*~*~ (hiding).
 19374 | Orc:2    | 19374 ||| INVOKING Heroism.
 19401 | Orc:2    | Found Dovuwac's Jewellery Emporium.
 19417 | Orc:2    | 19417 ||| BUYING amulet of Afollu Agoij {Harm rF- Regen+
                  | Str+8 SInv} (765 gold).
 19417 | Orc:2    | Bought the amulet of Afollu Agoij {Harm rF- Regen+ Str+8
                  | SInv} for 765 gold pieces
 19417 | Orc:2    | 19417 ||| BUYING ring of ice (375 gold).
 19417 | Orc:2    | Bought a ring of ice for 375 gold pieces
 19417 | Orc:2    | 19417 ||| BUYING ring of protection from fire (375 gold).
 19417 | Orc:2    | Bought a ring of protection from fire for 375 gold pieces
 19423 | Orc:2    | Found Holazoad's Book Shoppe.
 19490 | Orc:2    | Found Pongimast's Antique Armour Shoppe.
 19500 | Orc:2    | 19500 ||| SHOPLISTING embroidered cloak (210 gold, have
                  | 158).
 19664 | Orc:1    | Found Qusan's Assorted Antiques.
 19727 | Orc:1    | Found a runed translucent gate.
 19727 | Orc:1    | Found a runed translucent gate.
 19727 | Orc:1    | Found a runed translucent gate.
 19727 | Orc:1    | Noticed Ullipcorian's ghost (adept MfGl)
 19727 | Orc:1    | Noticed Rygut's ghost (journeyman DrFi)
 19727 | Orc:1    | Noticed burt's ghost (journeyman DrCj)
 19728 | Orc:1    | Noticed Qihugg's ghost (journeyman DsAK)
 19738 | Orc:1    | Identified the +2 hat "Yhyrouc" {Regen+} (Okawaru gifted it
                  | to you on level 1 of the Orcish Mines)
 19738 | Orc:1    | Received a gift from Okawaru
 19816 | Orc:1    | 19816 ||| Stepping ~*~*~tactically~*~*~ (stealth).
 19888 | Orc:1    | 19888 ||| PLANNING SWAMP:1-3
 19888 | Orc:1    | 19888 ||| UPGRADING to +2 hat "Yhyrouc" {Regen+}.
 19898 | Orc:1    | 19898 ||| DROPPING +0 helmet.
 20053 | Lair:3   | 20053 ||| INVOKING Heroism.
 20054 | Lair:3   | 20054 ||| INVOKING Finesse.
 20056 | Lair:3   | 20056 ||| SWAPPING to +1 hand axe of flaming.
 20066 | Lair:3   | 20066 ||| SWAPPING to +9 war axe "Burody" {speed, Will+
                  | Str+6}.
 20151 | Swamp:1  | Entered Level 1 of the Swamp
 20208 | Swamp:1  | Noticed a fenstrider witch
 20209 | Swamp:1  | 20209 ||| INVOKING Heroism.
 20220 | Swamp:1  | Killed a fenstrider witch
 20265 | Swamp:1  | 20265 ||| READING scroll of enchant armour.
 20265 | Swamp:1  | 20265 ||| ENCHANTING +0 crystal plate armour.
 20301 | Swamp:1  | 20301 ||| Stepping ~*~*~tactically~*~*~ (stealth).
 20302 | Swamp:1  | 20302 ||| Stepping ~*~*~tactically~*~*~ (stealth).
 20304 | Swamp:1  | 20304 ||| INVOKING Heroism.
 20311 | Swamp:1  | Reached XP level 16. HP: 101/101 MP: 21/23
 20345 | Swamp:1  | 20345 ||| INVOKING Heroism.
 20396 | Swamp:1  | 20396 ||| Stepping ~*~*~tactically~*~*~ (stealth).
 20405 | Swamp:1  | 20405 ||| INVOKING Heroism.
 20406 | Swamp:1  | 20406 ||| INVOKING Finesse.
 20453 | Swamp:1  | 20453 ||| INVOKING Heroism.
 20457 | Swamp:1  | 20457 ||| SWAPPING to +1 hand axe of flaming.
 20464 | Swamp:1  | 20464 ||| SWAPPING to +9 war axe "Burody" {speed, Will+
                  | Str+6}.
 20544 | Swamp:1  | 20544 ||| INVOKING Heroism.
 20609 | Swamp:1  | 20609 ||| INVOKING Heroism.
 20642 | Swamp:1  | Identified the +2 executioner's axe of Checkmate {pain,
                  | *Corrode Int+8 Dex+3}
 20776 | Swamp:1  | 20776 ||| Stepping ~*~*~tactically~*~*~ (hiding).
 20778 | Swamp:1  | 20778 ||| INVOKING Heroism.
 20787 | Swamp:1  | 20787 ||| Stepping ~*~*~tactically~*~*~ (hiding).
 20788 | Swamp:1  | 20788 ||| Stepping ~*~*~tactically~*~*~ (hiding).
 20839 | Swamp:1  | 20839 ||| INVOKING Heroism.
 20840 | Swamp:1  | 20840 ||| INVOKING Finesse.
 20841 | Swamp:1  | 20841 ||| Stepping ~*~*~tactically~*~*~ (stealth).
 20842 | Swamp:1  | 20842 ||| SWAPPING to +1 hand axe of flaming.
 20848 | Swamp:1  | 20848 ||| SWAPPING to +9 war axe "Burody" {speed, Will+
                  | Str+6}.
 20888 | Swamp:1  | 20888 ||| Stepping ~*~*~tactically~*~*~ (hiding).
 20890 | Swamp:1  | 20890 ||| INVOKING Heroism.
 20909 | Swamp:1  | Identified the +4 hand axe "Cawi Wuo" {vorpal, Dex+2 SInv}
 20998 | Swamp:1  | 20998 ||| INVOKING Heroism.
 20999 | Swamp:1  | 20999 ||| INVOKING Finesse.
 21000 | Swamp:1  | 21000 ||| SWAPPING to +1 hand axe of flaming.
 21008 | Swamp:1  | 21008 ||| SWAPPING to +9 war axe "Burody" {speed, Will+
                  | Str+6}.
 21098 | Swamp:1  | Reached skill level 15 in Armour
 21108 | Swamp:1  | 21108 ||| READING scroll labelled OLY QIKIRGHUU.
 21109 | Swamp:1  | 21109 ||| Stepping ~*~*~tactically~*~*~ (cloud).
 21114 | Swamp:1  | 21114 ||| Stepping ~*~*~tactically~*~*~ (cloud).
 21137 | Swamp:1  | 21137 ||| INVOKING Heroism.
 21388 | Swamp:2  | 21388 ||| INVOKING Heroism.
 21394 | Swamp:2  | 21394 ||| INVOKING Finesse.
 21400 | Swamp:2  | 21400 ||| SWAPPING to +1 hand axe of flaming.
 21410 | Swamp:2  | 21410 ||| SWAPPING to +9 war axe "Burody" {speed, Will+
                  | Str+6}.
 21410 | Swamp:2  | Noticed a fenstrider witch
 21421 | Swamp:2  | Killed a fenstrider witch
 21421 | Swamp:2  | Identified the +1 robe of Tottouwumu {Dex+4} (Okawaru
                  | gifted it to you on level 2 of the Swamp)
 21421 | Swamp:2  | Received a gift from Okawaru
 21434 | Swamp:2  | 21434 ||| INVOKING Heroism.
 21453 | Swamp:2  | Reached skill level 6 in Throwing
 21685 | Swamp:2  | 21685 ||| Stepping ~*~*~tactically~*~*~ (hiding).
 21722 | Swamp:2  | You are sucked into a shaft and drop 1 floor!
 21734 | Swamp:3  | 21734 ||| UPGRADING to scarf of resistance.
 21737 | Swamp:3  | 21737 ||| INVOKING Heroism.
 21738 | Swamp:3  | 21738 ||| INVOKING Finesse.
 21740 | Swamp:3  | 21740 ||| SWAPPING to +1 hand axe of flaming.
 21749 | Swamp:3  | 21749 ||| SWAPPING to +9 war axe "Burody" {speed, Will+
                  | Str+6}.
 21763 | Swamp:3  | 21763 ||| UPGRADING to scarf of resistance.
 21773 | Swamp:3  | 21773 ||| DROPPING ring of magical power.
 21774 | Swamp:3  | 21774 ||| Stepping randomly (cloudy).
 21775 | Swamp:3  | 21775 ||| Stepping randomly (cloudy).
 21776 | Swamp:3  | 21776 ||| INVOKING Heroism.
 21777 | Swamp:3  | 21777 ||| Stepping randomly (cloudy).
 21784 | Swamp:3  | 21784 ||| UPGRADING to scarf of resistance.
 21819 | Swamp:3  | Noticed Louise
 21820 | Swamp:3  | 21820 ||| Stepping ~*~*~tactically~*~*~ (hiding).
 21821 | Swamp:3  | 21821 ||| INVOKING Heroism.
 21822 | Swamp:3  | 21822 ||| INVOKING Finesse.
 21842 | Swamp:3  | Killed Louise
 21860 | Swamp:3  | 21860 ||| Stepping ~*~*~tactically~*~*~ (stealth).
 21898 | Swamp:3  | Noticed a tentacled monstrosity
 21899 | Swamp:3  | 21899 ||| INVOKING Heroism.
 21900 | Swamp:3  | 21900 ||| INVOKING Finesse.
 21914 | Swamp:3  | Killed a tentacled monstrosity
 21915 | Swamp:3  | Reached XP level 17. HP: 109/109 MP: 17/24
 21996 | Swamp:2  | 21996 ||| Stepping ~*~*~tactically~*~*~ (stealth).
 22307 | Swamp:3  | 22307 ||| INVOKING Heroism.
 22309 | Swamp:3  | 22309 ||| SWAPPING to +1 hand axe of flaming.
 22316 | Swamp:3  | 22316 ||| SWAPPING to +9 war axe "Burody" {speed, Will+
                  | Str+6}.
 22376 | Swamp:3  | 22376 ||| Stepping ~*~*~tactically~*~*~ (stealth).
 22377 | Swamp:3  | 22377 ||| Stepping ~*~*~tactically~*~*~ (stealth).
 22553 | Swamp:3  | 22553 ||| Stepping ~*~*~tactically~*~*~ (stealth).
 22699 | Swamp:3  | 22699 ||| PLANNING SNAKE:1-3
 22699 | Swamp:3  | 22699 ||| READING 17 scrolls of identify.
 22699 | Swamp:3  | 22699 ||| IDENTIFYING clear potion
 22806 | Snake:1  | Entered Level 1 of the Snake Pit
 22851 | Snake:1  | 22851 ||| Stepping ~*~*~tactically~*~*~ (hiding).
 22852 | Snake:1  | 22852 ||| Stepping ~*~*~tactically~*~*~ (hiding).
 22858 | Snake:1  | 22858 ||| INVOKING Heroism.
 23018 | Snake:1  | 23018 ||| Stepping ~*~*~tactically~*~*~ (stealth).
 23019 | Snake:1  | Noticed Kirke
 23022 | Snake:1  | 23022 ||| Stepping ~*~*~tactically~*~*~ (stealth).
 23039 | Snake:1  | Noticed a sphinx
 23040 | Snake:1  | Killed Kirke
 23042 | Snake:1  | 23042 ||| Stepping ~*~*~tactically~*~*~ (stealth).
 23119 | Snake:1  | Found Gerhaneu's Distillery.
 23126 | Snake:1  | 23126 ||| BUYING potion of attraction (48 gold).
 23126 | Snake:1  | Bought a potion of attraction for 48 gold pieces
 23126 | Snake:1  | 23126 ||| BUYING potion of curing (48 gold).
 23126 | Snake:1  | Bought a potion of curing for 48 gold pieces
 23126 | Snake:1  | 23126 ||| BUYING potion of haste (160 gold).
 23126 | Snake:1  | Bought a potion of haste for 160 gold pieces
 23126 | Snake:1  | 23126 ||| BUYING potion of lignification (48 gold).
 23126 | Snake:1  | Bought a potion of lignification for 48 gold pieces
 23126 | Snake:1  | 23126 ||| BUYING potion of lignification (48 gold).
 23126 | Snake:1  | Bought a potion of lignification for 48 gold pieces
 23126 | Snake:1  | 23126 ||| BUYING potion of might (64 gold).
 23126 | Snake:1  | Bought a potion of might for 64 gold pieces
 23126 | Snake:1  | 23126 ||| BUYING potion of mutation (128 gold).
 23126 | Snake:1  | Bought a potion of mutation for 128 gold pieces
 23134 | Snake:1  | 23134 ||| Stepping ~*~*~tactically~*~*~ (hiding).
 23135 | Snake:1  | 23135 ||| Stepping ~*~*~tactically~*~*~ (hiding).
 23137 | Snake:1  | 23137 ||| INVOKING Heroism.
 23526 | Snake:1  | 23526 ||| INVOKING Heroism.
 23956 | Snake:2  | 23956 ||| PLANNING BAZAAR
 23994 | Snake:2  | 23994 ||| INVOKING Heroism.
 23999 | Snake:2  | Received a gift from Okawaru
 24054 | Snake:2  | 24054 ||| Stepping ~*~*~tactically~*~*~ (hiding).
 24199 | Snake:2  | 24199 ||| Stepping ~*~*~tactically~*~*~ (hiding).
 24205 | Snake:2  | 24205 ||| Stepping ~*~*~tactically~*~*~ (hiding).
 24206 | Snake:2  | 24206 ||| INVOKING Heroism.
 24207 | Snake:2  | 24207 ||| Stepping ~*~*~tactically~*~*~ (hiding).
 24218 | Snake:2  | Received a gift from Okawaru
 24232 | Snake:2  | 24232 ||| Stepping ~*~*~tactically~*~*~ (hiding).
 24366 | Snake:2  | 24366 ||| Stepping ~*~*~tactically~*~*~ (hiding).
 24630 | Snake:2  | 24630 ||| Stepping ~*~*~tactically~*~*~ (stealth).
 24637 | Snake:2  | 24637 ||| INVOKING Heroism.
 24641 | Snake:2  | Reached skill level 15 in Fighting
 24673 | Snake:2  | 24673 ||| Stepping ~*~*~tactically~*~*~ (hiding).
 24782 | Snake:2  | 24782 ||| Stepping ~*~*~tactically~*~*~ (stealth).
 24905 | Snake:2  | 24905 ||| FLEEEEING.
 24906 | Snake:2  | 24906 ||| FLEEEEING.
 24913 | Snake:2  | 24913 ||| FLEEEEING.
 24914 | Snake:2  | 24914 ||| FLEEEEING.
 24915 | Snake:2  | 24915 ||| FLEEEEING.
 24923 | Snake:2  | 24923 ||| FLEEEEING.
 24924 | Snake:2  | 24924 ||| FLEEEEING.
 24925 | Snake:2  | 24925 ||| FLEEEEING.
 24926 | Snake:2  | 24926 ||| FLEEEEING.
 24927 | Snake:2  | 24927 ||| FLEEEEING.
 24928 | Snake:2  | 24928 ||| FLEEEEING.
 24929 | Snake:2  | 24929 ||| FLEEEEING.
 24930 | Snake:2  | 24930 ||| FLEEEEING.
 24931 | Snake:2  | 24931 ||| FLEEEEING.
 24932 | Snake:2  | 24932 ||| FLEEEEING.
 24933 | Snake:2  | 24933 ||| FLEEEEING.
 24934 | Snake:2  | 24934 ||| FLEEEEING.
 24935 | Snake:2  | 24935 ||| FLEEEEING.
 24936 | Snake:2  | 24936 ||| FLEEEEING.
 24969 | Snake:2  | 24969 ||| INVOKING Heroism.
 24972 | Snake:2  | 24972 ||| Stepping ~*~*~tactically~*~*~ (hiding).
 25019 | Snake:2  | Found a flickering gateway to a bazaar.
 25020 | Snake:2  | 25020 ||| DROPPING ring of see invisible.
 25027 | Bazaar   | Entered a bazaar
 25039 | Bazaar   | Found Voukoito's Weapon Boutique.
 25039 | Bazaar   | Found Calov's Assorted Antiques.
 25045 | Bazaar   | 25045 ||| BUYING potion of attraction (63 gold).
 25045 | Bazaar   | Bought a potion of attraction for 63 gold pieces
 25045 | Bazaar   | 25045 ||| BUYING potion of cancellation (168 gold).
 25045 | Bazaar   | Bought a potion of cancellation for 168 gold pieces
 25045 | Bazaar   | 25045 ||| BUYING square jade amulet (105 gold).
 25045 | Bazaar   | Bought a square jade amulet for 105 gold pieces
 25073 | Bazaar   | Found Korruug's Distillery.
 25086 | Bazaar   | Found Axaujirph's Distillery.
 25098 | Bazaar   | 25098 ||| UPGRADING to amulet of reflection.
 25108 | Bazaar   | 25108 ||| DROPPING amulet of regeneration.
 25115 | Snake:2  | 25115 ||| PLANNING SNAKE:1-3
 25243 | Snake:3  | 25243 ||| STAIRDANCE
 25245 | Snake:2  | 25245 ||| INVOKING Heroism.
 25259 | Snake:3  | 25259 ||| STAIRDANCE
 25285 | Snake:3  | Identified the +8 hand crossbow "Lyasio" {speed, Will+
                  | Int+4 Dex+3} (Okawaru gifted it to you on level 3 of the
                  | Snake Pit)
 25285 | Snake:3  | Received a gift from Okawaru
 25496 | Snake:3  | 25496 ||| INVOKING Heroism.
 25800 | Snake:3  | 25800 ||| INVOKING Heroism.
 25819 | Snake:3  | 25819 ||| DROPPING +1 hand axe of flaming.
 25913 | Snake:3  | 25913 ||| PLANNING SWAMP:4
 26113 | Swamp:4  | Entered Level 4 of the Swamp
 26127 | Swamp:4  | 26127 ||| Stepping ~*~*~tactically~*~*~ (hiding).
 26129 | Swamp:4  | 26129 ||| Stepping ~*~*~tactically~*~*~ (hiding).
 26147 | Swamp:4  | 26147 ||| INVOKING Heroism.
 26184 | Swamp:4  | 26184 ||| SWAPPING to +3 broad axe of flaming.
 26192 | Swamp:4  | 26192 ||| SWAPPING to +9 war axe "Burody" {speed, Will+
                  | Str+6}.
 26211 | Swamp:4  | 26211 ||| Stepping ~*~*~tactically~*~*~ (stealth).
 26216 | Swamp:4  | 26216 ||| Stepping ~*~*~tactically~*~*~ (hiding).
 26226 | Swamp:4  | 26226 ||| INVOKING Heroism.
 26227 | Swamp:4  | 26227 ||| SWAPPING to +3 broad axe of flaming.
 26233 | Swamp:4  | 26233 ||| Stepping ~*~*~tactically~*~*~ (hiding).
 26234 | Swamp:4  | 26234 ||| Stepping ~*~*~tactically~*~*~ (hiding).
 26235 | Swamp:4  | 26235 ||| SWAPPING to +9 war axe "Burody" {speed, Will+
                  | Str+6}.
 26258 | Swamp:4  | 26258 ||| READING scroll of enchant armour.
 26258 | Swamp:4  | 26258 ||| ENCHANTING +1 crystal plate armour.
 26268 | Swamp:4  | 26268 ||| INVOKING Finesse.
 26270 | Swamp:4  | 26270 ||| SWAPPING to +3 broad axe of flaming.
 26272 | Swamp:4  | 26272 ||| INVOKING Heroism.
 26278 | Swamp:4  | 26278 ||| SWAPPING to +9 war axe "Burody" {speed, Will+
                  | Str+6}.
 26295 | Swamp:4  | 26295 ||| Stepping ~*~*~tactically~*~*~ (stealth).
 26296 | Swamp:4  | 26296 ||| SWAPPING to +3 broad axe of flaming.
 26303 | Swamp:4  | Reached XP level 18. HP: 119/119 MP: 21/25
 26303 | Swamp:4  | 26303 ||| SWAPPING to +9 war axe "Burody" {speed, Will+
                  | Str+6}.
 26304 | Swamp:4  | 26304 ||| DROPPING +3 broad axe of flaming.
 26311 | Swamp:4  | 26311 ||| Stepping ~*~*~tactically~*~*~ (stealth).
 26350 | Swamp:4  | Identified the +4 ring mail "Marik" {rElec} (Okawaru gifted
                  | it to you on level 4 of the Swamp)
 26350 | Swamp:4  | Received a gift from Okawaru
 26388 | Swamp:4  | 26388 ||| FLEEEEING.
 26389 | Swamp:4  | 26389 ||| FLEEEEING.
 26395 | Swamp:4  | 26395 ||| INVOKING Heroism.
 26469 | Swamp:4  | Got a decaying rune of Zot
 26817 | Swamp:4  | 26817 ||| PLANNING VAULTS:1-4
 26817 | Swamp:4  | 26817 ||| DROPPING +8 plate armour of ponderousness.
 27103 | Vaults:1 | Entered Level 1 of the Vaults
 27104 | Vaults:1 | 27104 ||| PLANNING DESOLATION
 27147 | Vaults:1 | 27147 ||| INVOKING Heroism.
 27163 | Vaults:1 | Reached skill level 15 in Shields
 27238 | Vaults:1 | 27238 ||| INVOKING Heroism.
 27330 | Vaults:1 | Reached skill level 18 in Armour
 27411 | Vaults:1 | Identified the +3 leather armour of Foolhardiness {rC+
                  | Str-5 Int+2 Stlth+}
 27425 | Vaults:1 | 27425 ||| INVOKING Heroism.
 27434 | Vaults:1 | Identified the +0 tower shield of Grace {rN+ Will+ Int+4
                  | Dex+2} (Okawaru gifted it to you on level 1 of the Vaults)
 27434 | Vaults:1 | Received a gift from Okawaru
 27505 | Vaults:1 | 27505 ||| Stepping ~*~*~tactically~*~*~ (stealth).
 27507 | Vaults:1 | 27507 ||| Stepping ~*~*~tactically~*~*~ (hiding).
 27525 | Vaults:1 | 27525 ||| Stepping ~*~*~tactically~*~*~ (hiding).
 27528 | Vaults:1 | 27528 ||| Stepping ~*~*~tactically~*~*~ (hiding).
 27532 | Vaults:1 | 27532 ||| Stepping ~*~*~tactically~*~*~ (hiding).
 27592 | Vaults:1 | 27592 ||| INVOKING Heroism.
 27619 | Vaults:1 | 27619 ||| Stepping ~*~*~tactically~*~*~ (hiding).
 27642 | Vaults:1 | 27642 ||| Stepping ~*~*~tactically~*~*~ (hiding).
 27663 | Vaults:1 | Reached XP level 19. HP: 120/128 MP: 26/26
 27670 | Vaults:1 | 27670 ||| Stepping ~*~*~tactically~*~*~ (hiding).
 27685 | Vaults:1 | 27685 ||| INVOKING Heroism.
 27761 | Vaults:1 | 27761 ||| Stepping ~*~*~tactically~*~*~ (stealth).
 27890 | Vaults:1 | Found a crumbling gateway.
 27891 | Vaults:1 | 27891 ||| DROPPING +0 tower shield of Grace {rN+ Will+
                  | Int+4 Dex+2}.
 27892 | Vaults:1 | 27892 ||| DROPPING +2 helmet.
 28036 | Vaults:1 | 28036 ||| INVOKING Heroism.
 28058 | Vaults:1 | Found Serorad's Assorted Antiques.
 28067 | Vaults:1 | 28067 ||| BUYING onyx ring (160 gold).
 28067 | Vaults:1 | Bought an onyx ring for 160 gold pieces
 28209 | Vaults:1 | 28209 ||| RIP DESOLATION
 28209 | Vaults:1 | 28209 ||| PLANNING VAULTS:1-4
 28294 | Vaults:1 | 28294 ||| DROPPING +6 ring of strength.
 28446 | Vaults:2 | 28446 ||| Stepping ~*~*~tactically~*~*~ (stealth).
 28459 | Vaults:2 | 28459 ||| Stepping ~*~*~tactically~*~*~ (hiding).
 28467 | Vaults:2 | 28467 ||| INVOKING Heroism.
 28468 | Vaults:2 | 28468 ||| INVOKING Finesse.
 28534 | Vaults:2 | 28534 ||| Stepping ~*~*~tactically~*~*~ (stealth).
 28535 | Vaults:2 | 28535 ||| Stepping ~*~*~tactically~*~*~ (stealth).
 28543 | Vaults:2 | Received a gift from Okawaru
 28571 | Vaults:2 | 28571 ||| Stepping ~*~*~tactically~*~*~ (hiding).
 28578 | Vaults:2 | 28578 ||| INVOKING Heroism.
 28628 | Vaults:2 | 28628 ||| Stepping ~*~*~tactically~*~*~ (hiding).
 28645 | Vaults:2 | 28645 ||| Stepping ~*~*~tactically~*~*~ (hiding).
 28685 | Vaults:2 | 28685 ||| Stepping ~*~*~tactically~*~*~ (stealth).
 28713 | Vaults:2 | 28713 ||| Stepping ~*~*~tactically~*~*~ (hiding).
 28714 | Vaults:2 | 28714 ||| INVOKING Heroism.
 28725 | Vaults:2 | Received a gift from Okawaru
 28726 | Vaults:2 | Reached skill level 6 in Dodging
 28730 | Vaults:2 | 28730 ||| INVOKING Finesse.
 28772 | Vaults:2 | Received a gift from Okawaru
 29078 | Vaults:2 | 29078 ||| Stepping ~*~*~tactically~*~*~ (hiding).
 29122 | Vaults:2 | 29122 ||| INVOKING Heroism.
 29131 | Vaults:2 | Reached skill level 18 in Fighting
 29140 | Vaults:2 | Received a gift from Okawaru
 29145 | Vaults:2 | 29145 ||| Stepping ~*~*~tactically~*~*~ (hiding).
 29147 | Vaults:2 | 29147 ||| Stepping ~*~*~tactically~*~*~ (hiding).
 29160 | Vaults:2 | 29160 ||| Stepping ~*~*~tactically~*~*~ (hiding).
 29162 | Vaults:2 | 29162 ||| Stepping ~*~*~tactically~*~*~ (hiding).
 29180 | Vaults:2 | 29180 ||| Stepping ~*~*~tactically~*~*~ (hiding).
 29183 | Vaults:2 | 29183 ||| Stepping ~*~*~tactically~*~*~ (hiding).
 29194 | Vaults:2 | 29194 ||| INVOKING Heroism.
 29196 | Vaults:2 | Identified the +0 chain mail of Okawaru {-Cast rC++}
                  | (Okawaru gifted it to you on level 2 of the Vaults)
 29196 | Vaults:2 | Received a gift from Okawaru
 29245 | Vaults:2 | 29245 ||| Stepping ~*~*~tactically~*~*~ (stealth).
 29502 | Vaults:2 | 29502 ||| Stepping ~*~*~tactically~*~*~ (stealth).
 29786 | Vaults:2 | 29786 ||| READING scroll labelled VAETUY OXTAXAK.
 29786 | Vaults:2 | Identified a scroll of acquirement
 29786 | Vaults:2 | 29786 ||| ACQUIRING +10 tower shield of Ignorance {rN+
                  | Int-4}
 29786 | Vaults:2 | Acquired the +10 tower shield of Ignorance {rN+ Int-4}
 29786 | Vaults:2 | Found the +10 tower shield of Ignorance {rN+ Int-4}
 29788 | Vaults:2 | 29788 ||| UPGRADING to +10 tower shield of Ignorance {rN+
                  | Int-4}.
 29798 | Vaults:2 | 29798 ||| DROPPING +18 shield of the Gong {rElec rN+ Will+
                  | EV-5}.
 29899 | Vaults:3 | 29899 ||| INVOKING Heroism.
 29929 | Vaults:3 | 29929 ||| Stepping ~*~*~tactically~*~*~ (stealth).
 29988 | Vaults:3 | 29988 ||| INVOKING Heroism.
 30008 | Vaults:3 | Reached XP level 20. HP: 116/136 MP: 27/27
 30056 | Vaults:3 | 30056 ||| INVOKING Heroism.
 30152 | Vaults:3 | 30152 ||| INVOKING Heroism.
 30290 | Vaults:3 | 30290 ||| INVOKING Heroism.
 30291 | Vaults:3 | 30291 ||| Stepping ~*~*~tactically~*~*~ (stealth).
 30398 | Vaults:3 | 30398 ||| INVOKING Heroism.
 30419 | Vaults:3 | 30419 ||| Stepping ~*~*~tactically~*~*~ (hiding).
 30435 | Vaults:3 | Reached skill level 18 in Shields
 30521 | Vaults:3 | Received a gift from Okawaru
 30750 | Vaults:3 | Found a staircase to the Crypt.
 30853 | Vaults:3 | 30853 ||| INVOKING Finesse.
 31001 | Vaults:3 | 31001 ||| Stepping ~*~*~tactically~*~*~ (hiding).
 31052 | Vaults:3 | 31052 ||| Stepping ~*~*~tactically~*~*~ (hiding).
 31360 | Vaults:3 | 31360 ||| DROPPING scarf of harm.
 31524 | Vaults:4 | 31524 ||| STAIRDANCE
 31534 | Vaults:4 | 31534 ||| STAIRDANCE
 31536 | Vaults:3 | 31536 ||| INVOKING Heroism.
 31545 | Vaults:3 | Reached skill level 9 in Throwing
 31556 | Vaults:4 | 31556 ||| STAIRDANCE
 31567 | Vaults:4 | 31567 ||| STAIRDANCE
 31599 | Vaults:4 | 31599 ||| Stepping ~*~*~tactically~*~*~ (stealth).
 31601 | Vaults:4 | 31601 ||| Stepping ~*~*~tactically~*~*~ (stealth).
 31604 | Vaults:4 | 31604 ||| INVOKING Heroism.
 31683 | Vaults:4 | Noticed Xtahua
 31684 | Vaults:4 | 31684 ||| Stepping ~*~*~tactically~*~*~ (stealth).
 31686 | Vaults:4 | 31686 ||| Stepping ~*~*~tactically~*~*~ (hiding).
 31692 | Vaults:4 | 31692 ||| DRINKING 3 potions of resistance.
 31693 | Vaults:4 | 31693 ||| INVOKING Heroism.
 31713 | Vaults:4 | Killed Xtahua
 31713 | Vaults:4 | Identified the +11 war axe "Puirutoa" {spect, rPois Str+7
                  | Dex+4} (Okawaru gifted it to you on level 4 of the Vaults)
 31713 | Vaults:4 | Received a gift from Okawaru
 31926 | Vaults:4 | 31926 ||| INVOKING Heroism.
 32154 | Vaults:4 | Identified the +0 cloak "Qaocosomi" {Drain Regen+ Stlth+}
 32340 | Vaults:4 | Found the +8 longbow "Zephyr" {speed, Dex+3 SInv}
 32719 | Vaults:4 | 32719 ||| Stepping ~*~*~tactically~*~*~ (hiding).
 32720 | Vaults:4 | 32720 ||| Stepping ~*~*~tactically~*~*~ (hiding).
 32722 | Vaults:4 | 32722 ||| Stepping ~*~*~tactically~*~*~ (hiding).
 32723 | Vaults:4 | 32723 ||| Stepping ~*~*~tactically~*~*~ (hiding).
 32725 | Vaults:4 | 32725 ||| Stepping ~*~*~tactically~*~*~ (hiding).
 32775 | Vaults:4 | 32775 ||| PLANNING SNAKE:4
 32775 | Vaults:4 | 32775 ||| DROPPING +1 cloak.
 33186 | Snake:4  | Entered Level 4 of the Snake Pit
 33190 | Snake:4  | 33190 ||| INVOKING Heroism.
 33205 | Snake:4  | 33205 ||| Stepping ~*~*~tactically~*~*~ (hiding).
 33206 | Snake:4  | 33206 ||| Stepping ~*~*~tactically~*~*~ (hiding).
 33252 | Snake:4  | Identified Roxanne's Discursus on Forms
 33252 | Snake:4  | Noticed Roxanne
 33258 | Snake:4  | 33258 ||| Stepping ~*~*~tactically~*~*~ (hiding).
 33272 | Snake:4  | 33272 ||| Stepping ~*~*~tactically~*~*~ (hiding).
 33273 | Snake:4  | 33273 ||| Stepping ~*~*~tactically~*~*~ (hiding).
 33275 | Snake:4  | 33275 ||| INVOKING Heroism.
 33288 | Snake:4  | Killed Roxanne
 33289 | Snake:4  | Reached XP level 21. HP: 136/141 MP: 28/28
 33321 | Snake:4  | 33321 ||| Stepping ~*~*~tactically~*~*~ (hiding).
 33327 | Snake:4  | 33327 ||| INVOKING Heroism.
 33418 | Snake:4  | 33418 ||| Stepping ~*~*~tactically~*~*~ (hiding).
 33423 | Snake:4  | 33423 ||| INVOKING Heroism.
 33445 | Snake:4  | 33445 ||| Stepping ~*~*~tactically~*~*~ (stealth).
 33448 | Snake:4  | 33448 ||| Stepping ~*~*~tactically~*~*~ (stealth).
 33449 | Snake:4  | 33449 ||| Stepping ~*~*~tactically~*~*~ (stealth).
 33461 | Snake:4  | Received a gift from Okawaru
 33462 | Snake:4  | 33462 ||| Stepping ~*~*~tactically~*~*~ (hiding).
 33549 | Snake:4  | 33549 ||| Stepping ~*~*~tactically~*~*~ (hiding).
 33553 | Snake:4  | 33553 ||| INVOKING Heroism.
 33605 | Snake:4  | 33605 ||| Stepping ~*~*~tactically~*~*~ (stealth).
 33620 | Snake:4  | 33620 ||| Stepping ~*~*~tactically~*~*~ (hiding).
 33747 | Snake:4  | 33747 ||| Stepping ~*~*~tactically~*~*~ (hiding).
 33765 | Snake:4  | 33765 ||| INVOKING Heroism.
 33834 | Snake:4  | Received a gift from Okawaru
 33834 | Snake:4  | Found the +14 obsidian axe {vorpal, Mesm Drain Fly SInv}
 33854 | Snake:4  | 33854 ||| INVOKING Heroism.
 33941 | Snake:4  | Noticed Aizul
 33954 | Snake:4  | Killed Aizul
 33966 | Snake:4  | Got a serpentine rune of Zot
 34016 | Snake:4  | 34016 ||| Stepping ~*~*~tactically~*~*~ (hiding).
 34023 | Snake:4  | 34023 ||| INVOKING Heroism.
 34058 | Snake:4  | 34058 ||| Stepping ~*~*~tactically~*~*~ (stealth).
 34061 | Snake:4  | 34061 ||| Stepping ~*~*~tactically~*~*~ (hiding).
 34080 | Snake:4  | 34080 ||| INVOKING Heroism.
 34101 | Snake:4  | 34101 ||| Stepping ~*~*~tactically~*~*~ (hiding).
 34153 | Snake:4  | Noticed Bai Suzhen
 34174 | Snake:4  | Killed Bai Suzhen
 34175 | Snake:4  | 34175 ||| Stepping ~*~*~tactically~*~*~ (cloud).
 34433 | Snake:4  | 34433 ||| PLANNING DEPTHS
 34433 | Snake:4  | 34433 ||| DROPPING +4 ring of protection.
 34727 | Depths:1 | Entered Level 1 of the Depths
 34730 | Depths:1 | 34730 ||| INVOKING Heroism.
 34731 | Depths:1 | 34731 ||| INVOKING Finesse.
 34786 | Depths:1 | 34786 ||| INVOKING Heroism.
 34798 | Depths:1 | Received a gift from Okawaru
 34871 | Depths:1 | 34871 ||| Stepping ~*~*~tactically~*~*~ (hiding).
 34873 | Depths:1 | 34873 ||| Stepping ~*~*~tactically~*~*~ (hiding).
 34891 | Depths:1 | 34891 ||| Stepping ~*~*~tactically~*~*~ (hiding).
 34904 | Depths:1 | 34904 ||| INVOKING Heroism.
 34911 | Depths:1 | 34911 ||| Stepping ~*~*~tactically~*~*~ (hiding).
 34931 | Depths:1 | 34931 ||| Stepping ~*~*~tactically~*~*~ (hiding).
 34981 | Depths:1 | 34981 ||| Stepping ~*~*~tactically~*~*~ (stealth).
 34983 | Depths:1 | 34983 ||| INVOKING Heroism.
 34984 | Depths:1 | 34984 ||| Stepping ~*~*~tactically~*~*~ (stealth).
 34987 | Depths:1 | 34987 ||| INVOKING Finesse.
 35016 | Depths:1 | 35016 ||| Stepping ~*~*~tactically~*~*~ (stealth).
 35020 | Depths:1 | 35020 ||| Stepping ~*~*~tactically~*~*~ (hiding).
 35048 | Depths:1 | 35048 ||| READING scroll of enchant armour.
 35048 | Depths:1 | 35048 ||| ENCHANTING +2 crystal plate armour.
 35061 | Depths:1 | 35061 ||| Stepping ~*~*~tactically~*~*~ (hiding).
 35080 | Depths:1 | Identified the +1 cloak of Gallantry {Rampage Str+2}
                  | (Okawaru gifted it to you on level 1 of the Depths)
 35080 | Depths:1 | Received a gift from Okawaru
 35097 | Depths:1 | 35097 ||| INVOKING Heroism.
 35101 | Depths:1 | 35101 ||| INVOKING Finesse.
 35146 | Depths:1 | Identified the +0 ring mail "Dyeheska" {Will- Regen+ rCorr
                  | Str+6}
 35159 | Depths:1 | 35159 ||| Stepping ~*~*~tactically~*~*~ (stealth).
 35160 | Depths:1 | 35160 ||| Stepping ~*~*~tactically~*~*~ (stealth).
 35161 | Depths:1 | 35161 ||| Stepping ~*~*~tactically~*~*~ (stealth).
 35165 | Depths:1 | 35165 ||| INVOKING Heroism.
 35166 | Depths:1 | 35166 ||| INVOKING Finesse.
 35172 | Depths:1 | 35172 ||| Stepping ~*~*~tactically~*~*~ (stealth).
 35190 | Depths:1 | Reached skill level 21 in Armour
 35273 | Depths:1 | Found a one-way gate to the infinite horrors of the Abyss.
 35301 | Depths:1 | 35301 ||| READING scroll of acquirement.
 35301 | Depths:1 | 35301 ||| ACQUIRING 584 gold pieces
 35301 | Depths:1 | Acquired 584 gold pieces
 35466 | Depths:1 | 35466 ||| Stepping ~*~*~tactically~*~*~ (hiding).
 35476 | Depths:1 | 35476 ||| Stepping ~*~*~tactically~*~*~ (hiding).
 35477 | Depths:1 | 35477 ||| Stepping ~*~*~tactically~*~*~ (hiding).
 35537 | Depths:1 | 35537 ||| INVOKING Heroism.
 35555 | Depths:1 | Found a viscous altar of Jiyva.
 35565 | Depths:1 | Reached XP level 22. HP: 129/149 MP: 29/29
 35574 | Depths:1 | 35574 ||| DRINKING 6 potions of cancellation.
 35588 | Depths:1 | Lost mutation: You are agile. (Dex +4, Str/Int -1) [a
                  | shining eye]
 35592 | Depths:1 | Gained mutation: You occasionally shout uncontrollably at
                  | your foes. [a shining eye]
 35594 | Depths:1 | Gained mutation: You are weak. (Str -2) [a shining eye]
 35831 | Depths:1 | You are sucked into a shaft and drop 1 floor!
 35840 | Depths:2 | Found Dyixyfri's Antique Armour Shop.
 35840 | Depths:2 | Found Ruhaj's Jewellery Boutique.
 35841 | Depths:2 | Found Letah's Weapon Shop.
 35843 | Depths:2 | Found Cugajean's Assorted Antiques.
 35845 | Depths:2 | 35845 ||| INVOKING Heroism.
 35878 | Depths:2 | Received a gift from Okawaru
 35932 | Depths:2 | 35932 ||| BUYING ring "Pipilu Acwe" {rElec Str+6 SInv} (704
                  | gold).
 35932 | Depths:2 | Bought the ring "Pipilu Acwe" {rElec Str+6 SInv} for 704
                  | gold pieces
 35932 | Depths:2 | 35932 ||| BUYING ring of resist corrosion (260 gold).
 35932 | Depths:2 | Bought a ring of resist corrosion for 260 gold pieces
 35935 | Depths:2 | 35935 ||| BUYING scroll of teleportation (126 gold).
 35935 | Depths:2 | Bought a scroll of teleportation for 126 gold pieces
 35938 | Depths:2 | 35938 ||| BUYING runed cloak (232 gold).
 35938 | Depths:2 | Bought a runed cloak for 232 gold pieces
 35959 | Depths:2 | 35959 ||| Stepping ~*~*~tactically~*~*~ (stealth).
 35962 | Depths:2 | 35962 ||| INVOKING Heroism.
 35993 | Depths:2 | 35993 ||| Stepping ~*~*~tactically~*~*~ (stealth).
 35996 | Depths:2 | 35996 ||| Stepping ~*~*~tactically~*~*~ (stealth).
 35999 | Depths:2 | 35999 ||| Stepping ~*~*~tactically~*~*~ (stealth).
 36013 | Depths:2 | 36013 ||| INVOKING Heroism.
 36117 | Depths:2 | 36117 ||| Stepping ~*~*~tactically~*~*~ (hiding).
 36229 | Depths:2 | 36229 ||| Stepping ~*~*~tactically~*~*~ (hiding).
 36230 | Depths:2 | 36230 ||| Stepping ~*~*~tactically~*~*~ (hiding).
 36234 | Depths:2 | Found a one-way gate leading to the halls of Pandemonium.
 36236 | Depths:2 | 36236 ||| Stepping ~*~*~tactically~*~*~ (hiding).
 36262 | Depths:2 | 36262 ||| Stepping ~*~*~tactically~*~*~ (hiding).
 36343 | Depths:2 | 36343 ||| INVOKING Heroism.
 36349 | Depths:2 | Received a gift from Okawaru
 36474 | Depths:2 | 36474 ||| DROPPING +0 cloak "Qaocosomi" {Drain Regen+
                  | Stlth+}.
 36475 | Depths:2 | 36475 ||| UPGRADING to +1 cloak of Gallantry {Rampage
                  | Str+2}.
 36485 | Depths:2 | 36485 ||| DROPPING +0 cloak of poison resistance.
 36486 | Depths:2 | 36486 ||| UPGRADING to ring "Pipilu Acwe" {rElec Str+6
                  | SInv}.
 36628 | Depths:1 | 36628 ||| INVOKING Heroism.
 36633 | Depths:1 | 36633 ||| Stepping ~*~*~tactically~*~*~ (hiding).
 36654 | Depths:1 | 36654 ||| INVOKING Finesse.
 36813 | Depths:1 | Found a gateway to Hell.
 36959 | Depths:2 | 36959 ||| STAIRDANCE
 36961 | Depths:1 | 36961 ||| INVOKING Heroism.
 36962 | Depths:1 | 36962 ||| INVOKING Finesse.
 37004 | Depths:2 | 37004 ||| STAIRDANCE
 37031 | Depths:2 | 37031 ||| Stepping ~*~*~tactically~*~*~ (hiding).
 37032 | Depths:2 | 37032 ||| INVOKING Heroism.
 37033 | Depths:2 | 37033 ||| INVOKING Finesse.
 37041 | Depths:2 | 37041 ||| Stepping ~*~*~tactically~*~*~ (stealth).
 37042 | Depths:2 | 37042 ||| Stepping ~*~*~tactically~*~*~ (stealth).
 37043 | Depths:2 | 37043 ||| Stepping ~*~*~tactically~*~*~ (stealth).
 37111 | Depths:2 | 37111 ||| Stepping ~*~*~tactically~*~*~ (stealth).
 37116 | Depths:2 | 37116 ||| Stepping ~*~*~tactically~*~*~ (stealth).
 37117 | Depths:2 | 37117 ||| Stepping ~*~*~tactically~*~*~ (stealth).
 37122 | Depths:2 | 37122 ||| INVOKING Finesse.
 37211 | Depths:2 | 37211 ||| INVOKING Heroism.
 37212 | Depths:2 | 37212 ||| INVOKING Finesse.
 37221 | Depths:2 | Received a gift from Okawaru
 37307 | Depths:2 | Found a transporter.
 37316 | Depths:2 | Found a glowing golden altar of the Shining One.
 37336 | Depths:2 | Found a transporter.
 37338 | Depths:2 | Found a viscous altar of Jiyva.
 37587 | Depths:3 | 37587 ||| INVOKING Heroism.
 37593 | Depths:3 | 37593 ||| INVOKING Finesse.
 37717 | Depths:3 | 37717 ||| Stepping ~*~*~tactically~*~*~ (hiding).
 37735 | Depths:3 | 37735 ||| Stepping ~*~*~tactically~*~*~ (stealth).
 37770 | Depths:3 | Identified the +5 ring mail "Otri Geph" {Str+4 Int+2 Dex-2}
 37826 | Depths:3 | 37826 ||| Stepping ~*~*~tactically~*~*~ (hiding).
 37951 | Depths:3 | 37951 ||| Stepping ~*~*~tactically~*~*~ (stealth).
 37962 | Depths:3 | 37962 ||| Stepping ~*~*~tactically~*~*~ (hiding).
 38015 | Depths:3 | 38015 ||| Stepping ~*~*~tactically~*~*~ (stealth).
 38029 | Depths:3 | 38029 ||| Stepping ~*~*~tactically~*~*~ (hiding).
 38085 | Depths:3 | 38085 ||| ZAPPING wand of digging (10).
 38086 | Depths:3 | Found a one-way gateway to a ziggurat.
 38087 | Depths:3 | 38087 ||| INVOKING Heroism.
 38092 | Depths:3 | Paralysed by a floating eye for 4 turns
 38171 | Depths:3 | 38171 ||| Stepping ~*~*~tactically~*~*~ (stealth).
 38178 | Depths:3 | Received a gift from Okawaru
 38238 | Depths:3 | 38238 ||| INVOKING Heroism.
 38287 | Depths:3 | Reached skill level 21 in Shields
 38520 | Depths:4 | Entered Level 4 of the Depths
 38526 | Depths:4 | 38526 ||| INVOKING Finesse.
 38530 | Depths:4 | 38530 ||| Stepping ~*~*~tactically~*~*~ (hiding).
 38531 | Depths:4 | 38531 ||| INVOKING Heroism.
 38602 | Depths:4 | Noticed a caustic shrike
 38602 | Depths:4 | Noticed a caustic shrike
 38602 | Depths:4 | Noticed a caustic shrike
 38603 | Depths:4 | 38603 ||| Stepping ~*~*~tactically~*~*~ (stealth).
 38604 | Depths:4 | Noticed a caustic shrike
 38604 | Depths:4 | Noticed a caustic shrike
 38605 | Depths:4 | 38605 ||| INVOKING Heroism.
 38606 | Depths:4 | 38606 ||| INVOKING Finesse.
 38614 | Depths:4 | Killed a caustic shrike
 38626 | Depths:4 | Killed a caustic shrike
 38636 | Depths:4 | Killed a caustic shrike
 38641 | Depths:4 | Killed a caustic shrike
 38648 | Depths:4 | Killed a caustic shrike
 38661 | Depths:4 | Reached XP level 23. HP: 158/158 MP: 25/30
 38676 | Depths:4 | 38676 ||| INVOKING Finesse.
 38766 | Depths:4 | 38766 ||| INVOKING Heroism.
 38767 | Depths:4 | 38767 ||| INVOKING Finesse.
 38848 | Depths:4 | 38848 ||| INVOKING Heroism.
 38856 | Depths:4 | Reached skill level 21 in Fighting
 38859 | Depths:4 | Received a gift from Okawaru
 38898 | Depths:4 | Found Nyitza's Distillery.
 38908 | Depths:4 | 38908 ||| BUYING potion of attraction (39 gold).
 38908 | Depths:4 | Bought a potion of attraction for 39 gold pieces
 38908 | Depths:4 | 38908 ||| BUYING potion of attraction (39 gold).
 38908 | Depths:4 | Bought a potion of attraction for 39 gold pieces
 38908 | Depths:4 | 38908 ||| BUYING potion of cancellation (104 gold).
 38908 | Depths:4 | Bought a potion of cancellation for 104 gold pieces
 38908 | Depths:4 | 38908 ||| BUYING potion of curing (39 gold).
 38908 | Depths:4 | Bought a potion of curing for 39 gold pieces
 38908 | Depths:4 | 38908 ||| BUYING potion of haste (130 gold).
 38908 | Depths:4 | Bought a potion of haste for 130 gold pieces
 38908 | Depths:4 | 38908 ||| BUYING potion of heal wounds (65 gold).
 38908 | Depths:4 | Bought a potion of heal wounds for 65 gold pieces
 38990 | Depths:4 | 38990 ||| INVOKING Heroism.
 39010 | Depths:4 | Received a gift from Okawaru
 39081 | Depths:4 | 39081 ||| Stepping ~*~*~tactically~*~*~ (hiding).
 39102 | Depths:4 | 39102 ||| Stepping ~*~*~tactically~*~*~ (stealth).
 39106 | Depths:4 | 39106 ||| INVOKING Heroism.
 39116 | Depths:4 | 39116 ||| INVOKING Finesse.
 39125 | Depths:4 | Reached skill level 12 in Throwing
 39166 | Depths:4 | Found Zaodin Oxku's Book Shoppe.
 39232 | Depths:4 | Noticed a juggernaut
 39233 | Depths:4 | 39233 ||| INVOKING Heroism.
 39234 | Depths:4 | 39234 ||| INVOKING Finesse.
 39241 | Depths:4 | Killed a juggernaut
 39283 | Depths:4 | 39283 ||| Stepping ~*~*~tactically~*~*~ (hiding).
 39293 | Depths:4 | 39293 ||| INVOKING Heroism.
 39308 | Depths:4 | 39308 ||| INVOKING Finesse.
 39312 | Depths:4 | Identified the ring of the Keeping Gods {+Blink Will+
                  | Slay+3 Stlth-}
 39315 | Depths:4 | 39315 ||| Stepping ~*~*~tactically~*~*~ (hiding).
 39357 | Depths:4 | Noticed an ancient lich
 39361 | Depths:4 | 39361 ||| INVOKING Heroism.
 39361 | Depths:4 | Noticed a juggernaut
 39375 | Depths:4 | 39375 ||| Stepping ~*~*~tactically~*~*~ (hiding).
 39379 | Depths:4 | Killed an ancient lich
 39396 | Depths:4 | Killed a juggernaut
 39401 | Depths:4 | Identified the +5 broad axe of Twilight {chaos, rCorr Dex+3
                  | SInv Stlth-} (Okawaru gifted it to you on level 4 of the
                  | Depths)
 39401 | Depths:4 | Received a gift from Okawaru
 39588 | Depths:4 | Found Bofiejuc's Weapon Shoppe.
 39592 | Depths:4 | 39592 ||| Stepping ~*~*~tactically~*~*~ (hiding).
 39594 | Depths:4 | 39594 ||| Stepping ~*~*~tactically~*~*~ (hiding).
 39597 | Depths:4 | 39597 ||| INVOKING Heroism.
 39661 | Depths:4 | 39661 ||| INVOKING Heroism.
 39662 | Depths:4 | 39662 ||| INVOKING Finesse.
 39818 | Depths:4 | Found a gate to the Realm of Zot.
 39818 | Depths:4 | Noticed a golden dragon
 39818 | Depths:4 | Noticed a golden dragon
 39818 | Depths:4 | Noticed a golden dragon
 39819 | Depths:4 | 39819 ||| INVOKING Heroism.
 39820 | Depths:4 | 39820 ||| INVOKING Finesse.
 39835 | Depths:4 | Killed a golden dragon
 39841 | Depths:4 | Killed a golden dragon
 39848 | Depths:4 | HP: 28/162 [black draconian knight/bolt of lightning (13)]
 39849 | Depths:4 | 39849 ||| READING 18 scrolls of teleportation.
 39850 | Depths:4 | 39850 ||| DRINKING 16 potions of heal wounds.
 39852 | Depths:4 | Killed a golden dragon
 39858 | Depths:4 | 39858 ||| Stepping ~*~*~tactically~*~*~ (cloud).
 39867 | Depths:4 | HP: 37/162 [white draconian/blast of cold (14)]
 39868 | Depths:4 | 39868 ||| READING 17 scrolls of teleportation.
 39869 | Depths:4 | 39869 ||| DRINKING 15 potions of heal wounds.
 40029 | Depths:4 | 40029 ||| INVOKING Heroism.
 40165 | Depths:4 | 40165 ||| Stepping ~*~*~tactically~*~*~ (hiding).
 40166 | Depths:4 | 40166 ||| Stepping ~*~*~tactically~*~*~ (hiding).
 40206 | Depths:4 | 40206 ||| Stepping ~*~*~tactically~*~*~ (hiding).
 40227 | Depths:4 | 40227 ||| Stepping ~*~*~tactically~*~*~ (stealth).
 40231 | Depths:4 | 40231 ||| Stepping ~*~*~tactically~*~*~ (stealth).
 40333 | Depths:4 | Received a gift from Okawaru
 40390 | Depths:4 | 40390 ||| Stepping ~*~*~tactically~*~*~ (stealth).
 40391 | Depths:4 | 40391 ||| Stepping ~*~*~tactically~*~*~ (stealth).
 40392 | Depths:4 | 40392 ||| Stepping ~*~*~tactically~*~*~ (stealth).
 40398 | Depths:4 | 40398 ||| INVOKING Heroism.
 40436 | Depths:4 | 40436 ||| Stepping ~*~*~tactically~*~*~ (cloud).
 40503 | Depths:4 | 40503 ||| INVOKING Heroism.
 40516 | Depths:4 | Reached XP level 24. HP: 169/169 MP: 29/30
 40561 | Depths:4 | 40561 ||| PLANNING VAULTS:5
 40561 | Depths:4 | 40561 ||| UPGRADING to ring of the Keeping Gods {+Blink
                  | Will+ Slay+3 Stlth-}.
 40829 | Vaults:5 | Entered Level 5 of the Vaults
 40830 | Vaults:5 | 40830 ||| INVOKING Heroism.
 40831 | Vaults:5 | 40831 ||| STAIRDANCE
 40849 | Vaults:5 | 40849 ||| STAIRDANCE
 40922 | Vaults:5 | 40922 ||| STAIRDANCE
 40924 | Vaults:4 | 40924 ||| INVOKING Heroism.
 40962 | Vaults:5 | 40962 ||| STAIRDANCE
 40964 | Vaults:4 | 40964 ||| INVOKING Heroism.
 41000 | Vaults:5 | 41000 ||| STAIRDANCE
 41026 | Vaults:5 | 41026 ||| STAIRDANCE
 41028 | Vaults:4 | 41028 ||| INVOKING Heroism.
 41075 | Vaults:5 | 41075 ||| STAIRDANCE
 41089 | Vaults:5 | 41089 ||| INVOKING Heroism.
 41098 | Vaults:5 | 41098 ||| STAIRDANCE
 41151 | Vaults:5 | 41151 ||| STAIRDANCE
 41164 | Vaults:5 | 41164 ||| INVOKING Heroism.
 41181 | Vaults:5 | Received a gift from Okawaru
 41189 | Vaults:5 | 41189 ||| STAIRDANCE
 41195 | Vaults:4 | Reached skill level 24 in Fighting
 41314 | Vaults:5 | 41314 ||| STAIRDANCE
 41327 | Vaults:5 | 41327 ||| STAIRDANCE
 41351 | Vaults:5 | 41351 ||| INVOKING Heroism.
 41358 | Vaults:5 | Identified the +1 pair of boots of the Dwarven Hall
                  | {Rampage rElec} (Okawaru gifted it to you on level 5 of the
                  | Vaults)
 41358 | Vaults:5 | Received a gift from Okawaru
 41367 | Vaults:5 | 41367 ||| INVOKING Finesse.
 41405 | Vaults:5 | Noticed an ancient lich
 41428 | Vaults:5 | Killed an ancient lich
 41445 | Vaults:5 | 41445 ||| INVOKING Heroism.
 41469 | Vaults:5 | 41469 ||| Stepping ~*~*~tactically~*~*~ (stealth).
 41481 | Vaults:5 | 41481 ||| Stepping ~*~*~tactically~*~*~ (hiding).
 41508 | Vaults:5 | 41508 ||| Stepping ~*~*~tactically~*~*~ (hiding).
 41527 | Vaults:5 | 41527 ||| INVOKING Heroism.
 41645 | Vaults:5 | 41645 ||| Stepping ~*~*~tactically~*~*~ (stealth).
 41646 | Vaults:5 | 41646 ||| INVOKING Heroism.
 42013 | Vaults:5 | 42013 ||| Stepping ~*~*~tactically~*~*~ (stealth).
 42123 | Vaults:5 | 42123 ||| Stepping ~*~*~tactically~*~*~ (stealth).
 42233 | Vaults:5 | Noticed an ancient lich
 42234 | Vaults:5 | 42234 ||| INVOKING Heroism.
 42235 | Vaults:5 | 42235 ||| INVOKING Finesse.
 42249 | Vaults:5 | Killed an ancient lich
 42250 | Vaults:5 | Reached XP level 25. HP: 180/180 MP: 24/30
 42324 | Vaults:5 | Found Joblale's Assorted Antiques.
 42331 | Vaults:5 | 42331 ||| BUYING potion of attraction (75 gold).
 42331 | Vaults:5 | Bought a potion of attraction for 75 gold pieces
 42331 | Vaults:5 | 42331 ||| BUYING potion of curing (75 gold).
 42331 | Vaults:5 | Bought a potion of curing for 75 gold pieces
 42334 | Vaults:5 | Got a silver rune of Zot
 42371 | Vaults:5 | 42371 ||| Stepping ~*~*~tactically~*~*~ (stealth).
 42395 | Vaults:5 | Found Gierusau's Antique Armour Boutique.
 42401 | Vaults:5 | 42401 ||| BUYING pair of embroidered gloves (135 gold).
 42401 | Vaults:5 | Bought a pair of embroidered gloves for 135 gold pieces
 42404 | Vaults:5 | Found Goafog's Antique Armour Shoppe.
 42408 | Vaults:5 | Found Xisiyhit's Magic Scroll Boutique.
 42430 | Vaults:5 | 42430 ||| BUYING glowing helmet (240 gold).
 42430 | Vaults:5 | Bought a glowing helmet for 240 gold pieces
 42430 | Vaults:5 | 42430 ||| BUYING pair of embroidered boots (240 gold).
 42430 | Vaults:5 | Bought a pair of embroidered boots for 240 gold pieces
 42430 | Vaults:5 | 42430 ||| BUYING runed scarf (256 gold).
 42430 | Vaults:5 | Bought a runed scarf for 256 gold pieces
 42431 | Vaults:5 | Found Maagg's Magic Scroll Shoppe.
 42434 | Vaults:5 | 42434 ||| BUYING scroll of blinking (112 gold).
 42434 | Vaults:5 | Bought a scroll of blinking for 112 gold pieces
 42434 | Vaults:5 | 42434 ||| BUYING scroll of brand weapon (142 gold).
 42434 | Vaults:5 | Bought a scroll of brand weapon for 142 gold pieces
 42434 | Vaults:5 | 42434 ||| BUYING scroll of enchant armour (112 gold).
 42434 | Vaults:5 | Bought a scroll of enchant armour for 112 gold pieces
 42434 | Vaults:5 | 42434 ||| BUYING scroll of enchant weapon (112 gold).
 42434 | Vaults:5 | Bought a scroll of enchant weapon for 112 gold pieces
 42434 | Vaults:5 | 42434 ||| READING scroll of enchant armour.
 42434 | Vaults:5 | 42434 ||| ENCHANTING +3 crystal plate armour.
 42439 | Vaults:5 | 42439 ||| BUYING 3 scrolls of enchant armour (427 gold).
 42439 | Vaults:5 | Bought 3 scrolls of enchant armour for 427 gold pieces
 42439 | Vaults:5 | 42439 ||| BUYING scroll of enchant armour (142 gold).
 42439 | Vaults:5 | Bought a scroll of enchant armour for 142 gold pieces
 42439 | Vaults:5 | 42439 ||| READING 4 scrolls of enchant armour.
 42439 | Vaults:5 | 42439 ||| ENCHANTING +4 crystal plate armour.
 42440 | Vaults:5 | 42440 ||| READING 3 scrolls of enchant armour.
 42440 | Vaults:5 | 42440 ||| ENCHANTING +5 crystal plate armour.
 42441 | Vaults:5 | 42441 ||| READING 2 scrolls of enchant armour.
 42441 | Vaults:5 | 42441 ||| ENCHANTING +6 crystal plate armour.
 42442 | Vaults:5 | 42442 ||| READING scroll of enchant armour.
 42442 | Vaults:5 | 42442 ||| ENCHANTING +7 crystal plate armour.
 42479 | Vaults:5 | 42479 ||| Stepping ~*~*~tactically~*~*~ (stealth).
 42791 | Vaults:5 | 42791 ||| PLANNING SHOPPING SPREE
 42791 | Vaults:5 | 42791 ||| UPGRADING to +1 pair of boots of the Dwarven Hall
                  | {Rampage rElec}.
 42801 | Vaults:5 | 42801 ||| DROPPING +0 pair of boots.
 42802 | Vaults:5 | 42802 ||| UPGRADING to +1 pair of gloves of hurling.
 42812 | Vaults:5 | 42812 ||| DROPPING +0 pair of gloves.
 42813 | Vaults:5 | 42813 ||| DROPPING +2 helmet.
 42814 | Vaults:5 | 42814 ||| UPGRADING to +2 pair of boots of flying.
 42824 | Vaults:5 | 42824 ||| DROPPING +1 pair of boots of the Dwarven Hall
                  | {Rampage rElec}.
 42825 | Vaults:5 | 42825 ||| DROPPING scarf of harm.
 43106 | Orc:2    | 43106 ||| BUYING embroidered cloak (210 gold).
 43106 | Orc:2    | Bought an embroidered cloak for 210 gold pieces
 43106 | Orc:2    | 43106 ||| DROPPING +1 cloak of poison resistance.
 43107 | Orc:2    | 43107 ||| PLANNING ZOT
 43298 | Zot:1    | Entered Level 1 of the Realm of Zot
 43299 | Zot:1    | 43299 ||| Stepping ~*~*~tactically~*~*~ (hiding).
 43317 | Zot:1    | 43317 ||| Stepping ~*~*~tactically~*~*~ (cloud).
 43320 | Zot:1    | 43320 ||| UPGRADING to scarf of resistance.
 43323 | Zot:1    | 43323 ||| INVOKING Heroism.
 43357 | Zot:1    | 43357 ||| Stepping ~*~*~tactically~*~*~ (cloud).
 43364 | Zot:1    | 43364 ||| Stepping ~*~*~tactically~*~*~ (cloud).
 43379 | Zot:1    | HP: 29/181 [red draconian scorcher/searing blast (20)]
 43380 | Zot:1    | 43380 ||| READING 16 scrolls of teleportation.
 43381 | Zot:1    | 43381 ||| DRINKING 14 potions of heal wounds.
 43393 | Zot:1    | 43393 ||| Stepping ~*~*~tactically~*~*~ (hiding).
 43395 | Zot:1    | 43395 ||| Stepping ~*~*~tactically~*~*~ (hiding).
 43399 | Zot:1    | 43399 ||| INVOKING Heroism.
 43403 | Zot:1    | Received a gift from Okawaru
 43508 | Zot:1    | 43508 ||| UPGRADING to scarf of resistance.
 43611 | Zot:2    | 43611 ||| INVOKING Heroism.
 43663 | Zot:2    | Identified the +1 scale mail of the Rose {rF+ rC+ Stlth+}
 43675 | Zot:2    | Noticed an orb of fire
 43676 | Zot:2    | 43676 ||| INVOKING Heroism.
 43677 | Zot:2    | 43677 ||| DRINKING 2 potions of resistance.
 43678 | Zot:2    | 43678 ||| INVOKING Finesse.
 43678 | Zot:2    | Noticed an orb of fire
 43679 | Zot:2    | Gained mutation: You are very weak. (Str -4) [an orb of
                  | fire]
 43702 | Zot:2    | Killed an orb of fire
 43702 | Zot:2    | Received a gift from Okawaru
 43703 | Zot:2    | Reached skill level 15 in Throwing
 43732 | Zot:2    | Killed an orb of fire
 43785 | Zot:2    | Identified the +3 whip "Momo" {drain, rCorr}
 43814 | Zot:2    | 43814 ||| INVOKING Heroism.
 43964 | Zot:2    | 43964 ||| INVOKING Heroism.
 44103 | Zot:2    | 44103 ||| Stepping ~*~*~tactically~*~*~ (hiding).
 44104 | Zot:2    | 44104 ||| Stepping ~*~*~tactically~*~*~ (hiding).
 44108 | Zot:2    | 44108 ||| INVOKING Heroism.
 44323 | Zot:1    | 44323 ||| INVOKING Heroism.
 44328 | Zot:1    | Identified the +1 helmet of Chimes {Int+4} (Okawaru gifted
                  | it to you on level 1 of the Realm of Zot)
 44328 | Zot:1    | Received a gift from Okawaru
 44335 | Zot:1    | 44335 ||| Stepping ~*~*~tactically~*~*~ (stealth).
 44362 | Zot:1    | 44362 ||| Stepping ~*~*~tactically~*~*~ (hiding).
 44411 | Zot:1    | 44411 ||| INVOKING Heroism.
 44484 | Zot:1    | 44484 ||| Stepping ~*~*~tactically~*~*~ (stealth).
 44641 | Zot:1    | 44641 ||| Stepping ~*~*~tactically~*~*~ (stealth).
 44643 | Zot:1    | 44643 ||| INVOKING Heroism.
 44855 | Zot:1    | Noticed an orb of fire
 44855 | Zot:1    | Gained mutation: You are partially covered in iridescent
                  | scales. (AC +2) [an orb of fire]
 44856 | Zot:1    | 44856 ||| DRINKING potion of resistance.
 44857 | Zot:1    | 44857 ||| INVOKING Heroism.
 44858 | Zot:1    | 44858 ||| INVOKING Finesse.
 44882 | Zot:1    | Gained mutation: You have a pair of small horns on your
                  | head. [an orb of fire]
 44885 | Zot:1    | Killed an orb of fire
 45242 | Zot:1    | 45242 ||| Stepping ~*~*~tactically~*~*~ (hiding).
 45405 | Zot:1    | 45405 ||| DROPPING +1 helmet of Chimes {Int+4}.
 45406 | Zot:1    | 45406 ||| DROPPING scarf of harm.
 45436 | Zot:3    | 45436 ||| INVOKING Heroism.
 45439 | Zot:3    | 45439 ||| STAIRDANCE
 45446 | Zot:3    | 45446 ||| STAIRDANCE
 45534 | Zot:3    | 45534 ||| STAIRDANCE
 45536 | Zot:2    | 45536 ||| INVOKING Heroism.
 45565 | Zot:3    | 45565 ||| STAIRDANCE
 45583 | Zot:3    | Reached XP level 26. HP: 186/192 MP: 31/31
 45631 | Zot:3    | 45631 ||| Stepping ~*~*~tactically~*~*~ (stealth).
 45637 | Zot:3    | 45637 ||| INVOKING Heroism.
 45829 | Zot:3    | Found a transporter.
 45862 | Zot:3    | Found a transporter.
 45954 | Zot:3    | Reached skill level 27 in Fighting
 46085 | Zot:4    | Received a gift from Okawaru
 46115 | Zot:4    | 46115 ||| INVOKING Heroism.
 46158 | Zot:4    | Reached skill level 9 in Dodging
 46181 | Zot:4    | Noticed an orb of fire
 46182 | Zot:4    | 46182 ||| INVOKING Finesse.
 46187 | Zot:4    | Gained mutation: You expend magic power (3 MP) to
                  | strengthen your wands. [an orb of fire]
 46199 | Zot:4    | 46199 ||| INVOKING Heroism.
 46201 | Zot:4    | Gained mutation: Armour fits poorly on your strangely
                  | shaped body. [an orb of fire]
 46203 | Zot:4    | Killed an orb of fire
 46207 | Zot:4    | 46207 ||| DRINKING 6 potions of mutation.
 46207 | Zot:4    | Lost mutation: You expend magic power (3 MP) to strengthen
                  | your wands. [potion of mutation]
 46207 | Zot:4    | Lost mutation: You occasionally shout uncontrollably at
                  | your foes. [potion of mutation]
 46207 | Zot:4    | Lost mutation: Armour fits poorly on your strangely shaped
                  | body. [potion of mutation]
 46207 | Zot:4    | Gained mutation: Your magical capacity is low. (-10% MP)
                  | [potion of mutation]
 46207 | Zot:4    | Gained mutation: You are highly strong-willed. (Will++)
                  | [potion of mutation]
 46207 | Zot:4    | Lost mutation: Your magical capacity is low. (-10% MP)
                  | [potion of mutation]
 46208 | Zot:4    | 46208 ||| SWAPPING to +11 war axe "Puirutoa" {spect, rPois
                  | Str+7 Dex+4}.
 46374 | Zot:4    | 46374 ||| INVOKING Heroism.
 46403 | Zot:4    | 46403 ||| READING scroll of enchant armour.
 46403 | Zot:4    | 46403 ||| ENCHANTING +8 crystal plate armour.
 46419 | Zot:4    | 46419 ||| Stepping ~*~*~tactically~*~*~ (hiding).
 46420 | Zot:4    | 46420 ||| INVOKING Heroism.
 46438 | Zot:4    | 46438 ||| DRINKING 7 potions of cancellation.
 46560 | Zot:4    | 46560 ||| READING scroll of enchant armour.
 46560 | Zot:4    | 46560 ||| ENCHANTING +9 crystal plate armour.
 46669 | Zot:4    | 46669 ||| Stepping ~*~*~tactically~*~*~ (stealth).
 46674 | Zot:4    | 46674 ||| Stepping ~*~*~tactically~*~*~ (stealth).
 46840 | Zot:4    | 46840 ||| Stepping ~*~*~tactically~*~*~ (hiding).
 46915 | Zot:4    | 46915 ||| DROPPING +0 gold dragon scales.
 46927 | Zot:5    | Entered Level 5 of the Realm of Zot
 46928 | Zot:5    | 46928 ||| Stepping ~*~*~tactically~*~*~ (hiding).
 46932 | Zot:5    | 46932 ||| FLEEEEING.
 46933 | Zot:5    | 46933 ||| STAIRDANCE
 46962 | Zot:5    | 46962 ||| INVOKING Heroism.
 46979 | Zot:5    | 46979 ||| STAIRDANCE
 46999 | Zot:4    | 46999 ||| Stepping ~*~*~tactically~*~*~ (hiding).
 47002 | Zot:4    | 47002 ||| Stepping ~*~*~tactically~*~*~ (hiding).
 47003 | Zot:4    | 47003 ||| Stepping ~*~*~tactically~*~*~ (hiding).
 47004 | Zot:4    | 47004 ||| Stepping ~*~*~tactically~*~*~ (hiding).
 47010 | Zot:4    | 47010 ||| Stepping ~*~*~tactically~*~*~ (cloud).
 47087 | Zot:5    | 47087 ||| Stepping ~*~*~tactically~*~*~ (hiding).
 47088 | Zot:5    | 47088 ||| Stepping ~*~*~tactically~*~*~ (hiding).
 47089 | Zot:5    | 47089 ||| INVOKING Heroism.
 47108 | Zot:5    | Identified the +1 chain mail of the Bulwark {Fly} (Okawaru
                  | gifted it to you on level 5 of the Realm of Zot)
 47108 | Zot:5    | Received a gift from Okawaru
 47217 | Zot:5    | 47217 ||| INVOKING Heroism.
 47219 | Zot:5    | 47219 ||| Stepping ~*~*~tactically~*~*~ (hiding).
 47321 | Zot:5    | 47321 ||| Stepping ~*~*~tactically~*~*~ (stealth).
 47338 | Zot:5    | Noticed an ancient lich
 47346 | Zot:5    | Killed an ancient lich
 47348 | Zot:5    | 47348 ||| INVOKING Heroism.
 47455 | Zot:5    | 47455 ||| INVOKING Heroism.
 47461 | Zot:5    | Noticed an orb of fire
 47462 | Zot:5    | 47462 ||| INVOKING Finesse.
 47463 | Zot:5    | Noticed a Killer Klown
 47468 | Zot:5    | Gained mutation: You are clumsy. (Dex -2) [an orb of fire]
 47477 | Zot:5    | Gained mutation: You are frail. (-10% HP) [an orb of fire]
 47480 | Zot:5    | Killed an orb of fire
 47508 | Zot:5    | 47508 ||| DRINKING 5 potions of mutation.
 47508 | Zot:5    | Lost mutation: Your flesh is cold resistant. (rC+) [potion
                  | of mutation]
 47508 | Zot:5    | Lost mutation: You are frail. (-10% HP) [potion of
                  | mutation]
 47508 | Zot:5    | Lost mutation: You are partially covered in iridescent
                  | scales. (AC +2) [potion of mutation]
 47508 | Zot:5    | Gained mutation: You are covered in fur. (AC +1) [potion of
                  | mutation]
 47509 | Zot:5    | Noticed a dread lich
 47510 | Zot:5    | 47510 ||| INVOKING Finesse.
 47512 | Zot:5    | 47512 ||| INVOKING Heroism.
 47519 | Zot:5    | Killed a dread lich
 47527 | Zot:5    | Killed a Killer Klown
 47595 | Zot:5    | Noticed an ancient lich
 47596 | Zot:5    | 47596 ||| INVOKING Heroism.
 47597 | Zot:5    | 47597 ||| INVOKING Finesse.
 47622 | Zot:5    | Killed an ancient lich
 47641 | Zot:5    | Reached skill level 18 in Axes
 47644 | Zot:5    | Received a gift from Okawaru
 48020 | Zot:5    | 48020 ||| Stepping ~*~*~tactically~*~*~ (hiding).
 48022 | Zot:5    | 48022 ||| INVOKING Heroism.
 48027 | Zot:5    | Reached XP level 27. HP: 195/199 MP: 30/31
 48051 | Zot:5    | 48051 ||| Stepping ~*~*~tactically~*~*~ (stealth).
 48052 | Zot:5    | 48052 ||| Stepping ~*~*~tactically~*~*~ (stealth).
 48101 | Zot:5    | 48101 ||| Stepping ~*~*~tactically~*~*~ (stealth).
 48230 | Zot:5    | 48230 ||| INVOKING Heroism.
 48261 | Zot:5    | Reached skill level 12 in Dodging
 48271 | Zot:5    | Received a gift from Okawaru
 48273 | Zot:5    | 48273 ||| Stepping ~*~*~tactically~*~*~ (hiding).
 48275 | Zot:5    | 48275 ||| Stepping ~*~*~tactically~*~*~ (stealth).
 48279 | Zot:5    | 48279 ||| INVOKING Finesse.
 48281 | Zot:5    | Noticed an orb of fire
 48282 | Zot:5    | 48282 ||| DRINKING potion of resistance.
 48287 | Zot:5    | Noticed an ancient lich
 48299 | Zot:5    | Killed an orb of fire
 48311 | Zot:5    | Killed an ancient lich
 48313 | Zot:5    | 48313 ||| INVOKING Heroism.
 48338 | Zot:5    | HP: 38/199 [electric golem/bolt of lightning (14)]
 48339 | Zot:5    | 48339 ||| READING 19 scrolls of teleportation.
 48340 | Zot:5    | 48340 ||| DRINKING 15 potions of heal wounds.
 48348 | Zot:5    | HP: 48/199 [Killer Klown/+11 club of flaming (4)]
 48349 | Zot:5    | 48349 ||| DRINKING 14 potions of heal wounds.
 48359 | Zot:5    | Noticed an ancient lich
 48361 | Zot:5    | 48361 ||| INVOKING Finesse.
 48371 | Zot:5    | Killed an ancient lich
 48375 | Zot:5    | Gained mutation: You have hidden genetic defects.
                  | [mutagenic glow]
 48682 | Zot:5    | 48682 ||| PLANNING CONVERSION TO THE SHINING ONE
 48818 | Depths:2 | Fell from the grace of Okawaru
 48818 | Depths:2 | Became a worshipper of the Shining One
 48819 | Depths:2 | 48819 ||| PLANNING CRYPT
 48819 | Depths:2 | 48819 ||| DROPPING +5 broad axe of Twilight {chaos, rCorr
                  | Dex+3 SInv Stlth-}.
 48851 | Depths:2 | 48851 ||| Stepping ~*~*~tactically~*~*~ (stealth).
 49118 | Crypt:1  | Entered Level 1 of the Crypt
 49133 | Crypt:1  | 49133 ||| Stepping ~*~*~tactically~*~*~ (stealth).
 49134 | Crypt:1  | 49134 ||| Stepping ~*~*~tactically~*~*~ (stealth).
 49135 | Crypt:1  | 49135 ||| Stepping ~*~*~tactically~*~*~ (stealth).
 49147 | Crypt:1  | Reached skill level 12 in Invocations
 49173 | Crypt:1  | 49173 ||| Stepping ~*~*~tactically~*~*~ (hiding).
 49178 | Crypt:1  | Reached * piety under the Shining One
 49181 | Crypt:1  | 49181 ||| Stepping ~*~*~tactically~*~*~ (hiding).
 49188 | Crypt:1  | 49188 ||| Stepping ~*~*~tactically~*~*~ (hiding).
 49211 | Crypt:1  | Reached ** piety under the Shining One
 49251 | Crypt:1  | Found a runed translucent gate.
 49251 | Crypt:1  | Found a runed translucent gate.
 49251 | Crypt:1  | Found a runed translucent gate.
 49252 | Crypt:1  | Noticed yalue's ghost (adept MiFi)
 49256 | Crypt:1  | Identified the ring "Cyuwazei" {rElec rF++ rN+ Int+2
                  | Slay-5}
 49257 | Crypt:1  | Reached *** piety under the Shining One
 49261 | Crypt:1  | 49261 ||| Stepping ~*~*~tactically~*~*~ (stealth).
 49263 | Crypt:1  | 49263 ||| Stepping ~*~*~tactically~*~*~ (stealth).
 49450 | Crypt:1  | 49450 ||| Stepping ~*~*~tactically~*~*~ (stealth).
 49451 | Crypt:1  | 49451 ||| Stepping ~*~*~tactically~*~*~ (stealth).
 49453 | Crypt:1  | 49453 ||| Stepping ~*~*~tactically~*~*~ (stealth).
 49455 | Crypt:1  | 49455 ||| Stepping ~*~*~tactically~*~*~ (stealth).
 49471 | Crypt:1  | 49471 ||| Stepping ~*~*~tactically~*~*~ (hiding).
 49490 | Crypt:1  | Reached **** piety under the Shining One
 49496 | Crypt:1  | 49496 ||| Stepping ~*~*~tactically~*~*~ (stealth).
 49497 | Crypt:1  | 49497 ||| Stepping ~*~*~tactically~*~*~ (stealth).
 49513 | Crypt:1  | 49513 ||| READING scroll of enchant armour.
 49513 | Crypt:1  | 49513 ||| ENCHANTING +10 crystal plate armour.
 49722 | Crypt:1  | 49722 ||| UPGRADING to +4 ring of evasion.
 49724 | Crypt:1  | 49724 ||| DROPPING ring "Pipilu Acwe" {rElec Str+6 SInv}.
 49798 | Crypt:2  | 49798 ||| Stepping ~*~*~tactically~*~*~ (stealth).
 49799 | Crypt:2  | 49799 ||| Stepping ~*~*~tactically~*~*~ (stealth).
 49800 | Crypt:2  | 49800 ||| Stepping ~*~*~tactically~*~*~ (stealth).
 49801 | Crypt:2  | 49801 ||| Stepping ~*~*~tactically~*~*~ (stealth).
 50027 | Crypt:2  | Identified the +0 pair of boots of the Pure Lovers
                  | {*Corrode rN+ Regen+ Str+3}
 50293 | Crypt:2  | Reached ***** piety under the Shining One
 50299 | Crypt:2  | Gained mutation: Your magical capacity is low. (-10% MP)
                  | [hidden defects]
 50695 | Crypt:2  | 50695 ||| Stepping ~*~*~tactically~*~*~ (stealth).
 50697 | Crypt:2  | 50697 ||| Stepping ~*~*~tactically~*~*~ (stealth).
 50699 | Crypt:2  | 50699 ||| Stepping ~*~*~tactically~*~*~ (hiding).
 50889 | Crypt:3  | Entered Level 3 of the Crypt
 50892 | Crypt:3  | 50892 ||| STAIRDANCE
 50898 | Crypt:3  | 50898 ||| STAIRDANCE
 50936 | Crypt:3  | 50936 ||| Stepping ~*~*~tactically~*~*~ (hiding).
 51045 | Crypt:3  | 51045 ||| Stepping ~*~*~tactically~*~*~ (stealth).
 51046 | Crypt:3  | 51046 ||| Stepping ~*~*~tactically~*~*~ (stealth).
 51051 | Crypt:3  | 51051 ||| Stepping ~*~*~tactically~*~*~ (stealth).
 51052 | Crypt:3  | 51052 ||| Stepping ~*~*~tactically~*~*~ (stealth).
 51053 | Crypt:3  | 51053 ||| Stepping ~*~*~tactically~*~*~ (stealth).
 51060 | Crypt:3  | 51060 ||| Stepping ~*~*~tactically~*~*~ (stealth).
 51116 | Crypt:3  | Reached skill level 15 in Invocations
 51118 | Crypt:3  | Found an ancient bone altar of Kikubaaqudgha.
 51118 | Crypt:3  | Reached ****** piety under the Shining One
 51130 | Crypt:3  | 51130 ||| INVOKING Cleansing Flame.
 51156 | Crypt:3  | 51156 ||| INVOKING Brand Weapon With Holy Wrath.
 51156 | Crypt:3  | Identified a +7 broad axe of holy wrath (a +5 broad axe
                  | blessed by the Shining One)
 51156 | Crypt:3  | Received a gift from the Shining One
 51243 | Crypt:3  | 51243 ||| Stepping ~*~*~tactically~*~*~ (stealth).
 51301 | Crypt:3  | 51301 ||| Stepping ~*~*~tactically~*~*~ (hiding).
 51333 | Crypt:3  | 51333 ||| Stepping ~*~*~tactically~*~*~ (hiding).
 51340 | Crypt:3  | Gained mutation: You are frail. (-10% HP) [hidden defects]
 51340 | Crypt:3  | Lost mutation: You have hidden genetic defects. [hidden
                  | defects expressed]
 51344 | Crypt:3  | 51344 ||| DRINKING 4 potions of mutation.
 51344 | Crypt:3  | Lost mutation: You are covered in fur. (AC +1) [potion of
                  | mutation]
 51344 | Crypt:3  | Lost mutation: You are highly strong-willed. (Will++)
                  | [potion of mutation]
 51344 | Crypt:3  | Lost mutation: You are very weak. (Str -4) [potion of
                  | mutation]
 51344 | Crypt:3  | Lost mutation: You are strong-willed. (Will+) [potion of
                  | mutation]
 51344 | Crypt:3  | Lost mutation: You are weak. (Str -2) [potion of mutation]
 51345 | Crypt:3  | 51345 ||| SWAPPING to +9 war axe "Burody" {speed, Will+
                  | Str+6}.
 51346 | Crypt:3  | 51346 ||| DRINKING 3 potions of mutation.
 51346 | Crypt:3  | Lost mutation: You are clumsy. (Dex -2) [potion of
                  | mutation]
 51346 | Crypt:3  | Lost mutation: You have a pair of small horns on your head.
                  | [potion of mutation]
 51346 | Crypt:3  | Lost mutation: You are frail. (-10% HP) [potion of
                  | mutation]
 51346 | Crypt:3  | Gained mutation: You are strong-willed. (Will+) [potion of
                  | mutation]
 51346 | Crypt:3  | Gained mutation: You passively dampen the noise of your
                  | surroundings. [potion of mutation]
 51363 | Crypt:3  | Found the +5 sword of Power {vorpal}
 51427 | Crypt:3  | 51427 ||| Stepping ~*~*~tactically~*~*~ (hiding).
 51428 | Crypt:3  | 51428 ||| Stepping ~*~*~tactically~*~*~ (hiding).
 51429 | Crypt:3  | 51429 ||| Stepping ~*~*~tactically~*~*~ (hiding).
 51444 | Crypt:3  | 51444 ||| INVOKING Cleansing Flame.
 51445 | Crypt:3  | 51445 ||| INVOKING Cleansing Flame.
 51446 | Crypt:3  | 51446 ||| INVOKING Cleansing Flame.
 51450 | Crypt:3  | 51450 ||| FLEEEEING.
 51451 | Crypt:3  | 51451 ||| FLEEEEING.
 51491 | Crypt:3  | Found a staircase to the Tomb.
 51491 | Crypt:3  | Noticed Khufu
 51492 | Crypt:3  | 51492 ||| INVOKING Summon Divine Warrior.
 51493 | Crypt:3  | 51493 ||| INVOKING Cleansing Flame.
 51494 | Crypt:3  | 51494 ||| INVOKING Cleansing Flame.
 51496 | Crypt:3  | 51496 ||| INVOKING Summon Divine Warrior.
 51499 | Crypt:3  | Killed Khufu
 51661 | Crypt:3  | 51661 ||| INVOKING Summon Divine Warrior.
 51670 | Crypt:3  | 51670 ||| INVOKING Cleansing Flame.
 51671 | Crypt:3  | 51671 ||| INVOKING Cleansing Flame.
 51819 | Crypt:3  | Identified the ring of Taxosh {rCorr EV+4}
 51900 | Crypt:3  | 51900 ||| Stepping ~*~*~tactically~*~*~ (stealth).
 51904 | Crypt:3  | 51904 ||| Stepping ~*~*~tactically~*~*~ (stealth).
 51907 | Crypt:3  | 51907 ||| Stepping ~*~*~tactically~*~*~ (stealth).
 51926 | Crypt:3  | 51926 ||| Stepping ~*~*~tactically~*~*~ (stealth).
 51979 | Crypt:3  | 51979 ||| Stepping ~*~*~tactically~*~*~ (stealth).
 51980 | Crypt:3  | 51980 ||| Stepping ~*~*~tactically~*~*~ (stealth).
 52065 | Crypt:3  | 52065 ||| Stepping ~*~*~tactically~*~*~ (stealth).
 52130 | Crypt:3  | 52130 ||| PLANNING TOMB
 52130 | Crypt:3  | 52130 ||| SWAPPING to +7 broad axe of holy wrath.
 52131 | Crypt:3  | 52131 ||| READING 10 scrolls of enchant weapon.
 52131 | Crypt:3  | 52131 ||| ENCHANTING +7 broad axe of holy wrath.
 52132 | Crypt:3  | 52132 ||| READING 9 scrolls of enchant weapon.
 52132 | Crypt:3  | 52132 ||| ENCHANTING +8 broad axe of holy wrath.
 52133 | Crypt:3  | 52133 ||| DROPPING +0 pair of boots of the Pure Lovers
                  | {*Corrode rN+ Regen+ Str+3}.
 52134 | Crypt:3  | 52134 ||| DROPPING ring of resist corrosion.
 52135 | Crypt:3  | 52135 ||| DROPPING +4 ring of slaying {mikee}.
 52136 | Crypt:3  | 52136 ||| UPGRADING to ring of Taxosh {rCorr EV+4}.
 52214 | Tomb:1   | Entered Level 1 of the Tomb of the Ancients
 52529 | Tomb:1   | 52529 ||| INVOKING Cleansing Flame.
 52773 | Tomb:1   | Noticed a royal mummy
 52774 | Tomb:1   | 52774 ||| INVOKING Summon Divine Warrior.
 52775 | Tomb:1   | 52775 ||| INVOKING Cleansing Flame.
 52777 | Tomb:1   | Killed a royal mummy
 52792 | Tomb:1   | 52792 ||| INVOKING Cleansing Flame.
 52793 | Tomb:1   | 52793 ||| INVOKING Cleansing Flame.
 52794 | Tomb:1   | 52794 ||| INVOKING Cleansing Flame.
 52798 | Tomb:1   | 52798 ||| INVOKING Cleansing Flame.
 52799 | Tomb:1   | 52799 ||| INVOKING Cleansing Flame.
 52803 | Tomb:1   | 52803 ||| INVOKING Cleansing Flame.
 52804 | Tomb:1   | 52804 ||| INVOKING Cleansing Flame.
 52879 | Tomb:1   | Noticed a royal mummy
 52882 | Tomb:1   | 52882 ||| INVOKING Cleansing Flame.
 52884 | Tomb:1   | Killed a royal mummy
 52893 | Tomb:1   | 52893 ||| INVOKING Cleansing Flame.
 52894 | Tomb:1   | 52894 ||| INVOKING Cleansing Flame.
 52936 | Tomb:1   | 52936 ||| INVOKING Cleansing Flame.
 52937 | Tomb:1   | 52937 ||| INVOKING Cleansing Flame.
 53025 | Tomb:1   | Noticed a royal mummy
 53025 | Tomb:1   | Noticed a royal mummy
 53026 | Tomb:1   | 53026 ||| INVOKING Cleansing Flame.
 53027 | Tomb:1   | 53027 ||| Stepping ~*~*~tactically~*~*~ (hiding).
 53030 | Tomb:1   | 53030 ||| INVOKING Cleansing Flame.
 53031 | Tomb:1   | 53031 ||| INVOKING Summon Divine Warrior.
 53032 | Tomb:1   | Noticed a royal mummy
 53034 | Tomb:1   | Killed a royal mummy
 53036 | Tomb:1   | 53036 ||| INVOKING Summon Divine Warrior.
 53038 | Tomb:1   | Noticed a royal mummy
 53039 | Tomb:1   | Killed a royal mummy
 53043 | Tomb:1   | Killed a royal mummy
 53044 | Tomb:1   | 53044 ||| INVOKING Cleansing Flame.
 53047 | Tomb:1   | 53047 ||| INVOKING Cleansing Flame.
 53047 | Tomb:1   | Killed a royal mummy
 53048 | Tomb:1   | Reached skill level 18 in Invocations
 53158 | Tomb:1   | Noticed a royal mummy
 53159 | Tomb:1   | 53159 ||| INVOKING Summon Divine Warrior.
 53162 | Tomb:1   | 53162 ||| INVOKING Cleansing Flame.
 53165 | Tomb:1   | Killed a royal mummy
 53235 | Tomb:1   | Noticed a royal mummy
 53236 | Tomb:1   | 53236 ||| INVOKING Summon Divine Warrior.
 53236 | Tomb:1   | Noticed a royal mummy
 53245 | Tomb:1   | 53245 ||| INVOKING Cleansing Flame.
 53249 | Tomb:1   | Killed a royal mummy
 53250 | Tomb:1   | Killed a royal mummy
 53383 | Tomb:1   | Noticed a royal mummy
 53386 | Tomb:1   | 53386 ||| INVOKING Cleansing Flame.
 53387 | Tomb:1   | 53387 ||| INVOKING Cleansing Flame.
 53388 | Tomb:1   | 53388 ||| INVOKING Cleansing Flame.
 53388 | Tomb:1   | Killed a royal mummy
 53391 | Tomb:1   | Noticed a royal mummy
 53393 | Tomb:1   | Noticed a royal mummy
 53395 | Tomb:1   | Noticed a royal mummy
 53399 | Tomb:1   | Killed a royal mummy
 53402 | Tomb:1   | 53402 ||| INVOKING Cleansing Flame.
 53406 | Tomb:1   | Killed a royal mummy
 53407 | Tomb:1   | 53407 ||| INVOKING Cleansing Flame.
 53408 | Tomb:1   | 53408 ||| INVOKING Cleansing Flame.
 53409 | Tomb:1   | 53409 ||| INVOKING Cleansing Flame.
 53410 | Tomb:1   | 53410 ||| INVOKING Cleansing Flame.
 53410 | Tomb:1   | Killed a royal mummy
 53556 | Tomb:1   | Noticed a royal mummy
 53556 | Tomb:1   | Noticed a royal mummy
 53556 | Tomb:1   | Noticed a royal mummy
 53556 | Tomb:1   | Noticed a royal mummy
 53557 | Tomb:1   | 53557 ||| Stepping ~*~*~tactically~*~*~ (hiding).
 53558 | Tomb:1   | 53558 ||| Stepping ~*~*~tactically~*~*~ (hiding).
 53559 | Tomb:1   | 53559 ||| INVOKING Summon Divine Warrior.
 53565 | Tomb:1   | 53565 ||| INVOKING Cleansing Flame.
 53565 | Tomb:1   | Noticed a royal mummy
 53566 | Tomb:1   | 53566 ||| INVOKING Cleansing Flame.
 53566 | Tomb:1   | Noticed a royal mummy
 53567 | Tomb:1   | 53567 ||| INVOKING Cleansing Flame.
 53567 | Tomb:1   | Killed a royal mummy
 53567 | Tomb:1   | Noticed a royal mummy
 53570 | Tomb:1   | Killed a royal mummy
 53574 | Tomb:1   | Killed a royal mummy
 53578 | Tomb:1   | HP: 47/199 [royal mummy/divine providence (15)]
 53579 | Tomb:1   | 53579 ||| READING 20 scrolls of teleportation.
 53580 | Tomb:1   | 53580 ||| DRINKING 16 potions of heal wounds.
 53629 | Tomb:1   | 53629 ||| INVOKING Summon Divine Warrior.
 53630 | Tomb:1   | HP: 41/199 [stone wall collision[the fury of Okawaru] (15)]
 53630 | Tomb:1   | HP: 13/199 [titan/the air[the fury of Okawaru] (28)]
 53631 | Tomb:1   | 53631 ||| READING 19 scrolls of teleportation.
 53632 | Tomb:1   | 53632 ||| DRINKING 15 potions of heal wounds.
 53633 | Tomb:1   | 53633 ||| DRINKING 14 potions of heal wounds.
 53775 | Tomb:1   | 53775 ||| Stepping ~*~*~tactically~*~*~ (stealth).
 53984 | Tomb:1   | 53984 ||| INVOKING Summon Divine Warrior.
 53991 | Tomb:1   | Killed a royal mummy
 53995 | Tomb:1   | Killed a royal mummy
 54032 | Tomb:1   | Gained mutation: Your muscles are strong. (Str +4, Int/Dex
                  | -1) [mutagenic glow]
 54041 | Tomb:1   | Gained mutation: You occasionally shout uncontrollably at
                  | your foes. [mutagenic glow]
 54054 | Tomb:1   | Gained mutation: You occasionally lose the ability to read
                  | scrolls when taking damage. [mutagenic glow]
 54087 | Tomb:1   | 54087 ||| DRINKING 3 potions of mutation.
 54087 | Tomb:1   | Lost mutation: Your magical capacity is low. (-10% MP)
                  | [potion of mutation]
 54087 | Tomb:1   | Lost mutation: You passively dampen the noise of your
                  | surroundings. [potion of mutation]
 54087 | Tomb:1   | Lost mutation: You are strong-willed. (Will+) [potion of
                  | mutation]
 54087 | Tomb:1   | Gained mutation: You are agile. (Dex +4, Str/Int -1)
                  | [potion of mutation]
 54087 | Tomb:1   | Gained mutation: You have sharp toenails. [potion of
                  | mutation]
 54087 | Tomb:1   | Gained mutation: You have sharp fingernails. [potion of
                  | mutation]
 54088 | Tomb:1   | 54088 ||| DRINKING 2 potions of mutation.
 54088 | Tomb:1   | Lost mutation: You occasionally shout uncontrollably at
                  | your foes. [potion of mutation]
 54088 | Tomb:1   | Lost mutation: You are agile. (Dex +4, Str/Int -1) [potion
                  | of mutation]
 54088 | Tomb:1   | Lost mutation: You have sharp toenails. [potion of
                  | mutation]
 54088 | Tomb:1   | Gained mutation: Your flesh is heat resistant. (rF+)
                  | [potion of mutation]
 54088 | Tomb:1   | Gained mutation: Your mind is acute. (Int +4, Str/Dex -1)
                  | [potion of mutation]
 54088 | Tomb:1   | Gained mutation: You are partially covered in iridescent
                  | scales. (AC +2) [potion of mutation]
 54089 | Tomb:1   | 54089 ||| DRINKING potion of mutation.
 54089 | Tomb:1   | Lost mutation: Your mind is acute. (Int +4, Str/Dex -1)
                  | [potion of mutation]
 54089 | Tomb:1   | Lost mutation: Your muscles are strong. (Str +4, Int/Dex
                  | -1) [potion of mutation]
 54089 | Tomb:1   | Gained mutation: You are mostly covered in iridescent
                  | scales. (AC +4) [potion of mutation]
 54089 | Tomb:1   | Gained mutation: You are weak. (Str -2) [potion of
                  | mutation]
 54163 | Tomb:1   | 54163 ||| UPGRADING to +1 cloak of Gallantry {Rampage
                  | Str+2}.
 54238 | Tomb:2   | 54238 ||| DRINKING 11 potions of haste.
 54239 | Tomb:2   | 54239 ||| DRINKING 14 potions of attraction.
 54240 | Tomb:2   | 54240 ||| INVOKING Cleansing Flame.
 54240 | Tomb:2   | Noticed a royal mummy
 54240 | Tomb:2   | Noticed a royal mummy
 54240 | Tomb:2   | Noticed a royal mummy
 54240 | Tomb:2   | Noticed a royal mummy
 54241 | Tomb:2   | 54241 ||| INVOKING Cleansing Flame.
 54242 | Tomb:2   | 54242 ||| INVOKING Cleansing Flame.
 54243 | Tomb:2   | 54243 ||| INVOKING Summon Divine Warrior.
 54246 | Tomb:2   | 54246 ||| INVOKING Cleansing Flame.
 54247 | Tomb:2   | 54247 ||| INVOKING Cleansing Flame.
 54247 | Tomb:2   | Killed a royal mummy
 54247 | Tomb:2   | Killed a royal mummy
 54248 | Tomb:2   | Killed a royal mummy
 54253 | Tomb:2   | Killed a royal mummy
 54268 | Tomb:2   | 54268 ||| INVOKING Cleansing Flame.
 54308 | Tomb:2   | 54308 ||| INVOKING Cleansing Flame.
 54427 | Tomb:2   | Identified the +2 sling of the Messenger {vorpal, rPois rN+
                  | Dex+3 SInv}
 54432 | Tomb:2   | 54432 ||| INVOKING Cleansing Flame.
 54464 | Tomb:2   | 54464 ||| Stepping ~*~*~tactically~*~*~ (hiding).
 54465 | Tomb:2   | 54465 ||| Stepping ~*~*~tactically~*~*~ (hiding).
 54553 | Tomb:2   | 54553 ||| Stepping ~*~*~tactically~*~*~ (stealth).
 54638 | Tomb:2   | Was forgiven by Okawaru
 54895 | Tomb:2   | 54895 ||| DROPPING +1 pair of boots.
 55006 | Tomb:1   | 55006 ||| INVOKING Summon Divine Warrior.
 55009 | Tomb:1   | Killed a royal mummy
 55195 | Tomb:1   | 55195 ||| INVOKING Summon Divine Warrior.
 55200 | Tomb:1   | Killed a royal mummy
 55201 | Tomb:1   | Reached skill level 21 in Invocations
 55694 | Tomb:2   | 55694 ||| INVOKING Cleansing Flame.
 55709 | Tomb:2   | 55709 ||| INVOKING Cleansing Flame.
 55710 | Tomb:2   | 55710 ||| INVOKING Cleansing Flame.
 55715 | Tomb:2   | Gained mutation: You are clumsy. (Dex -2) [mutagenic glow]
 55719 | Tomb:2   | 55719 ||| INVOKING Cleansing Flame.
 55722 | Tomb:2   | 55722 ||| INVOKING Cleansing Flame.
 55733 | Tomb:2   | Gained mutation: You sometimes lose your temper in combat.
                  | [mutagenic glow]
 55741 | Tomb:2   | Gained mutation: Your magical capacity is low. (-10% MP)
                  | [mutagenic glow]
 55824 | Tomb:3   | Entered Level 3 of the Tomb of the Ancients
 55825 | Tomb:3   | 55825 ||| DRINKING 10 potions of haste.
 55826 | Tomb:3   | 55826 ||| DRINKING 13 potions of attraction.
 55833 | Tomb:3   | 55833 ||| INVOKING Cleansing Flame.
 55835 | Tomb:3   | 55835 ||| INVOKING Cleansing Flame.
 55841 | Tomb:3   | Noticed Mennas
 55842 | Tomb:3   | 55842 ||| INVOKING Summon Divine Warrior.
 55845 | Tomb:3   | 55845 ||| DRINKING 41 potions of curing.
 55845 | Tomb:3   | 55845 ||| (to cure confusion)
 55851 | Tomb:3   | Noticed a royal mummy
 55861 | Tomb:3   | Killed a royal mummy
 55861 | Tomb:3   | Noticed a royal mummy
 55866 | Tomb:3   | Noticed a royal mummy
 55873 | Tomb:3   | 55873 ||| INVOKING Summon Divine Warrior.
 55876 | Tomb:3   | 55876 ||| INVOKING Cleansing Flame.
 55876 | Tomb:3   | Noticed a royal mummy
 55876 | Tomb:3   | Noticed a royal mummy
 55878 | Tomb:3   | Noticed a royal mummy
 55880 | Tomb:3   | Noticed a royal mummy
 55883 | Tomb:3   | Noticed a royal mummy
 55885 | Tomb:3   | HP: 41/199 [royal mummy/divine providence (11)]
 55886 | Tomb:3   | 55886 ||| DRINKING 13 potions of heal wounds.
 55887 | Tomb:3   | 55887 ||| INVOKING Cleansing Flame.
 55887 | Tomb:3   | Killed a royal mummy
 55888 | Tomb:3   | 55888 ||| DRINKING 12 potions of heal wounds.
 55893 | Tomb:3   | HP: 46/199 [??? (9)]
 55893 | Tomb:3   | HP: 17/199 [royal mummy/divine providence (12)]
 55894 | Tomb:3   | 55894 ||| DRINKING 11 potions of heal wounds.
 55895 | Tomb:3   | 55895 ||| READING 18 scrolls of teleportation.
 55896 | Tomb:3   | 55896 ||| DRINKING 10 potions of heal wounds.
 55897 | Tomb:3   | 55897 ||| DRINKING 9 potions of heal wounds.
 55898 | Tomb:3   | 55898 ||| DRINKING 8 potions of heal wounds.
 55899 | Tomb:3   | 55899 ||| INVOKING Summon Divine Warrior.
 55905 | Tomb:3   | 55905 ||| INVOKING Cleansing Flame.
 55906 | Tomb:3   | 55906 ||| INVOKING Cleansing Flame.
 55909 | Tomb:3   | HP: 45/199 [royal mummy/divine providence (13)]
 55910 | Tomb:3   | 55910 ||| READING 17 scrolls of teleportation.
 55910 | Tomb:3   | HP: 15/199 [mummy priest/divine providence (10)]
 55911 | Tomb:3   | 55911 ||| DRINKING 7 potions of heal wounds.
 55912 | Tomb:3   | 55912 ||| READING 16 scrolls of teleportation.
 55913 | Tomb:3   | 55913 ||| DRINKING 6 potions of heal wounds.
 55918 | Tomb:3   | 55918 ||| INVOKING Summon Divine Warrior.
 55921 | Tomb:3   | 55921 ||| INVOKING Cleansing Flame.
 55924 | Tomb:3   | 55924 ||| DRINKING 40 potions of curing.
 55924 | Tomb:3   | 55924 ||| (to cure confusion)
 55926 | Tomb:3   | Killed a royal mummy
 55926 | Tomb:3   | HP: 44/199 [??? (8)]
 55927 | Tomb:3   | 55927 ||| READING 15 scrolls of teleportation.
 55928 | Tomb:3   | 55928 ||| DRINKING 5 potions of heal wounds.
 55933 | Tomb:3   | Killed a royal mummy
 55934 | Tomb:3   | 55934 ||| INVOKING Summon Divine Warrior.
 55936 | Tomb:3   | HP: 45/199 [??? (8)]
 55937 | Tomb:3   | 55937 ||| READING 14 scrolls of teleportation.
 55938 | Tomb:3   | 55938 ||| DRINKING 4 potions of heal wounds.
 55941 | Tomb:3   | 55941 ||| READING 13 scrolls of teleportation.
 55941 | Tomb:3   | HP: 24/199 [Mennas/+5 trishula of holy wrath (19)]
 55941 | Tomb:3   | HP: 11/199 [Mennas/+5 trishula of holy wrath (13)]
 55941 | Tomb:3   | HP: 4/199 [Mennas/+5 trishula of holy wrath (7)]
 55942 | Tomb:3   | 55942 ||| DRINKING 3 potions of heal wounds.
 55943 | Tomb:3   | 55943 ||| DRINKING 2 potions of heal wounds.
 55975 | Tomb:3   | 55975 ||| Stepping ~*~*~tactically~*~*~ (stealth).
 55976 | Tomb:3   | 55976 ||| Stepping ~*~*~tactically~*~*~ (stealth).
 55979 | Tomb:3   | 55979 ||| INVOKING Summon Divine Warrior.
 55989 | Tomb:3   | 55989 ||| INVOKING Cleansing Flame.
 56001 | Tomb:3   | 56001 ||| INVOKING Summon Divine Warrior.
 56002 | Tomb:3   | 56002 ||| INVOKING Cleansing Flame.
 56003 | Tomb:3   | 56003 ||| INVOKING Cleansing Flame.
 56006 | Tomb:3   | HP: 45/199 [mummy priest/divine providence (8)]
 56007 | Tomb:3   | 56007 ||| READING 12 scrolls of teleportation.
 56008 | Tomb:3   | 56008 ||| DRINKING potion of heal wounds.
 56013 | Tomb:3   | 56013 ||| INVOKING Summon Divine Warrior.
 56015 | Tomb:3   | HP: 47/199 [mummy priest/divine providence (13)]
 56016 | Tomb:3   | 56016 ||| READING 11 scrolls of teleportation.
 56017 | Tomb:3   | 56017 ||| INVOKING Cleansing Flame.
 56017 | Tomb:3   | HP: 20/199 [royal mummy/divine providence (13)]
 56021 | Tomb:3   | Killed a royal mummy
 56028 | Tomb:3   | 56028 ||| READING 10 scrolls of teleportation.
 56029 | Tomb:3   | HP: 15/199 [royal mummy/divine providence (15)]
 56032 | Tomb:3   | 56032 ||| READING 9 scrolls of teleportation.
 56037 | Tomb:3   | HP: 26/199 [emperor scorpion[a royal mummy] (2)]
 56040 | Tomb:3   | Killed a royal mummy
 56042 | Tomb:3   | HP: 18/199 [Mennas/+5 trishula of holy wrath (12)]
 56043 | Tomb:3   | 56043 ||| READING 8 scrolls of teleportation.
 56047 | Tomb:3   | 56047 ||| READING 7 scrolls of teleportation.
 56049 | Tomb:3   | 56049 ||| INVOKING Cleansing Flame.
 56049 | Tomb:3   | HP: 44/199 [something (22)]
 56051 | Tomb:3   | 56051 ||| READING 6 scrolls of teleportation.
 56052 | Tomb:3   | 56052 ||| INVOKING Cleansing Flame.
 56053 | Tomb:3   | 56053 ||| INVOKING Cleansing Flame.
 56057 | Tomb:3   | 56057 ||| READING 5 scrolls of teleportation.
 56064 | Tomb:3   | 56064 ||| READING 4 scrolls of teleportation.
 56065 | Tomb:3   | HP: 45/199 [Mennas/+5 trishula of holy wrath (7)]
 56069 | Tomb:3   | 56069 ||| READING 3 scrolls of teleportation.
 56114 | Tomb:3   | 56114 ||| INVOKING Summon Divine Warrior.
 56117 | Tomb:3   | 56117 ||| INVOKING Cleansing Flame.
 56118 | Tomb:3   | 56118 ||| INVOKING Cleansing Flame.
 56122 | Tomb:3   | Killed a royal mummy
 56143 | Tomb:3   | 56143 ||| INVOKING Cleansing Flame.
 56163 | Tomb:3   | Killed a royal mummy
 56214 | Tomb:3   | Got a golden rune of Zot
 56403 | Tomb:3   | 56403 ||| INVOKING Summon Divine Warrior.
 56416 | Tomb:3   | Killed Mennas
 56417 | Tomb:3   | Reached skill level 24 in Invocations
 56730 | Tomb:3   | Identified the +5 rapier of Refigou {spect, Will- Int+5}
 56749 | Tomb:3   | Identified the +6 quarterstaff of Varasedd {elec, Int+3}
 56779 | Tomb:3   | Identified the amulet "Uheqousk" {Faith Str+8 Int+3 Stlth-}
 56868 | Tomb:3   | 56868 ||| PLANNING PAN
 56868 | Tomb:3   | 56868 ||| UPGRADING to amulet "Uheqousk" {Faith Str+8 Int+3
                  | Stlth-}.
 56878 | Tomb:3   | 56878 ||| DROPPING amulet of reflection.
 56879 | Tomb:3   | 56879 ||| DROPPING ring of fire.
 57416 | Pan      | Entered Pandemonium
 57420 | Pan      | 57420 ||| INVOKING Summon Divine Warrior.
 57525 | Pan      | 57525 ||| INVOKING Cleansing Flame.
 57543 | Pan      | Gained mutation: Your spells are a little easier to cast,
                  | but a little less powerful. [a neqoxec]
 57931 | Pan      | 57931 ||| INVOKING Cleansing Flame.
 58146 | Pan      | Gained mutation: Potions are less effective at restoring
                  | your health. [a neqoxec]
 58147 | Pan      | Gained mutation: You are dopey. (Int -2) [a neqoxec]
 58153 | Pan      | 58153 ||| INVOKING Cleansing Flame.
 58194 | Pan      | 58194 ||| INVOKING Cleansing Flame.
 58279 | Pan      | 58279 ||| INVOKING Cleansing Flame.
 58308 | Pan      | 58308 ||| INVOKING Cleansing Flame.
 58457 | Pan      | 58457 ||| DROPPING +2 cloak.
 58462 | Pan      | 58462 ||| INVOKING Cleansing Flame.
 58514 | Pan      | 58514 ||| INVOKING Summon Divine Warrior.
 58516 | Pan      | 58516 ||| INVOKING Cleansing Flame.
 58733 | Pan      | Gained mutation: You occasionally lose the ability to drink
                  | potions when taking damage. [a neqoxec]
 59052 | Pan      | Noticed Cotus the pandemonium lord
 59053 | Pan      | 59053 ||| INVOKING Summon Divine Warrior.
 59062 | Pan      | Killed Cotus the pandemonium lord
 59190 | Pan      | Entered the realm of Gloorx Vloq.
 59214 | Pan      | Identified the +4 ring mail "Duqasef" {rF+}
 59291 | Pan      | 59291 ||| Stepping ~*~*~tactically~*~*~ (stealth).
 59393 | Pan      | Noticed Gloorx Vloq
 59394 | Pan      | 59394 ||| INVOKING Cleansing Flame.
 59395 | Pan      | 59395 ||| INVOKING Summon Divine Warrior.
 59399 | Pan      | Killed Gloorx Vloq
 59438 | Pan      | Got a dark rune of Zot
 59776 | Pan      | 59776 ||| Stepping ~*~*~tactically~*~*~ (stealth).
 59778 | Pan      | 59778 ||| Stepping ~*~*~tactically~*~*~ (stealth).
 59779 | Pan      | 59779 ||| Stepping ~*~*~tactically~*~*~ (stealth).
 59888 | Pan      | 59888 ||| Stepping ~*~*~tactically~*~*~ (stealth).
 59893 | Pan      | 59893 ||| Stepping ~*~*~tactically~*~*~ (stealth).
 59947 | Pan      | Reached skill level 1 in Short Blades
 60006 | Pan      | 60006 ||| Stepping ~*~*~tactically~*~*~ (stealth).
 60221 | Pan      | 60221 ||| Stepping ~*~*~tactically~*~*~ (stealth).
 60226 | Pan      | 60226 ||| Stepping ~*~*~tactically~*~*~ (hiding).
 60350 | Pan      | 60350 ||| Stepping ~*~*~tactically~*~*~ (stealth).
 60384 | Pan      | 60384 ||| Stepping ~*~*~tactically~*~*~ (stealth).
 60410 | Pan      | 60410 ||| Stepping ~*~*~tactically~*~*~ (stealth).
 60414 | Pan      | 60414 ||| Stepping ~*~*~tactically~*~*~ (stealth).
 60432 | Pan      | 60432 ||| Stepping ~*~*~tactically~*~*~ (stealth).
 60436 | Pan      | 60436 ||| INVOKING Cleansing Flame.
 60437 | Pan      | 60437 ||| Stepping ~*~*~tactically~*~*~ (hiding).
 60445 | Pan      | 60445 ||| Stepping ~*~*~tactically~*~*~ (stealth).
 60447 | Pan      | 60447 ||| Stepping ~*~*~tactically~*~*~ (stealth).
 60458 | Pan      | Found an exit through the horrors of the Abyss.
 60526 | Pan      | 60526 ||| Stepping ~*~*~tactically~*~*~ (stealth).
 60529 | Pan      | 60529 ||| Stepping ~*~*~tactically~*~*~ (hiding).
 60531 | Pan      | 60531 ||| INVOKING Summon Divine Warrior.
 60532 | Pan      | 60532 ||| INVOKING Cleansing Flame.
 60550 | Pan      | Reached skill level 3 in Short Blades
 60708 | Pan      | 60708 ||| INVOKING Cleansing Flame.
 61021 | Pan      | 61021 ||| Stepping ~*~*~tactically~*~*~ (hiding).
 61022 | Pan      | 61022 ||| Stepping ~*~*~tactically~*~*~ (hiding).
 61194 | Pan      | 61194 ||| Stepping ~*~*~tactically~*~*~ (stealth).
 61227 | Pan      | 61227 ||| Stepping ~*~*~tactically~*~*~ (stealth).
 61228 | Pan      | 61228 ||| Stepping ~*~*~tactically~*~*~ (stealth).
 61229 | Pan      | 61229 ||| Stepping ~*~*~tactically~*~*~ (stealth).
 61256 | Pan      | 61256 ||| Stepping ~*~*~tactically~*~*~ (stealth).
 61258 | Pan      | 61258 ||| Stepping ~*~*~tactically~*~*~ (hiding).
 61263 | Pan      | Noticed Exanlol the pandemonium lord
 61264 | Pan      | 61264 ||| INVOKING Summon Divine Warrior.
 61274 | Pan      | Killed Exanlol the pandemonium lord
 61442 | Pan      | Reached skill level 27 in Invocations
 61707 | Pan      | Noticed Kayc Cef the pandemonium lord
 61708 | Pan      | 61708 ||| INVOKING Cleansing Flame.
 61709 | Pan      | 61709 ||| INVOKING Summon Divine Warrior.
 61710 | Pan      | 61710 ||| INVOKING Cleansing Flame.
 61715 | Abyss:6  | Cast into level 6 of the Abyss (Kayc Cef)
 61767 | Abyss:6  | 61767 ||| INVOKING Cleansing Flame.
 61783 | Abyss:6  | Gained mutation: You are frail. (-10% HP) [a neqoxec]
 61788 | Abyss:6  | 61788 ||| INVOKING Cleansing Flame.
 61804 | Abyss:6  | Reached skill level 24 in Armour
 61819 | Pan      | Escaped the Abyss
 61824 | Pan      | 61824 ||| INVOKING Summon Divine Warrior.
 61830 | Pan      | 61830 ||| INVOKING Cleansing Flame.
 61839 | Pan      | 61839 ||| INVOKING Cleansing Flame.
 61839 | Pan      | Killed Kayc Cef the pandemonium lord
 62066 | Pan      | Found an exit through the horrors of the Abyss.
 62800 | Pan      | 62800 ||| Stepping ~*~*~tactically~*~*~ (hiding).
 62888 | Pan      | 62888 ||| INVOKING Cleansing Flame.
 62891 | Pan      | 62891 ||| Stepping ~*~*~tactically~*~*~ (hiding).
 62892 | Pan      | 62892 ||| INVOKING Summon Divine Warrior.
 62893 | Pan      | Noticed Atir Kuf the pandemonium lord
 62903 | Pan      | 62903 ||| INVOKING Cleansing Flame.
 62908 | Pan      | Killed Atir Kuf the pandemonium lord
 62946 | Pan      | Got a demonic rune of Zot
 62955 | Pan      | Noticed Utwacles the pandemonium lord
 62956 | Pan      | 62956 ||| INVOKING Summon Divine Warrior.
 62958 | Pan      | 62958 ||| INVOKING Cleansing Flame.
 62959 | Pan      | 62959 ||| INVOKING Cleansing Flame.
 62960 | Pan      | 62960 ||| INVOKING Cleansing Flame.
 62960 | Pan      | Killed Utwacles the pandemonium lord
 62981 | Pan      | Paralysed by you for 2 turns
 63084 | Pan      | Entered the realm of Lom Lobon.
 63304 | Pan      | 63304 ||| INVOKING Summon Divine Warrior.
 63306 | Pan      | 63306 ||| INVOKING Cleansing Flame.
 63307 | Pan      | 63307 ||| INVOKING Cleansing Flame.
 63308 | Pan      | 63308 ||| INVOKING Cleansing Flame.
 63331 | Pan      | 63331 ||| Stepping ~*~*~tactically~*~*~ (cloud).
 63333 | Pan      | 63333 ||| Stepping ~*~*~tactically~*~*~ (cloud).
 63442 | Pan      | Noticed Lom Lobon
 63443 | Pan      | 63443 ||| DRINKING 9 potions of haste.
 63444 | Pan      | 63444 ||| DRINKING 11 potions of might.
 63446 | Pan      | 63446 ||| INVOKING Cleansing Flame.
 63447 | Pan      | 63447 ||| INVOKING Cleansing Flame.
 63448 | Pan      | 63448 ||| INVOKING Cleansing Flame.
 63449 | Pan      | 63449 ||| INVOKING Summon Divine Warrior.
 63457 | Pan      | 63457 ||| INVOKING Summon Divine Warrior.
 63457 | Pan      | HP: 35/179 [Lom Lobon/vortex (13)]
 63458 | Pan      | 63458 ||| READING 5 scrolls of teleportation.
 63459 | Pan      | 63459 ||| DRINKING 5 potions of heal wounds.
 63459 | Pan      | HP: 17/179 [Lom Lobon/vortex (13)]
 63460 | Pan      | 63460 ||| DRINKING 4 potions of heal wounds.
 63461 | Pan      | 63461 ||| DRINKING 3 potions of heal wounds.
 63462 | Pan      | 63462 ||| DRINKING 2 potions of heal wounds.
 63462 | Pan      | Killed from afar by Lom Lobon

Levels and vault maps discovered:
D:1:      evilmike_arrival_hilbert_curve, layout_loops_corners,
          shapermc_ecumenical_altar_gd
D:2:      layout_basic, skrybe_limestone_x, minmay_bisected
D:3:      layout_basic, portal_sewer_entry_d
D:4:      layout_basic
D:5:      layout_cave_pools
D:6:      layout_basic, minmay_temple_entry_butterflies, eino_tiny_chamber
D:7:      layout_loops_ring, ebering_ghost_xom, uniq_joseph, uniq_prince_ribbit1
D:8:      layout_basic, enter_bailey_7, ebering_ghost_disaster_area, uniq_maggie
D:9:      layout_stronghold, nicolae_overflow_hallway_of_the_gods,
          hellmonk_guarded_unrand_gong
D:10:     cheibrodos_wizards_tower, layout_layer_cave, dpeg_lair_monsters,
          serial_shops, shop, minmay_lizard_king, uniq_grum
D:11:     layout_roguey
D:12:     layout_roguey, david_orc_5, gammafunk_ghost_necromancy
D:13:     layout_big_octagon, portal_ice_cave_rime, ebering_ghost_inner_flame
D:14:     layout_rooms, grunt_vaults_entry_fortified,
          chequers_serial_rivers_room_b, hangedman_feature_mirror
D:15:     hangedman_depths_entry_civil_slaughter, layout_long_grid,
          nicolae_qazlal_general_emergency
Temple:   jpeg_temple_clearing
Lair:1:   layout_long_grid, dreamdust_deal_with_the_devil,
          infiniplex_staircase_pool_2, serial_bayou_shore_b, lemuel_fruit_tree,
          serial_bayou_shore_a
Lair:2:   layout_loops_ring, enter_volcano_3, serial_bayou_shore_b,
          grunt_megastairs_2, serial_bayou_shore_b
Lair:3:   layout_cave_pods, palyth_hydra_swamp_entry, dummy_snake_entry,
          uniq_gastronok
Lair:4:   layout_gridlike, basic_altar, grunt_megastairs_5
Lair:5:   cheibrodos_lair_end_hotspot, layout_cave_pods,
          minmay_slime_entry_oklob_enclosed
Swamp:1:  nicolae_swamp_flooded_prison, layout_basic_swamp,
          evilmike_swamp_ruin_rubble_1, swamp_pool1, nicolae_swamp_treefoil,
          nicolae_swamp_soggy_hallways
Swamp:2:  layout_basic_swamp, evilmike_swamp_ruin_house_1, swamp_pool1,
          nicolae_swamp_dense_foliage
Swamp:3:  layout_basic_swamp, nicolae_swamp_bean_lake, uniq_louise
Swamp:4:  swamp_alternative, layout_basic_swamp
Snake:1:  layout_chambers, nicolae_triple_integral, minmay_shop_star,
          grunt_megastairs_3, serial_bayou_shore_b, uniq_kirke
Snake:2:  layout_basic, serial_shops, bzr_entry_customers, nicolae_integral_box
Snake:3:  layout_cave_town
Snake:4:  grunt_snake_rune_serpentine_throne, layout_misc_corridors,
          grunt_megastairs_4, uniq_roxanne, uniq_aizul, uniq_bai_suzhen
Orc:1:    layout_caves, serial_shops, shop, gammafunk_ghost_cemetery,
          uniq_nergalle
Orc:2:    kennysheep_orc_mage_school, layout_caves
Vaults:1: portal_desolation_entry_twin_temple, nicolae_vaults_triangles,
          hangedman_vaults_unwind, vaults_standard_mumra_x,
          ontoclasm_vaults_idyll, dpeg_vaults_monster_box,
          vaults_room_guarded_vault, v_misc_27, v_misc_10,
          ontoclasm_vaults_twist, nicolae_vaults_bisected_slash,
          layout_vaults_maze, serial_shops, nicolae_lakefront_shop
Vaults:2: nicolae_vaults_mini_display_case, nicolae_vaults_network_quincunx
          [nicolae_vaults_network_quincunx_subvault,
          nicolae_vaults_network_quincunx_subvault,
          nicolae_vaults_network_quincunx_subvault,
          nicolae_vaults_network_quincunx_subvault,
          nicolae_vaults_network_quincunx_subvault], v_misc_28, v_misc_10,
          nicolae_vaults_little_squares_3, nicolae_vaults_know_your_exits,
          v_misc_29, grunt_vaults_hallway_long, nicolae_vaults_circle_grid_a,
          vaults_room_corners, layout_vaults_omnicross
Vaults:3: v_pattern_3, v_misc_10, v_misc_10, minmay_crypt_entry_simple_round,
          nicolae_vaults_little_ls, layout_vaults_omnigrid
Vaults:4: v_misc_31, ontoclasm_vaults_tryst, vaults_dpeg_ring,
          nicolae_vaults_yaktaur_gun_rack, v_pattern_1,
          ontoclasm_vaults_gateway, vaults_room_pools,
          nicolae_vaults_little_squares_3, layout_vaults_chaotic_city,
          uniq_xtahua, uniq_margery
Vaults:5: serial_shops
Crypt:1:  layout_basic, gammafunk_ghost_split
Crypt:2:  layout_basic, feat_on_display, grunt_megastairs_1
Crypt:3:  grunt_crypt_end_deaths_head
Tomb:1
Tomb:2
Tomb:3:   uniq_mennas
Depths:1: nicolae_legendary_halls, layout_small_grid, fountainhead,
          grunt_hell_entry_dis_mu, abyss_entry, serial_rivers,
          chequers_serial_rivers_small_b, chequers_serial_rivers_room_b,
          chequers_serial_rivers_micro_e, chequers_serial_rivers_small_b,
          chequers_serial_rivers_small_b, special_room [special_room_jelly],
          kennysheep_generic_room_2
Depths:2: gammafunk_jiyva_shrine, layout_basic, pf_vacation_house_of_asmodeus,
          rand_demon_pan_entry_8, lemuel_round_altar, infiniplex_staircase_star,
          minmay_shoptagon
Depths:3: nicolae_cairo_tiling, layout_cave_pools, enter_ziggurat_c, hell_entry,
          abyss_entry_small_statue_room
Depths:4: lemuel_castle_with_subvaults [lemuel_castle_interior_original],
          layout_small_grid, hell_entry, abyss_entry, serial_shops,
          nicolae_lakefront_shop, nicolae_shop_bloodbath_and_beyond, shop,
          grunt_pan_entry_sceptre, minmay_the_grid_square_5x5_3x3_mashed
          [minmay_the_grid_square_5x5_lines, minmay_the_grid_square_5x5_bite,
          minmay_the_grid_square_5x5_n_small,
          minmay_the_grid_square_5x5_hourglass,
          minmay_the_grid_square_5x5_megaprize_checkered,
          minmay_the_grid_square_5x5_z, minmay_the_grid_square_5x5_pentomino_r,
          minmay_the_grid_square_5x5_two_small,
          minmay_the_grid_square_5x5_fancy_junction]
Zot:1:    lemuel_halls_of_wrath, layout_misc_corridors, st_stairs_14,
          grunt_ministairs_4, guppyfry_library_mini
Zot:2:    dreamdust_black_sun_cult, layout_basic
Zot:3:    gammafunk_dig_for_victory, layout_onion_interference, uniq_grunn
Zot:4:    layout_onion_interference
Zot:5:    layout_misc_corridors, st_stairs_11
Pan:      grunt_pan_sceptre, layout_pan_divisions_a [pan_division_quadrant_a6,
          pan_division_quadrant_a3, pan_division_quadrant_a3,
          pan_division_quadrant_a4, pan_division_octagon_divided],
          pan_blood_fountain, evilmike_mini_pan_T, layout_rooms,
          nicolae_pan_gloorx_vloqian_2, gloorx_vloq_grunt_torture_chamber,
          layout_irregular_city, pan_captured_pigsty,
          evilmike_mini_pan_corridor, layout_onion_city,
          evilmike_mini_pan_possible_glass, layout_gridville,
          pan_blood_fountain_small, nicolae_pan_double_arrow, layout_basic,
          evilmike_mini_pan_thingy, layout_cellular_growth,
          nicolae_pan_lom_lobonic_2, rand_demon_6, layout_pan_divisions_a
          [pan_division_quadrant_a5, pan_division_quadrant_a5,
          pan_division_quadrant_a2, pan_division_quadrant_a1,
          pan_division_octagon_empty], lom_lobon_grunt, layout_rooms,
          pan_blood_fountain

Skill      XL: |  1  2  3  4  5  6  7  8  9 10 11 12 13 14 15 16 17 18 19 20 21 22 23 24 25 26 27 |
---------------+----------------------------------------------------------------------------------+-----
Axes           | 2 3 4 5 6 7 8 9 10 11 12 14 15 16 18 | 18.9
Dodging        | 1 2 3 4 5 6 7 8 11 12 | 12.0
Fighting       | 4 5 6 7 8 9 10 11 12 13 15 17 18 19 20 22 24 26 27 | 27.0
Armour         | 4 6 7 8 9 10 12 13 14 15 17 18 19 21 22 26 | 26.4
Invocations    | 4 8 10 11 27 | 27.0
Throwing       | 1 2 3 4 5 6 7 8 10 11 13 14 15 | 15.5
Shields        | 4 7 9 10 12 13 14 15 16 19 20 21 22 | 22.0
Short Blades   | 4 |  4.8

Action                   |  1- 3 |  4- 6 |  7- 9 | 10-12 | 13-15 | 16-18 | 19-21 | 22-24 | 25-27 || total
-------------------------+-------+-------+-------+-------+-------+-------+-------+-------+-------++-------
Melee: War axe           |    87 |    96 |   181 |   302 |   747 |  1109 |  1353 |  1457 |  1390 ||  6722
       Hand axe          |       |       |       |    25 |    43 |    38 |       |       |       ||   106
       Broad axe         |       |       |       |       |       |    20 |       |       |  1159 ||  1179
       Headbutt          |       |       |       |       |       |       |       |       |   282 ||   282
Throw: Boomerang         |       |       |    15 |    62 |    84 |    48 |    53 |    42 |    77 ||   381
       Javelin           |       |       |       |    30 |    72 |    39 |    40 |    36 |   250 ||   467
Invok: Heroism           |       |       |     3 |    16 |    37 |    35 |    33 |    37 |    28 ||   189
       Finesse           |       |       |       |     5 |    10 |     8 |     7 |    17 |     8 ||    55
       Cleansing Flame   |       |       |       |       |       |       |       |       |    98 ||    98
       Summon Divine War |       |       |       |       |       |       |       |       |    37 ||    37
       Brand Weapon With |       |       |       |       |       |       |       |       |     1 ||     1
Evoke: Wand              |       |       |       |       |       |       |       |     1 |       ||     1
  Use: Scroll            |    11 |     1 |     6 |     1 |     5 |     3 |     3 |     2 |    31 ||    63
       Potion            |       |     2 |     1 |     4 |     1 |       |     1 |     3 |    42 ||    54
 Stab: Confused          |       |       |       |       |       |     2 |       |       |       ||     2
       Distracted        |       |       |       |       |       |     1 |       |     1 |    10 ||    12
Armor: Scale mail        |    39 |    29 |     8 |       |       |       |       |       |       ||    76
       Plate armour      |       |       |     5 |       |       |       |       |       |       ||     5
       Crystal plate arm |       |       |    35 |    52 |   143 |   315 |   198 |   364 |  1044 ||  2151
Dodge: Dodged            |    39 |    45 |    66 |    35 |    37 |    82 |   125 |   159 |   568 ||  1156
Block: Buckler           |    16 |    18 |    14 |     9 |       |       |       |       |       ||    57
       Kite shield       |       |       |       |   211 |   590 |  1040 |   262 |       |       ||  2103
       Reflection        |       |       |       |       |       |    44 |   144 |    24 |    65 ||   277
       Tower shield      |       |       |       |       |       |       |   861 |  1181 |  2886 ||  4928

Table legend:
 A = Non-vault XP
 B = Vault XP
 C = Vault XP percentage of total XP
 D = Non-vault monster count
 E = Vault monster count
 F = Vault count percentage of total count
                 A         B        C        D         E       F
            +---------+---------+-------+---------+---------+-------
      Total |  924549 | 1043117 |  53.0 |    1563 |    1184 |  43.1
            +---------+---------+-------+---------+---------+-------
        D:1 |      26 |       0 |   0.0 |      16 |       0 |   0.0
        D:2 |      96 |       3 |   3.0 |      21 |       2 |   8.7
        D:3 |     180 |      13 |   6.7 |      19 |       1 |   5.0
        D:4 |     720 |       0 |   0.0 |      30 |       0 |   0.0
        D:5 |     556 |       0 |   0.0 |      13 |       0 |   0.0
        D:6 |     591 |       0 |   0.0 |      12 |       0 |   0.0
        D:7 |     904 |     722 |  44.4 |      18 |       2 |  10.0
        D:8 |    1012 |     408 |  28.7 |      19 |       5 |  20.8
        D:9 |    1591 |    1455 |  47.8 |      21 |       6 |  22.2
       D:10 |    3162 |    7868 |  71.3 |      23 |      20 |  46.5
       D:11 |    4721 |       0 |   0.0 |      11 |       0 |   0.0
       D:12 |    5466 |     548 |   9.1 |      18 |      22 |  55.0
       D:13 |    5727 |     739 |  11.4 |      11 |       2 |  15.4
       D:14 |   12529 |    8721 |  41.0 |      23 |      14 |  37.8
       D:15 |    8940 |    4008 |  31.0 |      21 |       6 |  22.2
     Lair:1 |    3013 |       0 |   0.0 |       9 |       0 |   0.0
     Lair:2 |    5095 |     657 |  11.4 |      13 |       4 |  23.5
     Lair:3 |    8112 |    5309 |  39.6 |      26 |      10 |  27.8
     Lair:4 |    8729 |       0 |   0.0 |      18 |       0 |   0.0
     Lair:5 |    5123 |    9171 |  64.2 |      18 |      28 |  60.9
    Swamp:1 |    9954 |   20428 |  67.2 |      20 |      30 |  60.0
    Swamp:2 |   13823 |       0 |   0.0 |      32 |       0 |   0.0
    Swamp:3 |   14326 |    1270 |   8.1 |      24 |       1 |   4.0
    Swamp:4 |    6399 |   18579 |  74.4 |       9 |      26 |  74.3
    Snake:1 |    4782 |    2434 |  33.7 |      11 |       4 |  26.7
    Snake:2 |   22812 |       4 |   0.0 |      48 |       2 |   4.0
    Snake:3 |   11255 |       0 |   0.0 |      19 |       0 |   0.0
    Snake:4 |   34775 |   36518 |  51.2 |      71 |      45 |  38.8
      Orc:1 |    1391 |     765 |  35.5 |      12 |       1 |   7.7
      Orc:2 |    1241 |    7031 |  85.0 |      23 |      34 |  59.6
   Vaults:1 |   39202 |   38434 |  49.5 |      50 |      47 |  48.5
   Vaults:2 |   33602 |   26466 |  44.1 |      44 |      38 |  46.3
   Vaults:3 |   32799 |   26823 |  45.0 |      53 |      33 |  38.4
   Vaults:4 |   36009 |   41712 |  53.7 |      54 |      45 |  45.5
   Vaults:5 |   11490 |   76138 |  86.9 |      18 |      61 |  77.2
    Crypt:1 |   30516 |       0 |   0.0 |      48 |       0 |   0.0
    Crypt:2 |   14909 |    5597 |  27.3 |      22 |       9 |  29.0
    Crypt:3 |       0 |   62468 | 100.0 |       0 |     118 | 100.0
     Tomb:1 |   11825 |   91455 |  88.6 |      31 |      50 |  61.7
     Tomb:2 |    5964 |   42158 |  87.6 |      22 |      62 |  73.8
     Tomb:3 |    8181 |   91299 |  91.8 |      27 |      90 |  76.9
   Depths:1 |   21677 |   51921 |  70.5 |      28 |      53 |  65.4
   Depths:2 |   30620 |    2288 |   7.0 |      40 |       5 |  11.1
   Depths:3 |   26848 |    2030 |   7.0 |      30 |       4 |  11.8
   Depths:4 |   53545 |   98115 |  64.7 |      50 |      83 |  62.4
      Zot:1 |   30509 |   56257 |  64.8 |      26 |      59 |  69.4
      Zot:2 |   28623 |   13716 |  32.4 |      16 |       9 |  36.0
      Zot:3 |   20782 |       0 |   0.0 |      17 |       0 |   0.0
      Zot:4 |   44898 |       0 |   0.0 |      35 |       0 |   0.0
      Zot:5 |   52180 |   92739 |  64.0 |      41 |      41 |  50.0
    Abyss:6 |   40077 |       0 |   0.0 |      61 |       0 |   0.0
        Pan |  153242 |   96850 |  38.7 |     221 |     112 |  33.6
            +---------+---------+-------+---------+---------+-------
